Workbook

Sheet Estudio_Mercado_rev
A3: ALCALDÍA LOCAL DE SUBA - ESTUDIO DE MERCADO 2026 | N3: Estudio de Mercado
C4: FECHA DE ENTREGA DEL ESTUDIO DE MERCADO | D4: 46203 | E4: MODALIDAD CONTRATACIÓN | H4: Selección Abreviada Subasta Inversa | Z4: TOTAL ITEMS | AB4: =IF(B11="","",AA72) -> #VALUE!
C5: ESTRUCTURADOR | H5: REVISÓ | K5: APROBÓ | Z5: TOTAL RECURSO HUMANO | AB5: 0 | AD5: PRESUPUESTO OFICIAL
C6: OBJETO DEL PROCESO DE CONTRATACIÓN | D6: ADQUIRIR MOBILIARIO, EQUIPO TECNOLÓGICO Y MATERIAL PEDAGÓGICO PARA EL FORTALECIMIENTO DE LA CAPACIDAD INSTALADA Y LA DOTACIÓN INTEGRAL DE LA MANZANA DEL CUIDADO LA GAITANA, EN LA LOCALIDAD DE SUBA. | Z6: TOTAL ESTUDIO DE MERCADO | AB6: =IF(B11="","",(AB4+AB5)) -> #VALUE! | DA6: 1 | DB6: 2 | DC6: 10 | DD6: 14 | DE6: 23 | DF6: 29 | DG6: 36 | DH6: 40 | DJ6: 48
H7: OJO, PARA TODAS LAS COTIZACIONES QUE CRUZAN INFORMACIÓN DE LA BOLSA SE DEBEN VERIFICAR LOS IMPUESTOS Y EL VALOR UNITARIO CON IVA!!!!!!! QUE CORRESPONDA A LA BOLSA COMPARTIDA | DA7: Elemento | DB7: Descripción del elemento y / o actividad | DC7: Empresa Cotizante cotización 1 | DD7: Valor Unitario sin IVA | DE7: Empresa Cotizante cotización 2 | DF7: Valor unitario con IVA | DG7: Empresa Cotizante cotización 3 | DH7: Valor unitario sin IVA | DJ7: Coeficiente de variación
H9: Cotización 1 | N9: Cotización 2 | T9: Cotización 3 | Z9: Promedio Simple | DA9: CRUCE DE DATOS | DJ9: VALIDACIÓN
A10: Item | B10: Componente del anexo técnico | C10: Elemento | D10: Descripción del elemento y / o actividad | E10: Unidad de medida | F10: Cantidad establecida según anexo técnico | G10: Compra Alquiler Prestación Servicio | H10: Empresa Cotizante cotización 1 | I10: Valor unitario sin IVA | J10: Valor IVA / proyección IPC | K10: Valor unitario con IVA | L10: Valor total Sin IVA | M10: Valor total con IVA | N10: Empresa Cotizante cotización 2 | O10: Valor unitario sin IVA | P10: Valor IVA/ IPOCONSUMO | Q10: Valor unitario con IVA | R10: Valor total Sin IVA | S10: Valor total con IVA | T10: Empresa Cotizante cotización 3 | U10: Valor unitario sin IVA | V10: Valor IVA | W10: Valor unitario con IVA | X10: Valor total Sin IVA | Y10: Valor total con IVA | Z10: Promedio valor unitario con IVA | AA10: Promedio valor total con IVA | AB10: Desviación estandar | AC10: Coeficiente de variación | AD10: Observaciones | DA10: NOMBRE | DB10: DESCRIPCIÓN | DC10: PROVEEDOR 1 | DD10: VALOR SIN IVA 1 | DE10: PROVEEDOR 2 | DF10: VALOR SIN IVA 2 | DG10: PROVEEDOR 3 | DH10: VALOR SIN IVA 3 | DI10: COEFICIENTE VARIACIÓN | DJ10: NOMBRE | DK10: DESCRIPCIÓN | DL10: PROVEEDOR 1 | DM10: VALOR SIN IVA 1 | DN10: PROVEEDOR 2 | DO10: VALOR SIN IVA 2 | DP10: PROVEEDOR 3 | DQ10: VALOR SIN IVA 3 | DR10: COEFICIENTE VARIACIÓN
A11: =IF(B11<>"",BG11,"") -> 1 | B11: por completar información | C11: Mesa plegable modular | D11: Mesa modular, con dimensiones aproximadas de 1,20 m de longitud x 0,60 m de ancho x 0,75 m de altura, base metálica fabricada en triplex flormorado de mínimo 2 cm de espesor, con cantos protegidos en fórmica de alta resistencia en color Haya o tonalidades claras. Incluye sistema de movilidad mediante ruedas 360° con freno. | E11: Unidad | F11: 20 | G11: Compra | H11: =IF(C11="","",VLOOKUP(C11,listaBolsa!$D$2:$W$1276,10,0)) -> NIME SAS | I11: =IF(C11="","",VLOOKUP(C11,listaBolsa!$D$2:$W$1276,14,0)) -> 863000 | J11: =I11*19% -> 163970 | K11: =I11+J11 -> 1026970 | L11: =IF(B11="","",(I11*F11)) -> 17260000 | M11: =IF(B11="","",(K11*F11)) -> 20539400 | N11: =IF(C11="","",VLOOKUP(C11,listaBolsa!$D$2:$AZ$1276,23,0)) -> MUBLEX COLOMBIA | O11: =IF(C11="","",VLOOKUP(C11,listaBolsa!$D$2:$AZ$1276,27,0)) -> 733800 | P11: =O11*19% -> 139422 | Q11: =O11+P11 -> 873222 | R11: =IF(B11="","",(O11*F11)) -> 14676000 | S11: =IF(B11="","",(Q11*F11)) -> 17464440 | T11: =IF(C11="","",VLOOKUP(C11,listaBolsa!$D$2:$BB$1276,36,0)) -> INDUSTRIA S CRUZ | U11: =IF(C11="","",VLOOKUP(C11,listaBolsa!$D$2:$BB$1276,40,0)) -> 756302.52 | V11: =U11*19% -> 143697.48 | W11: =U11+V11 -> 900000 | X11: =IF(B11="","",(U11*F11)) -> 15126050 | Y11: =IF(B11="","",(W11*F11)) -> 18000000 | Z11: =IF(A11="","",AVERAGE(K11,Q11,W11)) -> 933397.33 | AA11: =IF(B11="","",Z11*F11) -> 18667947 | AB11: =IF(B11="","",STDEV(M11,S11,Y11)) -> 1642698.8 | AC11: =IF(B11="","",(AB11/AA11)) -> 0.087995687 | AD11: OK REVISIÓN FINAL DESVIACIÓN | AF11: =IF(C11="","",VLOOKUP(C11,listaBolsa!$D$2:$BB$276,51,0)) -> #N/A | AG11: =IF(C11="","",VLOOKUP(C11,listaBolsa!$D$2:$H$276,5,0)) -> #N/A | AH11: =AG11=G11 -> #N/A | BG11: 1 | DA11: =VLOOKUP(C11,listaBolsa!$D$2:$BA$330,1,0) -> Mesa plegable modular | DB11: =VLOOKUP(C11,listaBolsa!$D$2:$BA$330,2,0) -> Mesa modular, con dimensiones aproximadas de 1,20 m de | DC11: =VLOOKUP(C11,listaBolsa!$D$2:$BA$330,10,0) -> NIME SAS | DD11: =VLOOKUP(C11,listaBolsa!$D$2:$BA$330,14,0) -> 863000 | DE11: =VLOOKUP(C11,listaBolsa!$D$2:$BA$330,23,0) -> MUBLEX COLOMBIA | DF11: =VLOOKUP(C11,listaBolsa!$D$2:$BA$330,27,0) -> 733800 | DG11: =VLOOKUP(C11,listaBolsa!$D$2:$BA$330,36,0) -> INDUSTRIA S CRUZ | DH11: =VLOOKUP(C11,listaBolsa!$D$2:$BA$330,40,0) -> 756302.52 | DI11: =VLOOKUP(C11,listaBolsa!$D$2:$BA$330,48,0) -> 0.088 | DJ11: =DA11=C11 -> TRUE | DK11: =DB11=D11 -> FALSE | DL11: =DC11=H11 -> TRUE | DM11: =DD11=I11 -> TRUE | DN11: =DE11=N11 -> TRUE | DO11: =DF11=O11 -> TRUE | DP11: =DG11=T11 -> TRUE | DQ11: =DH11=U11 -> TRUE | DR11: =DI11=AC11 -> FALSE
A12: =IF(B12<>"",BG12,"") -> 2 | B12: por completar información | C12: Mueble de almacenamiento de papelería y material didáctico. Alto: 123 centímetros. Ancho: 120 centímetros. Fondo: 40 centímetros con chapa de seguridad | D12: Mueble de almacenamiento de papelería y material didáctico. Alto: 123 centímetros. Ancho: 120 centímetros. Fondo: 40 centímetros con chapa de seguridad, Material metálico. Cantidad entre paños: | E12: Unidad | F12: 4 | G12: Compra | H12: =IF(C12="","",VLOOKUP(C12,listaBolsa!$D$2:$W$1276,10,0)) -> METALICAS GUERFOR | I12: =IF(C12="","",VLOOKUP(C12,listaBolsa!$D$2:$W$1276,14,0)) -> 850000 | J12: =I12*19% -> 161500 | K12: =I12+J12 -> 1011500 | L12: =IF(B12="","",(I12*F12)) -> 3400000 | M12: =IF(B12="","",(K12*F12)) -> 4046000 | N12: =IF(C12="","",VLOOKUP(C12,listaBolsa!$D$2:$AZ$1276,23,0)) -> METALICOS COLOMBIA | O12: =IF(C12="","",VLOOKUP(C12,listaBolsa!$D$2:$AZ$1276,27,0)) -> 1220000 | P12: =O12*19% -> 231800 | Q12: =O12+P12 -> 1451800 | R12: =IF(B12="","",(O12*F12)) -> 4880000 | S12: =IF(B12="","",(Q12*F12)) -> 5807200 | T12: =IF(C12="","",VLOOKUP(C12,listaBolsa!$D$2:$BB$1276,36,0)) -> METALICOS CRUZ | U12: =IF(C12="","",VLOOKUP(C12,listaBolsa!$D$2:$BB$1276,40,0)) -> 1460503.4 | V12: =U12*19% -> 277495.64 | W12: =U12+V12 -> 1737999 | X12: =IF(B12="","",(U12*F12)) -> 5842013.4 | Y12: =IF(B12="","",(W12*F12)) -> 6951996 | Z12: =IF(A12="","",AVERAGE(K12,Q12,W12)) -> 1400433 | AA12: =IF(B12="","",Z12*F12) -> 5601732 | AB12: =IF(B12="","",STDEV(M12,S12,Y12)) -> 1463853.1 | AC12: =IF(B12="","",(AB12/AA12)) -> 0.26132152 | AD12: OK REVISIÓN FINAL DESVIACIÓN | AF12: =IF(C12="","",VLOOKUP(C12,listaBolsa!$D$2:$BB$276,51,0)) -> #N/A | AG12: =IF(C12="","",VLOOKUP(C12,listaBolsa!$D$2:$H$276,5,0)) -> #N/A | AH12: =AG12=G12 -> #N/A | BG12: 2 | DA12: =VLOOKUP(C12,listaBolsa!$D$2:$BA$330,1,0) -> Mueble de almacenamiento de papelería y material didáctico. Alto: 123 centímetros. Ancho: 120 centímetros. Fondo: 40 centímetros con chapa de seguridad | DB12: =VLOOKUP(C12,listaBolsa!$D$2:$BA$330,2,0) -> Mueble de almacenamiento de papelería y material didáctico. Alto: 123 centímetros. Ancho: 120 centímetros. Fondo: 40 centímetros con chapa de seguridad, Material metálico. Cantidad entre paños: | DC12: =VLOOKUP(C12,listaBolsa!$D$2:$BA$330,10,0) -> METALICAS GUERFOR | DD12: =VLOOKUP(C12,listaBolsa!$D$2:$BA$330,14,0) -> 850000 | DE12: =VLOOKUP(C12,listaBolsa!$D$2:$BA$330,23,0) -> METALICOS COLOMBIA | DF12: =VLOOKUP(C12,listaBolsa!$D$2:$BA$330,27,0) -> 1220000 | DG12: =VLOOKUP(C12,listaBolsa!$D$2:$BA$330,36,0) -> METALICOS CRUZ | DH12: =VLOOKUP(C12,listaBolsa!$D$2:$BA$330,40,0) -> 1460503.4 | DI12: =VLOOKUP(C12,listaBolsa!$D$2:$BA$330,48,0) -> 0.2613 | DJ12: =DA12=C12 -> TRUE | DK12: =DB12=D12 -> TRUE | DL12: =DC12=H12 -> TRUE | DM12: =DD12=I12 -> TRUE | DN12: =DE12=N12 -> TRUE | DO12: =DF12=O12 -> TRUE | DP12: =DG12=T12 -> TRUE | DQ12: =DH12=U12 -> TRUE | DR12: =DI12=AC12 -> FALSE
A13: =IF(B13<>"",BG13,"") -> 3 | B13: por completar información | C13: Video Beam Proyector | D13: Voltaje: 110V Conexiones de entrada: HDMI. Consumo energético de 345W. Proyector Powerlite E24 3600 lúmenes XGA Tecnología | E13: Unidad | F13: 2 | G13: Compra | H13: PANAMERICANA | I13: 2688235.3 | J13: =I13*19% -> 510764.71 | K13: =I13+J13 -> 3199000 | L13: =IF(B13="","",(I13*F13)) -> 5376470.6 | M13: =IF(B13="","",(K13*F13)) -> 6398000 | N13: DISTRIMARK | O13: 2760984 | P13: =O13*19% -> 524586.97 | Q13: =O13+P13 -> 3285571 | R13: =IF(B13="","",(O13*F13)) -> 5521968.1 | S13: =IF(B13="","",(Q13*F13)) -> 6571142 | T13: ALKOSTO | U13: 2688235.3 | V13: =U13*19% -> 510764.71 | W13: =U13+V13 -> 3199000 | X13: =IF(B13="","",(U13*F13)) -> 5376470.6 | Y13: =IF(B13="","",(W13*F13)) -> 6398000 | Z13: =IF(A13="","",AVERAGE(K13,Q13,W13)) -> 3227857 | AA13: =IF(B13="","",Z13*F13) -> 6455714 | AB13: =IF(B13="","",STDEV(M13,S13,Y13)) -> 99963.581 | AC13: =IF(B13="","",(AB13/AA13)) -> 0.015484512 | AD13: OK REVISIÓN FINAL DESVIACIÓN | AF13: =IF(C13="","",VLOOKUP(C13,listaBolsa!$D$2:$BB$276,51,0)) -> #N/A | AG13: =IF(C13="","",VLOOKUP(C13,listaBolsa!$D$2:$H$276,5,0)) -> #N/A | AH13: =AG13=G13 -> #N/A | BG13: 3 | DA13: =VLOOKUP(C13,listaBolsa!$D$2:$BA$330,1,0) -> Video Beam Proyector | DB13: =VLOOKUP(C13,listaBolsa!$D$2:$BA$330,2,0) -> Voltaje: 110V Conexiones de entrada: HDMI. Consumo energético de 345W. Proyector Powerlite E24 3600 lúmenes XGA Tecnología | DC13: =VLOOKUP(C13,listaBolsa!$D$2:$BA$330,10,0) -> DATAROKA | DD13: =VLOOKUP(C13,listaBolsa!$D$2:$BA$330,14,0) -> 3972689.9 | DE13: =VLOOKUP(C13,listaBolsa!$D$2:$BA$330,23,0) -> TECNOPLAZA | DF13: =VLOOKUP(C13,listaBolsa!$D$2:$BA$330,27,0) -> 3924626.9 | DG13: =VLOOKUP(C13,listaBolsa!$D$2:$BA$330,36,0) -> PANAMERICANA | DH13: =VLOOKUP(C13,listaBolsa!$D$2:$BA$330,40,0) -> 3663025.2 | DI13: =VLOOKUP(C13,listaBolsa!$D$2:$BA$330,48,0) -> 0.0432 | DJ13: =DA13=C13 -> TRUE | DK13: =DB13=D13 -> TRUE | DL13: =DC13=H13 -> FALSE | DM13: =DD13=I13 -> FALSE | DN13: =DE13=N13 -> FALSE | DO13: =DF13=O13 -> FALSE | DP13: =DG13=T13 -> FALSE | DQ13: =DH13=U13 -> FALSE | DR13: =DI13=AC13 -> FALSE
A14: =IF(B14<>"",BG14,"") -> 4 | B14: por completar información | C14: Maletin - Forro para Guardar Video Beam | D14: Maletin - Forro para Guardar Video Beam | E14: Unidad | F14: 2 | G14: Compra | H14: PROYECTORES Y PANTALLAS | I14: 87394.96 | J14: =I14*19% -> 16605.042 | K14: =I14+J14 -> 104000 | L14: =IF(B14="","",(I14*F14)) -> 174789.92 | M14: =IF(B14="","",(K14*F14)) -> 208000 | N14: PCEVERES | O14: 80000 | P14: =O14*19% -> 15200 | Q14: =O14+P14 -> 95200 | R14: =IF(B14="","",(O14*F14)) -> 160000 | S14: =IF(B14="","",(Q14*F14)) -> 190400 | T14: JFM TECHNOLOGY | U14: 70793.28 | V14: =U14*19% -> 13450.723 | W14: =U14+V14 -> 84244.003 | X14: =IF(B14="","",(U14*F14)) -> 141586.56 | Y14: =IF(B14="","",(W14*F14)) -> 168488.01 | Z14: =IF(A14="","",AVERAGE(K14,Q14,W14)) -> 94481.335 | AA14: =IF(B14="","",Z14*F14) -> 188962.67 | AB14: =IF(B14="","",STDEV(M14,S14,Y14)) -> 19795.175 | AC14: =IF(B14="","",(AB14/AA14)) -> 0.10475706 | AD14: OK REVISIÓN FINAL DESVIACIÓN | AE14: BOLSA- NO VERIFICADAS COTIZACIONES | AF14: =IF(C14="","",VLOOKUP(C14,listaBolsa!$D$2:$BB$276,51,0)) -> #N/A | AG14: =IF(C14="","",VLOOKUP(C14,listaBolsa!$D$2:$H$276,5,0)) -> #N/A | AH14: =AG14=G14 -> #N/A | BG14: 4 | DA14: =VLOOKUP(C14,listaBolsa!$D$2:$BA$330,1,0) -> Maletin - Forro para Guardar Video Beam | DB14: =VLOOKUP(C14,listaBolsa!$D$2:$BA$330,2,0) -> Maletin - Forro para Guardar Video Beam | DC14: =VLOOKUP(C14,listaBolsa!$D$2:$BA$330,10,0) -> PROYECTORES Y PANTALLAS | DD14: =VLOOKUP(C14,listaBolsa!$D$2:$BA$330,14,0) -> 87394.96 | DE14: =VLOOKUP(C14,listaBolsa!$D$2:$BA$330,23,0) -> PCEVERES | DF14: =VLOOKUP(C14,listaBolsa!$D$2:$BA$330,27,0) -> 80000 | DG14: =VLOOKUP(C14,listaBolsa!$D$2:$BA$330,36,0) -> JFM TECHNOLOGY | DH14: =VLOOKUP(C14,listaBolsa!$D$2:$BA$330,40,0) -> 70793.28 | DI14: =VLOOKUP(C14,listaBolsa!$D$2:$BA$330,48,0) -> 0.1048 | DJ14: =DA14=C14 -> TRUE | DK14: =DB14=D14 -> TRUE | DL14: =DC14=H14 -> TRUE | DM14: =DD14=I14 -> TRUE | DN14: =DE14=N14 -> TRUE | DO14: =DF14=O14 -> TRUE | DP14: =DG14=T14 -> TRUE | DQ14: =DH14=U14 -> TRUE | DR14: =DI14=AC14 -> FALSE
A15: =IF(B15<>"",BG15,"") -> 5 | B15: por completar información | C15: Pantalla de proyección portátil | D15: Tipo trípode de medida entre 200 x 200 cm, con tela blanca mate de alta reflexión y respaldo negro opaco para mejorar el contraste y la recepción de luz en espacios con diferentes condiciones de iluminación. Estructura retráctil y ajustable en altura, fácil de montar y desmontar sin herramientas. Incluye base metálica plegable para mayor estabilidad y funda protectora para transporte. Compatible con proyectores multimedia de corto y largo alcance. | E15: Unidad | F15: 2 | G15: Compra | H15: =IF(C15="","",VLOOKUP(C15,listaBolsa!$D$2:$W$1276,10,0)) -> EXITO | I15: =IF(C15="","",VLOOKUP(C15,listaBolsa!$D$2:$W$1276,14,0)) -> 503361.34 | J15: =I15*19% -> 95638.655 | K15: =I15+J15 -> 598999.99 | L15: =IF(B15="","",(I15*F15)) -> 1006722.7 | M15: =IF(B15="","",(K15*F15)) -> 1198000 | N15: =IF(C15="","",VLOOKUP(C15,listaBolsa!$D$2:$AZ$1276,23,0)) -> HOMECENTER | O15: =IF(C15="","",VLOOKUP(C15,listaBolsa!$D$2:$AZ$1276,27,0)) -> 475546.22 | P15: =O15*19% -> 90353.782 | Q15: =O15+P15 -> 565900 | R15: =IF(B15="","",(O15*F15)) -> 951092.44 | S15: =IF(B15="","",(Q15*F15)) -> 1131800 | T15: =IF(C15="","",VLOOKUP(C15,listaBolsa!$D$2:$BB$1276,36,0)) -> FALABELLA | U15: =IF(C15="","",VLOOKUP(C15,listaBolsa!$D$2:$BB$1276,40,0)) -> 463991.6 | V15: =U15*19% -> 88158.404 | W15: =U15+V15 -> 552150 | X15: =IF(B15="","",(U15*F15)) -> 927983.2 | Y15: =IF(B15="","",(W15*F15)) -> 1104300 | Z15: =IF(A15="","",AVERAGE(K15,Q15,W15)) -> 572350 | AA15: =IF(B15="","",Z15*F15) -> 1144700 | AB15: =IF(B15="","",STDEV(M15,S15,Y15)) -> 48163.566 | AC15: =IF(B15="","",(AB15/AA15)) -> 0.042075274 | AD15: OK REVISIÓN FINAL DESVIACIÓN | AF15: =IF(C15="","",VLOOKUP(C15,listaBolsa!$D$2:$BB$276,51,0)) -> #N/A | AG15: =IF(C15="","",VLOOKUP(C15,listaBolsa!$D$2:$H$276,5,0)) -> #N/A | AH15: =AG15=G15 -> #N/A | BG15: 5 | DA15: =VLOOKUP(C15,listaBolsa!$D$2:$BA$330,1,0) -> Pantalla de proyección portátil | DB15: =VLOOKUP(C15,listaBolsa!$D$2:$BA$330,2,0) -> Tipo trípode de medida entre 200 x 200 cm, con tela blanca mate de alta reflexión y respaldo negro opaco para mejorar el contraste y la recepción de luz en espacios con diferentes condiciones de iluminación. Estructura retráctil y ajustable en altura, fácil de montar y desmontar sin herramientas. Incluye base metálica plegable para mayor estabilidad y funda protectora para transporte. Compatible con proyectores multimedia de corto y largo alcance. | DC15: =VLOOKUP(C15,listaBolsa!$D$2:$BA$330,10,0) -> EXITO | DD15: =VLOOKUP(C15,listaBolsa!$D$2:$BA$330,14,0) -> 503361.34 | DE15: =VLOOKUP(C15,listaBolsa!$D$2:$BA$330,23,0) -> HOMECENTER | DF15: =VLOOKUP(C15,listaBolsa!$D$2:$BA$330,27,0) -> 475546.22 | DG15: =VLOOKUP(C15,listaBolsa!$D$2:$BA$330,36,0) -> FALABELLA | DH15: =VLOOKUP(C15,listaBolsa!$D$2:$BA$330,40,0) -> 463991.6 | DI15: =VLOOKUP(C15,listaBolsa!$D$2:$BA$330,48,0) -> 0.0421 | DJ15: =DA15=C15 -> TRUE | DK15: =DB15=D15 -> TRUE | DL15: =DC15=H15 -> TRUE | DM15: =DD15=I15 -> TRUE | DN15: =DE15=N15 -> TRUE | DO15: =DF15=O15 -> TRUE | DP15: =DG15=T15 -> TRUE | DQ15: =DH15=U15 -> TRUE | DR15: =DI15=AC15 -> FALSE
A16: =IF(B16<>"",BG16,"") -> 6 | B16: por completar información | C16: Tablero acrílico | D16: =IF(C16="","",VLOOKUP(C16,listaBolsa!$D$2:$H$276,2,0)) -> Tablero acrílico con base trípode caballete metálico medida trípode 150cm de alto , medidas tablero 120x80cm | E16: Unidad | F16: 2 | G16: Compra | H16: =IF(C16="","",VLOOKUP(C16,listaBolsa!$D$2:$W$1276,10,0)) -> INVER Y DISTRIBUIDORES DIAMOND | I16: =IF(C16="","",VLOOKUP(C16,listaBolsa!$D$2:$W$1276,14,0)) -> 106000 | J16: =I16*19% -> 20140 | K16: =I16+J16 -> 126140 | L16: =IF(B16="","",(I16*F16)) -> 212000 | M16: =IF(B16="","",(K16*F16)) -> 252280 | N16: =IF(C16="","",VLOOKUP(C16,listaBolsa!$D$2:$AZ$1276,23,0)) -> Falabella | O16: =IF(C16="","",VLOOKUP(C16,listaBolsa!$D$2:$AZ$1276,27,0)) -> 110924.37 | P16: =O16*19% -> 21075.63 | Q16: =O16+P16 -> 132000 | R16: =IF(B16="","",(O16*F16)) -> 221848.74 | S16: =IF(B16="","",(Q16*F16)) -> 264000 | T16: =IF(C16="","",VLOOKUP(C16,listaBolsa!$D$2:$BB$1276,36,0)) -> Hommecenter | U16: =IF(C16="","",VLOOKUP(C16,listaBolsa!$D$2:$BB$1276,40,0)) -> 134369.75 | V16: =U16*19% -> 25530.252 | W16: =U16+V16 -> 159900 | X16: =IF(B16="","",(U16*F16)) -> 268739.5 | Y16: =IF(B16="","",(W16*F16)) -> 319800 | Z16: =IF(A16="","",AVERAGE(K16,Q16,W16)) -> 139346.67 | AA16: =IF(B16="","",Z16*F16) -> 278693.33 | AB16: =IF(B16="","",STDEV(M16,S16,Y16)) -> 36078.5 | AC16: =IF(B16="","",(AB16/AA16)) -> 0.12945591 | AD16: OK REVISIÓN FINAL DESVIACIÓN | AE16: INFORMACIÓN DE LA BOLSA BÁSICA -Validada la desviación | AF16: =IF(C16="","",VLOOKUP(C16,listaBolsa!$D$2:$BB$276,51,0)) -> 0 | AG16: =IF(C16="","",VLOOKUP(C16,listaBolsa!$D$2:$H$276,5,0)) -> Compra | AH16: =AG16=G16 -> TRUE | BG16: 6 | DA16: =VLOOKUP(C16,listaBolsa!$D$2:$BA$248,1,0) -> Tablero acrílico | DB16: =VLOOKUP(C16,listaBolsa!$D$2:$BA$248,2,0) -> Tablero acrílico con base trípode caballete metálico medida trípode 150cm de alto , medidas tablero 120x80cm | DC16: =VLOOKUP(C16,listaBolsa!$D$2:$BA$248,10,0) -> INVER Y DISTRIBUIDORES DIAMOND | DD16: =VLOOKUP(C16,listaBolsa!$D$2:$BA$248,14,0) -> 106000 | DE16: =VLOOKUP(C16,listaBolsa!$D$2:$BA$248,23,0) -> Falabella | DF16: =VLOOKUP(C16,listaBolsa!$D$2:$BA$248,27,0) -> 110924.37 | DG16: =VLOOKUP(C16,listaBolsa!$D$2:$BA$248,36,0) -> Hommecenter | DH16: =VLOOKUP(C16,listaBolsa!$D$2:$BA$248,40,0) -> 134369.75 | DI16: =VLOOKUP(C16,listaBolsa!$D$2:$BA$248,48,0) -> 0.12945591 | DJ16: =DA16=C16 -> TRUE | DK16: =DB16=D16 -> TRUE | DL16: =DC16=H16 -> TRUE | DM16: =DD16=I16 -> TRUE | DN16: =DE16=N16 -> TRUE | DO16: =DF16=O16 -> TRUE | DP16: =DG16=T16 -> TRUE | DQ16: =DH16=U16 -> TRUE | DR16: =DI16=AC16 -> TRUE
A17: =IF(B17<>"",BG17,"") -> 7 | B17: por completar información | C17: Cabina de sonido | D17: Cabina activa 15" soundPower Top Pack-125, Base (Tripode), Micrófono alambrico, Control inalambrico, Cable de poder corriente 110V. Potencia 7000w pmpo / 700w, Amplificador: AB, Entrada para micrófono, Usb por carpetas, SD, Bluetooth, radio FM, Equalizador 2 banda | E17: Unidad | F17: 2 | G17: Compra | H17: =IF(C17="","",VLOOKUP(C17,listaBolsa!$D$2:$W$1276,10,0)) -> GRAND MUSIC SAS | I17: =IF(C17="","",VLOOKUP(C17,listaBolsa!$D$2:$W$1276,14,0)) -> 620168.07 | J17: =I17*19% -> 117831.93 | K17: =I17+J17 -> 738000 | L17: =IF(B17="","",(I17*F17)) -> 1240336.1 | M17: =IF(B17="","",(K17*F17)) -> 1476000 | N17: =IF(C17="","",VLOOKUP(C17,listaBolsa!$D$2:$AZ$1276,23,0)) -> TECNOIMPORTACIONES | O17: =IF(C17="","",VLOOKUP(C17,listaBolsa!$D$2:$AZ$1276,27,0)) -> 738655.46 | P17: =O17*19% -> 140344.54 | Q17: =O17+P17 -> 879000 | R17: =IF(B17="","",(O17*F17)) -> 1477310.9 | S17: =IF(B17="","",(Q17*F17)) -> 1758000 | T17: =IF(C17="","",VLOOKUP(C17,listaBolsa!$D$2:$BB$1276,36,0)) -> QUIMBAYA TECH | U17: =IF(C17="","",VLOOKUP(C17,listaBolsa!$D$2:$BB$1276,40,0)) -> 487394.96 | V17: =U17*19% -> 92605.042 | W17: =U17+V17 -> 580000 | X17: =IF(B17="","",(U17*F17)) -> 974789.92 | Y17: =IF(B17="","",(W17*F17)) -> 1160000 | Z17: =IF(A17="","",AVERAGE(K17,Q17,W17)) -> 732333.33 | AA17: =IF(B17="","",Z17*F17) -> 1464666.7 | AB17: =IF(B17="","",STDEV(M17,S17,Y17)) -> 299161.04 | AC17: =IF(B17="","",(AB17/AA17)) -> 0.20425196 | AD17: OK REVISIÓN FINAL DESVIACIÓN | AE17: NO CUMPLE CON LO SOLICITADO | AF17: =IF(C17="","",VLOOKUP(C17,listaBolsa!$D$2:$BB$276,51,0)) -> #N/A | AG17: =IF(C17="","",VLOOKUP(C17,listaBolsa!$D$2:$H$276,5,0)) -> #N/A | AH17: =AG17=G17 -> #N/A | BG17: 7 | DA17: =VLOOKUP(C17,listaBolsa!$D$2:$BA$330,1,0) -> Cabina de sonido | DB17: =VLOOKUP(C17,listaBolsa!$D$2:$BA$330,2,0) -> Cabina activa 15" soundPower Top Pack-125, Base (Tripode), Micrófono alambrico, Control inalambrico, Cable de poder corriente 110V. Potencia 7000w pmpo / 700w, Amplificador: AB, Entrada para micrófono, Usb por carpetas, SD, Bluetooth, radio FM, Equalizador 2 banda | DC17: =VLOOKUP(C17,listaBolsa!$D$2:$BA$330,10,0) -> GRAND MUSIC SAS | DD17: =VLOOKUP(C17,listaBolsa!$D$2:$BA$330,14,0) -> 620168.07 | DE17: =VLOOKUP(C17,listaBolsa!$D$2:$BA$330,23,0) -> TECNOIMPORTACIONES | DF17: =VLOOKUP(C17,listaBolsa!$D$2:$BA$330,27,0) -> 738655.46 | DG17: =VLOOKUP(C17,listaBolsa!$D$2:$BA$330,36,0) -> QUIMBAYA TECH | DH17: =VLOOKUP(C17,listaBolsa!$D$2:$BA$330,40,0) -> 487394.96 | DI17: =VLOOKUP(C17,listaBolsa!$D$2:$BA$330,48,0) -> 0.2043 | DJ17: =DA17=C17 -> TRUE | DK17: =DB17=D17 -> TRUE | DL17: =DC17=H17 -> TRUE | DM17: =DD17=I17 -> TRUE | DN17: =DE17=N17 -> TRUE | DO17: =DF17=O17 -> TRUE | DP17: =DG17=T17 -> TRUE | DQ17: =DH17=U17 -> TRUE | DR17: =DI17=AC17 -> FALSE
A18: =IF(B18<>"",BG18,"") -> 9 | B18: por completar información | C18: Torre de iluminación- Lampara led- Portátil | D18: ECOLIGHTETP, 10 cm Alto12 cm Largo 10 cm Peso13 kg Estándar, Manos libre, Multifunción, Profesionales, Working light- Uso Iluminación exterior 8000 lm Duración batería 10 - 13 horas Tiempo de carga 6 horas | E18: Unidad | F18: 1 | G18: Compra | H18: =IF(C18="","",VLOOKUP(C18,listaBolsa!$D$2:$W$1276,10,0)) -> HOMECENTER | I18: =IF(C18="","",VLOOKUP(C18,listaBolsa!$D$2:$W$1276,14,0)) -> 4412521 | J18: =I18*19% -> 838378.99 | K18: =I18+J18 -> 5250900 | L18: =IF(B18="","",(I18*F18)) -> 4412521 | M18: =IF(B18="","",(K18*F18)) -> 5250900 | N18: =IF(C18="","",VLOOKUP(C18,listaBolsa!$D$2:$AZ$1276,23,0)) -> RIDE | O18: =IF(C18="","",VLOOKUP(C18,listaBolsa!$D$2:$AZ$1276,27,0)) -> 4623752 | P18: =O18*19% -> 878512.88 | Q18: =O18+P18 -> 5502264.9 | R18: =IF(B18="","",(O18*F18)) -> 4623752 | S18: =IF(B18="","",(Q18*F18)) -> 5502264.9 | T18: =IF(C18="","",VLOOKUP(C18,listaBolsa!$D$2:$BB$1276,36,0)) -> JPROYECTOS | U18: =IF(C18="","",VLOOKUP(C18,listaBolsa!$D$2:$BB$1276,40,0)) -> 4114900 | V18: =U18*19% -> 781831 | W18: =U18+V18 -> 4896731 | X18: =IF(B18="","",(U18*F18)) -> 4114900 | Y18: =IF(B18="","",(W18*F18)) -> 4896731 | Z18: =IF(A18="","",AVERAGE(K18,Q18,W18)) -> 5216632 | AA18: =IF(B18="","",Z18*F18) -> 5216632 | AB18: =IF(B18="","",STDEV(M18,S18,Y18)) -> 304217.92 | AC18: =IF(B18="","",(AB18/AA18)) -> 0.058316923 | AD18: OK REVISIÓN FINAL DESVIACIÓN | AF18: =IF(C18="","",VLOOKUP(C18,listaBolsa!$D$2:$BB$276,51,0)) -> #N/A | AG18: =IF(C18="","",VLOOKUP(C18,listaBolsa!$D$2:$H$276,5,0)) -> #N/A | AH18: =AG18=G18 -> #N/A | BG18: 9 | DA18: =VLOOKUP(C18,listaBolsa!$D$2:$BA$330,1,0) -> Torre de iluminación- Lampara led- Portátil | DB18: =VLOOKUP(C18,listaBolsa!$D$2:$BA$330,2,0) -> ECOLIGHTETP, 10 cm Alto12 cm Largo 10 cm Peso13 kg Estándar, Manos libre, Multifunción, Profesionales, Working light- Uso Iluminación exterior 8000 lm Duración batería 10 - 13 horas Tiempo de carga 6 horas | DC18: =VLOOKUP(C18,listaBolsa!$D$2:$BA$330,10,0) -> HOMECENTER | DD18: =VLOOKUP(C18,listaBolsa!$D$2:$BA$330,14,0) -> 4412521 | DE18: =VLOOKUP(C18,listaBolsa!$D$2:$BA$330,23,0) -> RIDE | DF18: =VLOOKUP(C18,listaBolsa!$D$2:$BA$330,27,0) -> 4623752 | DG18: =VLOOKUP(C18,listaBolsa!$D$2:$BA$330,36,0) -> JPROYECTOS | DH18: =VLOOKUP(C18,listaBolsa!$D$2:$BA$330,40,0) -> 4114900 | DI18: =VLOOKUP(C18,listaBolsa!$D$2:$BA$330,48,0) -> 0.0583 | DJ18: =DA18=C18 -> TRUE | DK18: =DB18=D18 -> TRUE | DL18: =DC18=H18 -> TRUE | DM18: =DD18=I18 -> TRUE | DN18: =DE18=N18 -> TRUE | DO18: =DF18=O18 -> TRUE | DP18: =DG18=T18 -> TRUE | DQ18: =DH18=U18 -> TRUE | DR18: =DI18=AC18 -> FALSE
A19: =IF(B19<>"",BG19,"") -> 10 | B19: por completar información | C19: Estantería | D19: Elaborada en lámina cold rolled cubierta en pintura electrostática horneable. Puertas en vidrio transparente, DOS (2) bandejas graduables y chapa de seguridad. Material: Lámina Cold Rolled de calibre 22. Acabados: Recubierto con pintura electrostática. Incluye dos (2) entrepaños graduables, tres espacios libres, dos (2) puertas en lámina o vidrio y chapa de seguridad. Alto: 140 centímetros. Ancho: 115 centímetros. Fondo: 38 centímetros. | E19: Unidad | F19: 1 | G19: Compra | H19: INDUSTRIASCRUZ | I19: 959677.31 | J19: =I19*19% -> 182338.69 | K19: =I19+J19 -> 1142016 | L19: =IF(B19="","",(I19*F19)) -> 959677.31 | M19: =IF(B19="","",(K19*F19)) -> 1142016 | N19: MUEBLEX COLOMBIA | O19: 689000 | P19: =O19*19% -> 130910 | Q19: =O19+P19 -> 819910 | R19: =IF(B19="","",(O19*F19)) -> 689000 | S19: =IF(B19="","",(Q19*F19)) -> 819910 | T19: MUBLESA | U19: 990756.3 | V19: =U19*19% -> 188243.7 | W19: =U19+V19 -> 1179000 | X19: =IF(B19="","",(U19*F19)) -> 990756.3 | Y19: =IF(B19="","",(W19*F19)) -> 1179000 | Z19: =IF(A19="","",AVERAGE(K19,Q19,W19)) -> 1046975.3 | AA19: =IF(B19="","",Z19*F19) -> 1046975.3 | AB19: =IF(B19="","",STDEV(M19,S19,Y19)) -> 197511.91 | AC19: =IF(B19="","",(AB19/AA19)) -> 0.18865001 | AD19: OK REVISIÓN FINAL DESVIACIÓN | AE19: TRANSCRITA DE LA BOLSA | AF19: =IF(C19="","",VLOOKUP(C19,listaBolsa!$D$2:$BB$276,51,0)) -> #N/A | AG19: =IF(C19="","",VLOOKUP(C19,listaBolsa!$D$2:$H$276,5,0)) -> #N/A | AH19: =AG19=G19 -> #N/A | BG19: 10 | DA19: =VLOOKUP(C19,listaBolsa!$D$2:$BA$330,1,0) -> Estantería | DB19: =VLOOKUP(C19,listaBolsa!$D$2:$BA$330,2,0) -> Elaborada en lámina cold rolled cubierta en pintura electrostática horneable. Puertas en vidrio transparente, DOS (2) bandejas graduables y chapa de seguridad. Material: Lámina Cold Rolled de calibre 22. Acabados: Recubierto con pintura electrostática. Incluye dos (2) entrepaños graduables, tres espacios libres, dos (2) puertas en lámina o vidrio y chapa de seguridad. Alto: 140 centímetros. Ancho: 115 centímetros. Fondo: 38 centímetros. | DC19: =VLOOKUP(C19,listaBolsa!$D$2:$BA$330,10,0) -> INDUSTRIASCRUZ | DD19: =VLOOKUP(C19,listaBolsa!$D$2:$BA$330,14,0) -> 959677.31 | DE19: =VLOOKUP(C19,listaBolsa!$D$2:$BA$330,23,0) -> MUEBLEX COLOMBIA | DF19: =VLOOKUP(C19,listaBolsa!$D$2:$BA$330,27,0) -> 689000 | DG19: =VLOOKUP(C19,listaBolsa!$D$2:$BA$330,36,0) -> MUBLESA | DH19: =VLOOKUP(C19,listaBolsa!$D$2:$BA$330,40,0) -> 990756.3 | DI19: =VLOOKUP(C19,listaBolsa!$D$2:$BA$330,48,0) -> 0.1887 | DJ19: =DA19=C19 -> TRUE | DK19: =DB19=D19 -> TRUE | DL19: =DC19=H19 -> TRUE | DM19: =DD19=I19 -> TRUE | DN19: =DE19=N19 -> TRUE | DO19: =DF19=O19 -> TRUE | DP19: =DG19=T19 -> TRUE | DQ19: =DH19=U19 -> TRUE | DR19: =DI19=AC19 -> FALSE
A20: =IF(B20<>"",BG20,"") -> 11 | B20: por completar información | C20: Computadores portátiles. | D20: (8gb Ram, 256 Disco duro, 14 pulgadas con resolución Full HD (1920x1080) y recubrimiento antirreflejo, conectividad WiFi 5 o superior y Bluetooth 5.0, mínimo dos puertos USB (idealmente uno tipo C) y salida HDMI. Deben tener batería con autonomía real de mínimo 6 horas, chasis resistente (de preferencia aluminio o policarbonato reforzado), sistema operativo Windows 11 o equivalente con licencias originales, y garantía mínima de un año. | E20: Unidad | F20: 20 | G20: Compra | H20: EXITO | I20: 1848619.3 | J20: =I20*19% -> 351237.67 | K20: =I20+J20 -> 2199857 | L20: =IF(B20="","",(I20*F20)) -> 36972387 | M20: =IF(B20="","",(K20*F20)) -> 43997140 | N20: OLIMPJCA | O20: 1806638.7 | P20: =O20*19% -> 343261.35 | Q20: =O20+P20 -> 2149900 | R20: =IF(B20="","",(O20*F20)) -> 36132773 | S20: =IF(B20="","",(Q20*F20)) -> 42998000 | T20: FALABELLA | U20: 1680672.3 | V20: =U20*19% -> 319327.73 | W20: =U20+V20 -> 2000000 | X20: =IF(B20="","",(U20*F20)) -> 33613445 | Y20: =IF(B20="","",(W20*F20)) -> 40000000 | Z20: =IF(A20="","",AVERAGE(K20,Q20,W20)) -> 2116585.7 | AA20: =IF(B20="","",Z20*F20) -> 42331713 | AB20: =IF(B20="","",STDEV(M20,S20,Y20)) -> 2080200.9 | AC20: =IF(B20="","",(AB20/AA20)) -> 0.049140483 | AD20: OK REVISIÓN FINAL DESVIACIÓN | AE20: TRANSCRITA DE LA BOLSA | AF20: =IF(C20="","",VLOOKUP(C20,listaBolsa!$D$2:$BB$276,51,0)) -> #N/A | AG20: =IF(C20="","",VLOOKUP(C20,listaBolsa!$D$2:$H$276,5,0)) -> #N/A | AH20: =AG20=G20 -> #N/A | BG20: 11 | DA20: =VLOOKUP(C20,listaBolsa!$D$2:$BA$330,1,0) -> Computadores portátiles. | DB20: =VLOOKUP(C20,listaBolsa!$D$2:$BA$330,2,0) -> (8gb Ram, 256 Disco duro, 14 pulgadas con resolución Full HD (1920x1080) y recubrimiento antirreflejo, conectividad WiFi 5 o superior y Bluetooth 5.0, mínimo dos puertos USB (idealmente uno tipo C) y salida HDMI. Deben tener batería con autonomía real de mínimo 6 horas, chasis resistente (de preferencia aluminio o policarbonato reforzado), sistema operativo Windows 11 o equivalente con licencias originales, y garantía mínima de un año. | DC20: =VLOOKUP(C20,listaBolsa!$D$2:$BA$330,10,0) -> TTG | DD20: =VLOOKUP(C20,listaBolsa!$D$2:$BA$330,14,0) -> 2470588.2 | DE20: =VLOOKUP(C20,listaBolsa!$D$2:$BA$330,23,0) -> DISCOMPUCOL | DF20: =VLOOKUP(C20,listaBolsa!$D$2:$BA$330,27,0) -> 2729000 | DG20: =VLOOKUP(C20,listaBolsa!$D$2:$BA$330,36,0) -> FALABELLA | DH20: =VLOOKUP(C20,listaBolsa!$D$2:$BA$330,40,0) -> 2688235.3 | DI20: =VLOOKUP(C20,listaBolsa!$D$2:$BA$330,48,0) -> 0.0528 | DJ20: =DA20=C20 -> TRUE | DK20: =DB20=D20 -> TRUE | DL20: =DC20=H20 -> FALSE | DM20: =DD20=I20 -> FALSE | DN20: =DE20=N20 -> FALSE | DO20: =DF20=O20 -> FALSE | DP20: =DG20=T20 -> TRUE | DQ20: =DH20=U20 -> FALSE | DR20: =DI20=AC20 -> FALSE
A21: =IF(B21<>"",BG21,"") -> 12 | B21: por completar información | C21: Paquetes Office | D21: Office 2024 Licencia Vitalicia. Profesional Plus es la versión más reciente de la suite de Microsoft, diseñada para empresas y profesionales que buscan estabilidad, rendimiento y funciones avanzadas sin suscripción anual. Incluye todas las aplicaciones esenciales: Word, Excel, PowerPoint, Outlook, OneNote, Access y Publisher, con mejoras en rendimiento y compatibilidad con los formatos más recientes. | E21: Unidad | F21: 20 | G21: Compra | H21: =IF(C21="","",VLOOKUP(C21,listaBolsa!$D$2:$W$1276,10,0)) -> 0 | I21: =IF(C21="","",VLOOKUP(C21,listaBolsa!$D$2:$W$1276,14,0)) -> $ - | J21: =I21*19% -> #VALUE! | K21: =I21+J21 -> #VALUE! | L21: =IF(B21="","",(I21*F21)) -> #VALUE! | M21: =IF(B21="","",(K21*F21)) -> #VALUE! | N21: =IF(C21="","",VLOOKUP(C21,listaBolsa!$D$2:$AZ$1276,23,0)) -> 0 | O21: =IF(C21="","",VLOOKUP(C21,listaBolsa!$D$2:$AZ$1276,27,0)) -> $ - | P21: =O21*19% -> #VALUE! | Q21: =O21+P21 -> #VALUE! | R21: =IF(B21="","",(O21*F21)) -> #VALUE! | S21: =IF(B21="","",(Q21*F21)) -> #VALUE! | T21: =IF(C21="","",VLOOKUP(C21,listaBolsa!$D$2:$BB$1276,36,0)) -> 0 | U21: =IF(C21="","",VLOOKUP(C21,listaBolsa!$D$2:$BB$1276,40,0)) -> $ - | V21: =U21*19% -> #VALUE! | W21: =U21+V21 -> #VALUE! | X21: =IF(B21="","",(U21*F21)) -> #VALUE! | Y21: =IF(B21="","",(W21*F21)) -> #VALUE! | Z21: =IF(A21="","",AVERAGE(K21,Q21,W21)) -> #VALUE! | AA21: =IF(B21="","",Z21*F21) -> #VALUE! | AB21: =IF(B21="","",STDEV(M21,S21,Y21)) -> #VALUE! | AC21: =IF(B21="","",(AB21/AA21)) -> #VALUE! | AD21: NO ESTÁN COMPLETAS LAS COTIZACIONES DE LA BOLSA | AF21: =IF(C21="","",VLOOKUP(C21,listaBolsa!$D$2:$BB$276,51,0)) -> #N/A | AG21: =IF(C21="","",VLOOKUP(C21,listaBolsa!$D$2:$H$276,5,0)) -> #N/A | AH21: =AG21=G21 -> #N/A | BG21: 12 | DA21: =VLOOKUP(C21,listaBolsa!$D$2:$BA$330,1,0) -> Paquetes Office | DB21: =VLOOKUP(C21,listaBolsa!$D$2:$BA$330,2,0) -> Office 2024 Licencia Vitalicia. Profesional Plus es la versión más reciente de la suite de Microsoft, diseñada para empresas y profesionales que buscan estabilidad, rendimiento y funciones avanzadas sin suscripción anual. Incluye todas las aplicaciones esenciales: Word, Excel, PowerPoint, Outlook, OneNote, Access y Publisher, con mejoras en rendimiento y compatibilidad con los formatos más recientes. | DC21: =VLOOKUP(C21,listaBolsa!$D$2:$BA$330,10,0) -> 0 | DD21: =VLOOKUP(C21,listaBolsa!$D$2:$BA$330,14,0) -> $ - | DE21: =VLOOKUP(C21,listaBolsa!$D$2:$BA$330,23,0) -> 0 | DF21: =VLOOKUP(C21,listaBolsa!$D$2:$BA$330,27,0) -> $ - | DG21: =VLOOKUP(C21,listaBolsa!$D$2:$BA$330,36,0) -> 0 | DH21: =VLOOKUP(C21,listaBolsa!$D$2:$BA$330,40,0) -> $ - | DI21: =VLOOKUP(C21,listaBolsa!$D$2:$BA$330,48,0) -> #VALUE! | DJ21: =DA21=C21 -> TRUE | DK21: =DB21=D21 -> TRUE | DL21: =DC21=H21 -> TRUE | DM21: =DD21=I21 -> TRUE | DN21: =DE21=N21 -> TRUE | DO21: =DF21=O21 -> TRUE | DP21: =DG21=T21 -> TRUE | DQ21: =DH21=U21 -> TRUE | DR21: =DI21=AC21 -> #VALUE!
A22: =IF(B22<>"",BG22,"") -> 13 | B22: por completar información | C22: Mouse con cable | D22: Mouse alámbrico con sensor óptico o láser de alta precisión (mínimo 1000 DPI), diseño ergonómico ambidiestro, conectividad USB tipo A plug & play, cable reforzado de mínimo 1.2 metros y una vida útil de al menos 3 millones de clics, garantizando rendimiento prolongado para uso continuo e intensivo. | E22: Unidad | F22: 20 | G22: Compra | H22: CAPITAL COLOMBIA | I22: 14369.75 | J22: =I22*19% -> 2730.2525 | K22: =I22+J22 -> 17100.002 | L22: =IF(B22="","",(I22*F22)) -> 287395 | M22: =IF(B22="","",(K22*F22)) -> 342000.05 | N22: EXITO | O22: 16331.93 | P22: =O22*19% -> 3103.0667 | Q22: =O22+P22 -> 19434.997 | R22: =IF(B22="","",(O22*F22)) -> 326638.6 | S22: =IF(B22="","",(Q22*F22)) -> 388699.93 | T22: CARULLA | U22: 15945.38 | V22: =U22*19% -> 3029.6222 | W22: =U22+V22 -> 18975.002 | X22: =IF(B22="","",(U22*F22)) -> 318907.6 | Y22: =IF(B22="","",(W22*F22)) -> 379500.04 | Z22: =IF(A22="","",AVERAGE(K22,Q22,W22)) -> 18503.334 | AA22: =IF(B22="","",Z22*F22) -> 370066.68 | AB22: =IF(B22="","",STDEV(M22,S22,Y22)) -> 24737.848 | AC22: =IF(B22="","",(AB22/AA22)) -> 0.066847002 | AD22: OK REVISIÓN FINAL DESVIACIÓN | AE22: BOLSA- NO VERIFICADAS COTIZACIONES | AF22: =IF(C22="","",VLOOKUP(C22,listaBolsa!$D$2:$BB$276,51,0)) -> #N/A | AG22: =IF(C22="","",VLOOKUP(C22,listaBolsa!$D$2:$H$276,5,0)) -> #N/A | AH22: =AG22=G22 -> #N/A | BG22: 13 | DA22: =VLOOKUP(C22,listaBolsa!$D$2:$BA$330,1,0) -> Mouse con cable | DB22: =VLOOKUP(C22,listaBolsa!$D$2:$BA$330,2,0) -> Mouse alámbrico con sensor óptico o láser de alta precisión (mínimo 1000 DPI), diseño ergonómico ambidiestro, conectividad USB tipo A plug & play, cable reforzado de mínimo 1.2 metros y una vida útil de al menos 3 millones de clics, garantizando rendimiento prolongado para uso continuo e intensivo. | DC22: =VLOOKUP(C22,listaBolsa!$D$2:$BA$330,10,0) -> CAPITAL COLOMBIA | DD22: =VLOOKUP(C22,listaBolsa!$D$2:$BA$330,14,0) -> 14369.75 | DE22: =VLOOKUP(C22,listaBolsa!$D$2:$BA$330,23,0) -> EXITO | DF22: =VLOOKUP(C22,listaBolsa!$D$2:$BA$330,27,0) -> 16331.93 | DG22: =VLOOKUP(C22,listaBolsa!$D$2:$BA$330,36,0) -> CARULLA | DH22: =VLOOKUP(C22,listaBolsa!$D$2:$BA$330,40,0) -> 15945.38 | DI22: =VLOOKUP(C22,listaBolsa!$D$2:$BA$330,48,0) -> 0.0668 | DJ22: =DA22=C22 -> TRUE | DK22: =DB22=D22 -> TRUE | DL22: =DC22=H22 -> TRUE | DM22: =DD22=I22 -> TRUE | DN22: =DE22=N22 -> TRUE | DO22: =DF22=O22 -> TRUE | DP22: =DG22=T22 -> TRUE | DQ22: =DH22=U22 -> TRUE | DR22: =DI22=AC22 -> FALSE
A23: =IF(B23<>"",BG23,"") -> 14 | B23: por completar información | C23: Diadema con micrófono | D23: Auriculares tipo diadema con micrófono integrado, con impedancia de 32 ohmios, potencia de salida de 30 mW y respuesta de frecuencia de 20 Hz a 20 kHz, que cuenten con cancelación de ruido pasiva o activa, diseño ergonómico y ajustable con almohadillas acolchadas y vincha reforzada, cable de mínimo 1.5 metros de longitud y conectividad dual (3.5 mm y/o USB) para compatibilidad con diversos dispositivos. | E23: Unidad | F23: 20 | G23: Compra | H23: HARD RENTAL | I23: 143000 | J23: =I23*19% -> 27170 | K23: =I23+J23 -> 170170 | L23: =IF(B23="","",(I23*F23)) -> 2860000 | M23: =IF(B23="","",(K23*F23)) -> 3403400 | N23: ROKA | O23: 152933.61 | P23: =O23*19% -> 29057.386 | Q23: =O23+P23 -> 181991 | R23: =IF(B23="","",(O23*F23)) -> 3058672.2 | S23: =IF(B23="","",(Q23*F23)) -> 3639819.9 | T23: FALABELLA | U23: 168067.23 | V23: =U23*19% -> 31932.774 | W23: =U23+V23 -> 200000 | X23: =IF(B23="","",(U23*F23)) -> 3361344.6 | Y23: =IF(B23="","",(W23*F23)) -> 4000000.1 | Z23: =IF(A23="","",AVERAGE(K23,Q23,W23)) -> 184053.67 | AA23: =IF(B23="","",Z23*F23) -> 3681073.3 | AB23: =IF(B23="","",STDEV(M23,S23,Y23)) -> 300431.85 | AC23: =IF(B23="","",(AB23/AA23)) -> 0.081615285 | AD23: OK REVISIÓN FINAL DESVIACIÓN | AE23: TRANSCRITA DE LA BOLSA | AF23: =IF(C23="","",VLOOKUP(C23,listaBolsa!$D$2:$BB$276,51,0)) -> #N/A | AG23: =IF(C23="","",VLOOKUP(C23,listaBolsa!$D$2:$H$276,5,0)) -> #N/A | AH23: =AG23=G23 -> #N/A | BG23: 14 | DA23: =VLOOKUP(C23,listaBolsa!$D$2:$BA$330,1,0) -> Diadema con micrófono | DB23: =VLOOKUP(C23,listaBolsa!$D$2:$BA$330,2,0) -> Auriculares tipo diadema con micrófono integrado, con impedancia de 32 ohmios, potencia de salida de 30 mW y respuesta de frecuencia de 20 Hz a 20 kHz, que cuenten con cancelación de ruido pasiva o activa, diseño ergonómico y ajustable con almohadillas acolchadas y vincha reforzada, cable de mínimo 1.5 metros de longitud y conectividad dual (3.5 mm y/o USB) para compatibilidad con diversos dispositivos. | DC23: =VLOOKUP(C23,listaBolsa!$D$2:$BA$330,10,0) -> HARD RENTAL | DD23: =VLOOKUP(C23,listaBolsa!$D$2:$BA$330,14,0) -> 143000 | DE23: =VLOOKUP(C23,listaBolsa!$D$2:$BA$330,23,0) -> ROKA | DF23: =VLOOKUP(C23,listaBolsa!$D$2:$BA$330,27,0) -> 152933.61 | DG23: =VLOOKUP(C23,listaBolsa!$D$2:$BA$330,36,0) -> FALABELLA | DH23: =VLOOKUP(C23,listaBolsa!$D$2:$BA$330,40,0) -> 168067.23 | DI23: =VLOOKUP(C23,listaBolsa!$D$2:$BA$330,48,0) -> 0.0816 | DJ23: =DA23=C23 -> TRUE | DK23: =DB23=D23 -> TRUE | DL23: =DC23=H23 -> TRUE | DM23: =DD23=I23 -> TRUE | DN23: =DE23=N23 -> TRUE | DO23: =DF23=O23 -> TRUE | DP23: =DG23=T23 -> TRUE | DQ23: =DH23=U23 -> TRUE | DR23: =DI23=AC23 -> FALSE
A24: =IF(B24<>"",BG24,"") -> 15 | B24: por completar información | C24: Forros para guardar computadores portatiles | D24: Forros para computador portátil de 14 pulgadas. Material: poliéster/nylon (resistente e impermeable) | E24: Unidad | F24: 20 | G24: Compra | H24: KTRONIX | I24: 46134.45 | J24: =I24*19% -> 8765.5455 | K24: =I24+J24 -> 54899.995 | L24: =IF(B24="","",(I24*F24)) -> 922689 | M24: =IF(B24="","",(K24*F24)) -> 1097999.9 | N24: ALKOSTO | O24: 46134.45 | P24: =O24*19% -> 8765.5455 | Q24: =O24+P24 -> 54899.995 | R24: =IF(B24="","",(O24*F24)) -> 922689 | S24: =IF(B24="","",(Q24*F24)) -> 1097999.9 | T24: PANAMERICANA | U24: 42773.11 | V24: =U24*19% -> 8126.8909 | W24: =U24+V24 -> 50900.001 | X24: =IF(B24="","",(U24*F24)) -> 855462.2 | Y24: =IF(B24="","",(W24*F24)) -> 1018000 | Z24: =IF(A24="","",AVERAGE(K24,Q24,W24)) -> 53566.664 | AA24: =IF(B24="","",Z24*F24) -> 1071333.3 | AB24: =IF(B24="","",STDEV(M24,S24,Y24)) -> 46187.959 | AC24: =IF(B24="","",(AB24/AA24)) -> 0.043112596 | AD24: OK REVISIÓN FINAL DESVIACIÓN | AE24: BOLSA- NO VERIFICADAS COTIZACIONES | AF24: =IF(C24="","",VLOOKUP(C24,listaBolsa!$D$2:$BB$276,51,0)) -> #N/A | AG24: =IF(C24="","",VLOOKUP(C24,listaBolsa!$D$2:$H$276,5,0)) -> #N/A | AH24: =AG24=G24 -> #N/A | BG24: 15 | DA24: =VLOOKUP(C24,listaBolsa!$D$2:$BA$330,1,0) -> Forros para guardar computadores portatiles | DB24: =VLOOKUP(C24,listaBolsa!$D$2:$BA$330,2,0) -> Forros para computador portátil de 14 pulgadas. Material: poliéster/nylon (resistente e impermeable) | DC24: =VLOOKUP(C24,listaBolsa!$D$2:$BA$330,10,0) -> KTRONIX | DD24: =VLOOKUP(C24,listaBolsa!$D$2:$BA$330,14,0) -> 46134.45 | DE24: =VLOOKUP(C24,listaBolsa!$D$2:$BA$330,23,0) -> ALKOSTO | DF24: =VLOOKUP(C24,listaBolsa!$D$2:$BA$330,27,0) -> 46134.45 | DG24: =VLOOKUP(C24,listaBolsa!$D$2:$BA$330,36,0) -> PANAMERICANA | DH24: =VLOOKUP(C24,listaBolsa!$D$2:$BA$330,40,0) -> 42773.11 | DI24: =VLOOKUP(C24,listaBolsa!$D$2:$BA$330,48,0) -> 0.0431 | DJ24: =DA24=C24 -> TRUE | DK24: =DB24=D24 -> TRUE | DL24: =DC24=H24 -> TRUE | DM24: =DD24=I24 -> TRUE | DN24: =DE24=N24 -> TRUE | DO24: =DF24=O24 -> TRUE | DP24: =DG24=T24 -> TRUE | DQ24: =DH24=U24 -> TRUE | DR24: =DI24=AC24 -> FALSE
A25: =IF(B25<>"",BG25,"") -> 16 | B25: por completar información | C25: Multitoma Estabilizador | D25: Este estabilizador de 600 Watts con Supresor de Picos, soporta Equipos de Sonido, Computadores de Mesa y Portatiles, Televisores Smart TV, Consolas de Video Juegos, Zonas de Entretenimiento, DVD, Blu Ray y todos aquellos dispositivos que la potencia no supere los 600 Vatios. Referencia: PRO PC 1000 Capacidad: 1000 VA - 1 KVA | E25: Unidad | F25: 4 | G25: Compra | H25: FALABELLA | I25: 58823.53 | J25: =I25*19% -> 11176.471 | K25: =I25+J25 -> 70000.001 | L25: =IF(B25="","",(I25*F25)) -> 235294.12 | M25: =IF(B25="","",(K25*F25)) -> 280000 | N25: MIPC | O25: 63025.21 | P25: =O25*19% -> 11974.79 | Q25: =O25+P25 -> 75000 | R25: =IF(B25="","",(O25*F25)) -> 252100.84 | S25: =IF(B25="","",(Q25*F25)) -> 300000 | T25: OPTIMUSTECH | U25: 62941.18 | V25: =U25*19% -> 11958.824 | W25: =U25+V25 -> 74900.004 | X25: =IF(B25="","",(U25*F25)) -> 251764.72 | Y25: =IF(B25="","",(W25*F25)) -> 299600.02 | Z25: =IF(A25="","",AVERAGE(K25,Q25,W25)) -> 73300.002 | AA25: =IF(B25="","",Z25*F25) -> 293200.01 | AB25: =IF(B25="","",STDEV(M25,S25,Y25)) -> 11433.288 | AC25: =IF(B25="","",(AB25/AA25)) -> 0.038994841 | AD25: OK REVISIÓN FINAL DESVIACIÓN | AE25: BOLSA- NO VERIFICADAS COTIZACIONES | AF25: =IF(C25="","",VLOOKUP(C25,listaBolsa!$D$2:$BB$276,51,0)) -> #N/A | AG25: =IF(C25="","",VLOOKUP(C25,listaBolsa!$D$2:$H$276,5,0)) -> #N/A | AH25: =AG25=G25 -> #N/A | BG25: 16 | DA25: =VLOOKUP(C25,listaBolsa!$D$2:$BA$330,1,0) -> Multitoma Estabilizador | DB25: =VLOOKUP(C25,listaBolsa!$D$2:$BA$330,2,0) -> Este estabilizador de 600 Watts con Supresor de Picos, soporta Equipos de Sonido, Computadores de Mesa y Portatiles, Televisores Smart TV, Consolas de Video Juegos, Zonas de Entretenimiento, DVD, Blu Ray y todos aquellos dispositivos que la potencia no supere los 600 Vatios. Referencia: PRO PC 1000 Capacidad: 1000 VA - 1 KVA | DC25: =VLOOKUP(C25,listaBolsa!$D$2:$BA$330,10,0) -> FALABELLA | DD25: =VLOOKUP(C25,listaBolsa!$D$2:$BA$330,14,0) -> 58823.53 | DE25: =VLOOKUP(C25,listaBolsa!$D$2:$BA$330,23,0) -> MIPC | DF25: =VLOOKUP(C25,listaBolsa!$D$2:$BA$330,27,0) -> 63025.21 | DG25: =VLOOKUP(C25,listaBolsa!$D$2:$BA$330,36,0) -> OPTIMUSTECH | DH25: =VLOOKUP(C25,listaBolsa!$D$2:$BA$330,40,0) -> 62941.18 | DI25: =VLOOKUP(C25,listaBolsa!$D$2:$BA$330,48,0) -> 0.039 | DJ25: =DA25=C25 -> TRUE | DK25: =DB25=D25 -> TRUE | DL25: =DC25=H25 -> TRUE | DM25: =DD25=I25 -> TRUE | DN25: =DE25=N25 -> TRUE | DO25: =DF25=O25 -> TRUE | DP25: =DG25=T25 -> TRUE | DQ25: =DH25=U25 -> TRUE | DR25: =DI25=AC25 -> FALSE
A26: =IF(B26<>"",BG26,"") -> 17 | B26: por completar información | C26: Extensión eléctrica | D26: Medidas: 30 Metros Encauchetada 110-220v | E26: Unidad | F26: 2 | G26: Compra | H26: LUEGOPAGO | I26: 70252.1 | J26: =I26*19% -> 13347.899 | K26: =I26+J26 -> 83599.999 | L26: =IF(B26="","",(I26*F26)) -> 140504.2 | M26: =IF(B26="","",(K26*F26)) -> 167200 | N26: FERRETERIA ONLINE | O26: 71008.4 | P26: =O26*19% -> 13491.596 | Q26: =O26+P26 -> 84499.996 | R26: =IF(B26="","",(O26*F26)) -> 142016.8 | S26: =IF(B26="","",(Q26*F26)) -> 168999.99 | T26: GAMAFERIMPORTACIONES | U26: 91596.64 | V26: =U26*19% -> 17403.362 | W26: =U26+V26 -> 109000 | X26: =IF(B26="","",(U26*F26)) -> 183193.28 | Y26: =IF(B26="","",(W26*F26)) -> 218000 | Z26: =IF(A26="","",AVERAGE(K26,Q26,W26)) -> 92366.666 | AA26: =IF(B26="","",Z26*F26) -> 184733.33 | AB26: =IF(B26="","",STDEV(M26,S26,Y26)) -> 28823.837 | AC26: =IF(B26="","",(AB26/AA26)) -> 0.15602944 | AD26: OK REVISIÓN FINAL DESVIACIÓN | AE26: BOLSA- NO VERIFICADAS COTIZACIONES | AF26: =IF(C26="","",VLOOKUP(C26,listaBolsa!$D$2:$BB$276,51,0)) -> #N/A | AG26: =IF(C26="","",VLOOKUP(C26,listaBolsa!$D$2:$H$276,5,0)) -> #N/A | AH26: =AG26=G26 -> #N/A | BG26: 17 | DA26: =VLOOKUP(C26,listaBolsa!$D$2:$BA$330,1,0) -> Extensión eléctrica | DB26: =VLOOKUP(C26,listaBolsa!$D$2:$BA$330,2,0) -> Medidas: 30 Metros Encauchetada 110-220v | DC26: =VLOOKUP(C26,listaBolsa!$D$2:$BA$330,10,0) -> LUEGOPAGO | DD26: =VLOOKUP(C26,listaBolsa!$D$2:$BA$330,14,0) -> 70252.1 | DE26: =VLOOKUP(C26,listaBolsa!$D$2:$BA$330,23,0) -> FERRETERIA ONLINE | DF26: =VLOOKUP(C26,listaBolsa!$D$2:$BA$330,27,0) -> 71008.4 | DG26: =VLOOKUP(C26,listaBolsa!$D$2:$BA$330,36,0) -> GAMAFERIMPORTACIONES | DH26: =VLOOKUP(C26,listaBolsa!$D$2:$BA$330,40,0) -> 91596.64 | DI26: =VLOOKUP(C26,listaBolsa!$D$2:$BA$330,48,0) -> 0.156 | DJ26: =DA26=C26 -> TRUE | DK26: =DB26=D26 -> TRUE | DL26: =DC26=H26 -> TRUE | DM26: =DD26=I26 -> TRUE | DN26: =DE26=N26 -> TRUE | DO26: =DF26=O26 -> TRUE | DP26: =DG26=T26 -> TRUE | DQ26: =DH26=U26 -> TRUE | DR26: =DI26=AC26 -> FALSE
A27: =IF(B27<>"",BG27,"") -> 18 | B27: por completar información | C27: Impresora | D27: Tecnología de impresión Inyección de tinta Heat-Free MicroPiezo de 4 colores (CMYK) Resolución máxima de impresión Hasta 5.760 dpi x 1.440 dpi Velocidad de impresión máxima Negro 33 ppm y color 15 ppm (borrador, A4/carta) Velocidad de impresión ISO Negro 10 ppm y color 15 ppm (A4/carta) COPIAS Velocidad de copiado ISO Negro 7,7 cpm y color 3,8 cpm (A4/carta) Resolución máxima de copiado 1.200 dpi x 2.400 dpi Tamaño máximo de copiado A4/carta ESCANEO Tipo de escáner Cama plana con sensor de líneas CIS de color Área de escaneo máxima 216 mm x 297 mm Resolución óptica/máxima 1.200 dpi x 2.400 dpi Profundidad de color Color: 48 bits de entrada, 24 bits de salida - Escala de grises: 16 bits de entrada, 8 bits de salida - Blanco y negro: 16 bits, 1 bit de salida Conectividad estándar USB de alta velocidad (compatible con USB 2.0), Wi-Fi, Wi-Fi Direct Protocolos de impresión en red TCP/IPv4, TCP/IPv6 Protocolos para gestión de redes SNMP, http, DHCP, APIPA, PING, DDNS, mDNS, SLP, WSD, LLTD Seguridad WLAN WEP (64bit/128bit),WPA-PSK (TKIP), WPA2-PSK (AES),WPA3-SAE (AES) | E27: Unidad | F27: 1 | G27: Compra | H27: =IF(C27="","",VLOOKUP(C27,listaBolsa!$D$2:$W$1276,10,0)) -> SYSTORE | I27: =IF(C27="","",VLOOKUP(C27,listaBolsa!$D$2:$W$1276,14,0)) -> 743697.48 | J27: =I27*19% -> 141302.52 | K27: =I27+J27 -> 885000 | L27: =IF(B27="","",(I27*F27)) -> 743697.48 | M27: =IF(B27="","",(K27*F27)) -> 885000 | N27: =IF(C27="","",VLOOKUP(C27,listaBolsa!$D$2:$AZ$1276,23,0)) -> TECHNOLOGY STORE | O27: =IF(C27="","",VLOOKUP(C27,listaBolsa!$D$2:$AZ$1276,27,0)) -> 839495.8 | P27: =O27*19% -> 159504.2 | Q27: =O27+P27 -> 999000 | R27: =IF(B27="","",(O27*F27)) -> 839495.8 | S27: =IF(B27="","",(Q27*F27)) -> 999000 | T27: =IF(C27="","",VLOOKUP(C27,listaBolsa!$D$2:$BB$1276,36,0)) -> FALABELLA | U27: =IF(C27="","",VLOOKUP(C27,listaBolsa!$D$2:$BB$1276,40,0)) -> 923529.41 | V27: =U27*19% -> 175470.59 | W27: =U27+V27 -> 1099000 | X27: =IF(B27="","",(U27*F27)) -> 923529.41 | Y27: =IF(B27="","",(W27*F27)) -> 1099000 | Z27: =IF(A27="","",AVERAGE(K27,Q27,W27)) -> 994333.33 | AA27: =IF(B27="","",Z27*F27) -> 994333.33 | AB27: =IF(B27="","",STDEV(M27,S27,Y27)) -> 107076.3 | AC27: =IF(B27="","",(AB27/AA27)) -> 0.10768652 | AD27: OK REVISIÓN FINAL DESVIACIÓN | AF27: =IF(C27="","",VLOOKUP(C27,listaBolsa!$D$2:$BB$276,51,0)) -> #N/A | AG27: =IF(C27="","",VLOOKUP(C27,listaBolsa!$D$2:$H$276,5,0)) -> #N/A | AH27: =AG27=G27 -> #N/A | BG27: 18 | DA27: =VLOOKUP(C27,listaBolsa!$D$2:$BA$330,1,0) -> Impresora | DB27: =VLOOKUP(C27,listaBolsa!$D$2:$BA$330,2,0) -> Tecnología de impresión Inyección de tinta Heat-Free MicroPiezo de 4 colores (CMYK) Resolución máxima de impresión Hasta 5.760 dpi x 1.440 dpi Velocidad de impresión máxima Negro 33 ppm y color 15 ppm (borrador, A4/carta) Velocidad de impresión ISO Negro 10 ppm y color 15 ppm (A4/carta) COPIAS Velocidad de copiado ISO Negro 7,7 cpm y color 3,8 cpm (A4/carta) Resolución máxima de copiado 1.200 dpi x 2.400 dpi Tamaño máximo de copiado A4/carta ESCANEO Tipo de escáner Cama plana con sensor de líneas CIS de color Área de escaneo máxima 216 mm x 297 mm Resolución óptica/máxima 1.200 dpi x 2.400 dpi Profundidad de color Color: 48 bits de entrada, 24 bits de salida - Escala de grises: 16 bits de entrada, 8 bits de salida - Blanco y negro: 16 bits, 1 bit de salida Conectividad estándar USB de alta velocidad (compatible con USB 2.0), Wi-Fi, Wi-Fi Direct Protocolos de impresión en red TCP/IPv4, TCP/IPv6 Protocolos para gestión de redes SNMP, http, DHCP, APIPA, PING, DDNS, mDNS, SLP, WSD, LLTD Seguridad WLAN WEP (64bit/128bit),WPA-PSK (TKIP), WPA2-PSK (AES),WPA3-SAE (AES) | DC27: =VLOOKUP(C27,listaBolsa!$D$2:$BA$330,10,0) -> SYSTORE | DD27: =VLOOKUP(C27,listaBolsa!$D$2:$BA$330,14,0) -> 743697.48 | DE27: =VLOOKUP(C27,listaBolsa!$D$2:$BA$330,23,0) -> TECHNOLOGY STORE | DF27: =VLOOKUP(C27,listaBolsa!$D$2:$BA$330,27,0) -> 839495.8 | DG27: =VLOOKUP(C27,listaBolsa!$D$2:$BA$330,36,0) -> FALABELLA | DH27: =VLOOKUP(C27,listaBolsa!$D$2:$BA$330,40,0) -> 923529.41 | DI27: =VLOOKUP(C27,listaBolsa!$D$2:$BA$330,48,0) -> 0.1077 | DJ27: =DA27=C27 -> TRUE | DK27: =DB27=D27 -> TRUE | DL27: =DC27=H27 -> TRUE | DM27: =DD27=I27 -> TRUE | DN27: =DE27=N27 -> TRUE | DO27: =DF27=O27 -> TRUE | DP27: =DG27=T27 -> TRUE | DQ27: =DH27=U27 -> TRUE | DR27: =DI27=AC27 -> FALSE
A28: =IF(B28<>"",BG28,"") -> 20 | B28: por completar información | C28: Mat para yoga | D28: Material TPE (Elastómero termoplástico) Superficie de diseño por inyección Medidas: Largo: 173 cm Ancho: 61 cm Espesor:0.6 cm. Con estuche. | E28: Unidad | F28: 40 | G28: Compra | H28: =IF(C28="","",VLOOKUP(C28,listaBolsa!$D$2:$W$1276,10,0)) -> FALABELLA | I28: =IF(C28="","",VLOOKUP(C28,listaBolsa!$D$2:$W$1276,14,0)) -> 37731.09 | J28: =I28*19% -> 7168.9071 | K28: =I28+J28 -> 44899.997 | L28: =IF(B28="","",(I28*F28)) -> 1509243.6 | M28: =IF(B28="","",(K28*F28)) -> 1795999.9 | N28: =IF(C28="","",VLOOKUP(C28,listaBolsa!$D$2:$AZ$1276,23,0)) -> HOMECENTER | O28: =IF(C28="","",VLOOKUP(C28,listaBolsa!$D$2:$AZ$1276,27,0)) -> 37731.09 | P28: =O28*19% -> 7168.9071 | Q28: =O28+P28 -> 44899.997 | R28: =IF(B28="","",(O28*F28)) -> 1509243.6 | S28: =IF(B28="","",(Q28*F28)) -> 1795999.9 | T28: =IF(C28="","",VLOOKUP(C28,listaBolsa!$D$2:$BB$1276,36,0)) -> MOVIFIT | U28: =IF(C28="","",VLOOKUP(C28,listaBolsa!$D$2:$BB$1276,40,0)) -> 32436.97 | V28: =U28*19% -> 6163.0243 | W28: =U28+V28 -> 38599.994 | X28: =IF(B28="","",(U28*F28)) -> 1297478.8 | Y28: =IF(B28="","",(W28*F28)) -> 1543999.8 | Z28: =IF(A28="","",AVERAGE(K28,Q28,W28)) -> 42799.996 | AA28: =IF(B28="","",Z28*F28) -> 1711999.8 | AB28: =IF(B28="","",STDEV(M28,S28,Y28)) -> 145492.33 | AC28: =IF(B28="","",(AB28/AA28)) -> 0.084983847 | AD28: OK REVISIÓN FINAL DESVIACIÓN | AF28: =IF(C28="","",VLOOKUP(C28,listaBolsa!$D$2:$BB$276,51,0)) -> #N/A | AG28: =IF(C28="","",VLOOKUP(C28,listaBolsa!$D$2:$H$276,5,0)) -> #N/A | AH28: =AG28=G28 -> #N/A | BG28: 20 | DA28: =VLOOKUP(C28,listaBolsa!$D$2:$BA$330,1,0) -> Mat para yoga | DB28: =VLOOKUP(C28,listaBolsa!$D$2:$BA$330,2,0) -> Material TPE (Elastómero termoplástico) Superficie de diseño por inyección Medidas: Largo: 173 cm Ancho: 61 cm Espesor:0.6 cm. Con estuche. | DC28: =VLOOKUP(C28,listaBolsa!$D$2:$BA$330,10,0) -> FALABELLA | DD28: =VLOOKUP(C28,listaBolsa!$D$2:$BA$330,14,0) -> 37731.09 | DE28: =VLOOKUP(C28,listaBolsa!$D$2:$BA$330,23,0) -> HOMECENTER | DF28: =VLOOKUP(C28,listaBolsa!$D$2:$BA$330,27,0) -> 37731.09 | DG28: =VLOOKUP(C28,listaBolsa!$D$2:$BA$330,36,0) -> MOVIFIT | DH28: =VLOOKUP(C28,listaBolsa!$D$2:$BA$330,40,0) -> 32436.97 | DI28: =VLOOKUP(C28,listaBolsa!$D$2:$BA$330,48,0) -> 0.085 | DJ28: =DA28=C28 -> TRUE | DK28: =DB28=D28 -> TRUE | DL28: =DC28=H28 -> TRUE | DM28: =DD28=I28 -> TRUE | DN28: =DE28=N28 -> TRUE | DO28: =DF28=O28 -> TRUE | DP28: =DG28=T28 -> TRUE | DQ28: =DH28=U28 -> TRUE | DR28: =DI28=AC28 -> FALSE
A29: =IF(B29<>"",BG29,"") -> 21 | B29: por completar información | C29: Bloques de yoga | D29: Material: TPE (Elastómero termoplástico) de alta densidad. Medidas: Largo; 23 cm. Ancho; 8 cm. Alto; 15.5 cm | E29: Unidad | F29: 40 | G29: Compra | H29: =IF(C29="","",VLOOKUP(C29,listaBolsa!$D$2:$W$1276,10,0)) -> SPORFITNES | I29: =IF(C29="","",VLOOKUP(C29,listaBolsa!$D$2:$W$1276,14,0)) -> 10000 | J29: =I29*19% -> 1900 | K29: =I29+J29 -> 11900 | L29: =IF(B29="","",(I29*F29)) -> 400000 | M29: =IF(B29="","",(K29*F29)) -> 476000 | N29: =IF(C29="","",VLOOKUP(C29,listaBolsa!$D$2:$AZ$1276,23,0)) -> CICLEWEAR | O29: =IF(C29="","",VLOOKUP(C29,listaBolsa!$D$2:$AZ$1276,27,0)) -> 11764.71 | P29: =O29*19% -> 2235.2949 | Q29: =O29+P29 -> 14000.005 | R29: =IF(B29="","",(O29*F29)) -> 470588.4 | S29: =IF(B29="","",(Q29*F29)) -> 560000.2 | T29: =IF(C29="","",VLOOKUP(C29,listaBolsa!$D$2:$BB$1276,36,0)) -> OLIMPICA | U29: =IF(C29="","",VLOOKUP(C29,listaBolsa!$D$2:$BB$1276,40,0)) -> 13697.48 | V29: =U29*19% -> 2602.5212 | W29: =U29+V29 -> 16300.001 | X29: =IF(B29="","",(U29*F29)) -> 547899.2 | Y29: =IF(B29="","",(W29*F29)) -> 652000.05 | Z29: =IF(A29="","",AVERAGE(K29,Q29,W29)) -> 14066.669 | AA29: =IF(B29="","",Z29*F29) -> 562666.75 | AB29: =IF(B29="","",STDEV(M29,S29,Y29)) -> 88030.319 | AC29: =IF(B29="","",(AB29/AA29)) -> 0.15645197 | AD29: CAMBIARON LAS COTIZACIONES | AE29: TRANSCRITA DE LA BOLSA | AF29: =IF(C29="","",VLOOKUP(C29,listaBolsa!$D$2:$BB$276,51,0)) -> Cotizaciones entegadas por el equipo de cotizaciones-LUZ JIMENEZ | AG29: =IF(C29="","",VLOOKUP(C29,listaBolsa!$D$2:$H$276,5,0)) -> Compra | AH29: =AG29=G29 -> TRUE | BG29: 21 | DA29: =VLOOKUP(C29,listaBolsa!$D$2:$BA$330,1,0) -> Bloques de yoga | DB29: =VLOOKUP(C29,listaBolsa!$D$2:$BA$330,2,0) -> Material: TPE (Elastómero termoplástico) de alta densidad. Medidas: Largo; 23 cm. Ancho; 8 cm. Alto; 15.5 cm | DC29: =VLOOKUP(C29,listaBolsa!$D$2:$BA$330,10,0) -> SPORFITNES | DD29: =VLOOKUP(C29,listaBolsa!$D$2:$BA$330,14,0) -> 10000 | DE29: =VLOOKUP(C29,listaBolsa!$D$2:$BA$330,23,0) -> CICLEWEAR | DF29: =VLOOKUP(C29,listaBolsa!$D$2:$BA$330,27,0) -> 11764.71 | DG29: =VLOOKUP(C29,listaBolsa!$D$2:$BA$330,36,0) -> OLIMPICA | DH29: =VLOOKUP(C29,listaBolsa!$D$2:$BA$330,40,0) -> 13697.48 | DI29: =VLOOKUP(C29,listaBolsa!$D$2:$BA$330,48,0) -> 0.1565 | DJ29: =DA29=C29 -> TRUE | DK29: =DB29=D29 -> TRUE | DL29: =DC29=H29 -> TRUE | DM29: =DD29=I29 -> TRUE | DN29: =DE29=N29 -> TRUE | DO29: =DF29=O29 -> TRUE | DP29: =DG29=T29 -> TRUE | DQ29: =DH29=U29 -> TRUE | DR29: =DI29=AC29 -> FALSE
A30: =IF(B30<>"",BG30,"") -> 22 | B30: por completar información | C30: Juego Didáctico Montessori Educativo | D30: Cubo de actividad de madera 6 en 1: este cubo de actividad para bebé mantiene al niño entretenido con el clasificador de formas, pista de laberinto de cuentas, aprendizaje de reloj, coincidencia de números, rompecabezas de doble cara, que cumple perfectamente con los requisitos de los pequeños exploradores. Mantendrá a los bebés niños y niñas desarrollando sus habilidades mentales y de coordinación. Impresionantes juguetes para bebés de 6 a 12 meses, juguetes para bebés de 6 a 12 meses, juguetes para niños pequeños de 1 a 2 años. | E30: Unidad | F30: 4 | G30: Compra | H30: =IF(C30="","",VLOOKUP(C30,listaBolsa!$D$2:$W$1276,10,0)) -> FALABELLA | I30: =IF(C30="","",VLOOKUP(C30,listaBolsa!$D$2:$W$1276,14,0)) -> 94117.65 | J30: =I30*19% -> 17882.353 | K30: =I30+J30 -> 112000 | L30: =IF(B30="","",(I30*F30)) -> 376470.6 | M30: =IF(B30="","",(K30*F30)) -> 448000.01 | N30: =IF(C30="","",VLOOKUP(C30,listaBolsa!$D$2:$AZ$1276,23,0)) -> 0 | O30: =IF(C30="","",VLOOKUP(C30,listaBolsa!$D$2:$AZ$1276,27,0)) -> $ - | P30: =O30*19% -> #VALUE! | Q30: =O30+P30 -> #VALUE! | R30: =IF(B30="","",(O30*F30)) -> #VALUE! | S30: =IF(B30="","",(Q30*F30)) -> #VALUE! | T30: =IF(C30="","",VLOOKUP(C30,listaBolsa!$D$2:$BB$1276,36,0)) -> 0 | U30: =IF(C30="","",VLOOKUP(C30,listaBolsa!$D$2:$BB$1276,40,0)) -> $ - | V30: =U30*19% -> #VALUE! | W30: =U30+V30 -> #VALUE! | X30: =IF(B30="","",(U30*F30)) -> #VALUE! | Y30: =IF(B30="","",(W30*F30)) -> #VALUE! | Z30: =IF(A30="","",AVERAGE(K30,Q30,W30)) -> #VALUE! | AA30: =IF(B30="","",Z30*F30) -> #VALUE! | AB30: =IF(B30="","",STDEV(M30,S30,Y30)) -> #VALUE! | AC30: =IF(B30="","",(AB30/AA30)) -> #VALUE! | AD30: SOLO TIENE UNA COTIZACIÓN | AE30: DESCRIPCIÓN DIFERENTE | AF30: =IF(C30="","",VLOOKUP(C30,listaBolsa!$D$2:$BB$276,51,0)) -> #N/A | AG30: =IF(C30="","",VLOOKUP(C30,listaBolsa!$D$2:$H$276,5,0)) -> #N/A | AH30: =AG30=G30 -> #N/A | BG30: 22 | DA30: =VLOOKUP(C30,listaBolsa!$D$2:$BA$330,1,0) -> Juego Didáctico Montessori Educativo | DB30: =VLOOKUP(C30,listaBolsa!$D$2:$BA$330,2,0) -> Cubo de actividad de madera 6 en 1: este cubo de actividad para bebé mantiene al niño entretenido con el clasificador de formas, pista de laberinto de cuentas, aprendizaje de reloj, coincidencia de números, rompecabezas de doble cara, que cumple perfectamente con los requisitos de los pequeños exploradores. Mantendrá a los bebés niños y niñas desarrollando sus habilidades mentales y de coordinación. Impresionantes juguetes para bebés de 6 a 12 meses, juguetes para bebés de 6 a 12 meses, juguetes para niños pequeños de 1 a 2 años. | DC30: =VLOOKUP(C30,listaBolsa!$D$2:$BA$330,10,0) -> FALABELLA | DD30: =VLOOKUP(C30,listaBolsa!$D$2:$BA$330,14,0) -> 94117.65 | DE30: =VLOOKUP(C30,listaBolsa!$D$2:$BA$330,23,0) -> 0 | DF30: =VLOOKUP(C30,listaBolsa!$D$2:$BA$330,27,0) -> $ - | DG30: =VLOOKUP(C30,listaBolsa!$D$2:$BA$330,36,0) -> 0 | DH30: =VLOOKUP(C30,listaBolsa!$D$2:$BA$330,40,0) -> $ - | DI30: =VLOOKUP(C30,listaBolsa!$D$2:$BA$330,48,0) -> #DIV/0! | DJ30: =DA30=C30 -> TRUE | DK30: =DB30=D30 -> TRUE | DL30: =DC30=H30 -> TRUE | DM30: =DD30=I30 -> TRUE | DN30: =DE30=N30 -> TRUE | DO30: =DF30=O30 -> TRUE | DP30: =DG30=T30 -> TRUE | DQ30: =DH30=U30 -> TRUE | DR30: =DI30=AC30 -> #DIV/0!
A31: =IF(B31<>"",BG31,"") -> 23 | B31: por completar información | C31: Arma todo | D31: Armotodo x 110 Piezas: Creatividad y Aprendizaje en Bloques variedad colores Diversidad de Construcciones: Con 110 bloques, ofrece infinitas posibilidades de juego. La bolsa incluida, con dimensiones de 33x23x22 cm y un peso de 1.27 kg. Material propileno | E31: Unidad | F31: 4 | G31: Compra | H31: HOMECENTER | I31: 109159.66 | J31: =I31*19% -> 20740.335 | K31: =I31+J31 -> 129900 | L31: =IF(B31="","",(I31*F31)) -> 436638.64 | M31: =IF(B31="","",(K31*F31)) -> 519599.98 | N31: EXITO | O31: 109159.66 | P31: =O31*19% -> 20740.335 | Q31: =O31+P31 -> 129900 | R31: =IF(B31="","",(O31*F31)) -> 436638.64 | S31: =IF(B31="","",(Q31*F31)) -> 519599.98 | T31: FALABELLA | U31: 109159.66 | V31: =U31*19% -> 20740.335 | W31: =U31+V31 -> 129900 | X31: =IF(B31="","",(U31*F31)) -> 436638.64 | Y31: =IF(B31="","",(W31*F31)) -> 519599.98 | Z31: =IF(A31="","",AVERAGE(K31,Q31,W31)) -> 129900 | AA31: =IF(B31="","",Z31*F31) -> 519599.98 | AB31: =IF(B31="","",STDEV(M31,S31,Y31)) -> 0 | AC31: =IF(B31="","",(AB31/AA31)) -> 0 | AD31: OK REVISIÓN FINAL DESVIACIÓN | AE31: TRANSCRITA DE LA BOLSA | AF31: =IF(C31="","",VLOOKUP(C31,listaBolsa!$D$2:$BB$276,51,0)) -> Cotizaciones entegadas por el equipo de cotizaciones-LUZ JIMENEZ | AG31: =IF(C31="","",VLOOKUP(C31,listaBolsa!$D$2:$H$276,5,0)) -> Compra | AH31: =AG31=G31 -> TRUE | BG31: 23 | DA31: =VLOOKUP(C31,listaBolsa!$D$2:$BA$330,1,0) -> Arma todo | DB31: =VLOOKUP(C31,listaBolsa!$D$2:$BA$330,2,0) -> Armotodo x 110 Piezas: Creatividad y Aprendizaje en Bloques variedad colores Diversidad de Construcciones: Con 110 bloques, ofrece infinitas posibilidades de juego. La bolsa incluida, con dimensiones de 33x23x22 cm y un peso de 1.27 kg. Material propileno | DC31: =VLOOKUP(C31,listaBolsa!$D$2:$BA$330,10,0) -> HOMECENTER | DD31: =VLOOKUP(C31,listaBolsa!$D$2:$BA$330,14,0) -> 109159.66 | DE31: =VLOOKUP(C31,listaBolsa!$D$2:$BA$330,23,0) -> EXITO | DF31: =VLOOKUP(C31,listaBolsa!$D$2:$BA$330,27,0) -> 109159.66 | DG31: =VLOOKUP(C31,listaBolsa!$D$2:$BA$330,36,0) -> FALABELLA | DH31: =VLOOKUP(C31,listaBolsa!$D$2:$BA$330,40,0) -> 109159.66 | DI31: =VLOOKUP(C31,listaBolsa!$D$2:$BA$330,48,0) -> 0 | DJ31: =DA31=C31 -> TRUE | DK31: =DB31=D31 -> TRUE | DL31: =DC31=H31 -> TRUE | DM31: =DD31=I31 -> TRUE | DN31: =DE31=N31 -> TRUE | DO31: =DF31=O31 -> TRUE | DP31: =DG31=T31 -> TRUE | DQ31: =DH31=U31 -> TRUE | DR31: =DI31=AC31 -> TRUE
A32: =IF(B32<>"",BG32,"") -> 24 | B32: por completar información | C32: Silla ergonómica | D32: Silla Ergonómica. Espaldar: Material malla color negro con Apoyo Lumbar ajustable en Profundidad. Brazos: Ajustables en Altura. Asiento: Material Tapizado en Paño color negro, Espuma moldeada tipo inyectada. Densidad 23, Espesor 6cm. Mecanismo: Un bloqueo y graduación de altura en asiento.Movimiento basculante en espalda cuando no está en posición fija, tensión graduable del basculante.Columna neumática: Ajuste de altura del asiento con elevación de gas. Material Acero Desplazamiento 120mm Base: Estrella de 5 aspas. Radio 300mm. Material Acero Nylon. Rodachinas: Doble carrete. Material Nylon color negro.Diámetro 50mm. | E32: Unidad | F32: 8 | G32: Compra | H32: ERGONOMUS | I32: 378067.23 | J32: =I32*19% -> 71832.774 | K32: =I32+J32 -> 449900 | L32: =IF(B32="","",(I32*F32)) -> 3024537.8 | M32: =IF(B32="","",(K32*F32)) -> 3599200 | N32: FALABELLA | O32: 294033.61 | P32: =O32*19% -> 55866.386 | Q32: =O32+P32 -> 349900 | R32: =IF(B32="","",(O32*F32)) -> 2352268.9 | S32: =IF(B32="","",(Q32*F32)) -> 2799200 | T32: KAO | U32: 336050.42 | V32: =U32*19% -> 63849.58 | W32: =U32+V32 -> 399900 | X32: =IF(B32="","",(U32*F32)) -> 2688403.4 | Y32: =IF(B32="","",(W32*F32)) -> 3199200 | Z32: =IF(A32="","",AVERAGE(K32,Q32,W32)) -> 399900 | AA32: =IF(B32="","",Z32*F32) -> 3199200 | AB32: =IF(B32="","",STDEV(M32,S32,Y32)) -> 400000.03 | AC32: =IF(B32="","",(AB32/AA32)) -> 0.12503127 | AD32: OK REVISIÓN FINAL DESVIACIÓN | AF32: =IF(C32="","",VLOOKUP(C32,listaBolsa!$D$2:$BB$276,51,0)) -> #N/A | AG32: =IF(C32="","",VLOOKUP(C32,listaBolsa!$D$2:$H$276,5,0)) -> #N/A | AH32: =AG32=G32 -> #N/A | BG32: 24 | DA32: =VLOOKUP(C32,listaBolsa!$D$2:$BA$330,1,0) -> Silla ergonómica | DB32: =VLOOKUP(C32,listaBolsa!$D$2:$BA$330,2,0) -> Silla Ergonómica. Espaldar: Material malla color negro con Apoyo Lumbar ajustable en Profundidad. Brazos: Ajustables en Altura. Asiento: Material Tapizado en Paño color negro, Espuma moldeada tipo inyectada. Densidad 23, Espesor 6cm. Mecanismo: Un bloqueo y graduación de altura en asiento.Movimiento basculante en espalda cuando no está en posición fija, tensión graduable del basculante.Columna neumática: Ajuste de altura del asiento con elevación de gas. Material Acero Desplazamiento 120mm Base: Estrella de 5 aspas. Radio 300mm. Material Acero Nylon. Rodachinas: Doble carrete. Material Nylon color negro.Diámetro 50mm. | DC32: =VLOOKUP(C32,listaBolsa!$D$2:$BA$330,10,0) -> EXITO | DD32: =VLOOKUP(C32,listaBolsa!$D$2:$BA$330,14,0) -> 646974.79 | DE32: =VLOOKUP(C32,listaBolsa!$D$2:$BA$330,23,0) -> FALABELLA | DF32: =VLOOKUP(C32,listaBolsa!$D$2:$BA$330,27,0) -> 718403.36 | DG32: =VLOOKUP(C32,listaBolsa!$D$2:$BA$330,36,0) -> ERGOMONUS | DH32: =VLOOKUP(C32,listaBolsa!$D$2:$BA$330,40,0) -> 672268.91 | DI32: =VLOOKUP(C32,listaBolsa!$D$2:$BA$330,48,0) -> 0.0533 | DJ32: =DA32=C32 -> TRUE | DK32: =DB32=D32 -> FALSE | DL32: =DC32=H32 -> FALSE | DM32: =DD32=I32 -> FALSE | DN32: =DE32=N32 -> TRUE | DO32: =DF32=O32 -> FALSE | DP32: =DG32=T32 -> FALSE | DQ32: =DH32=U32 -> FALSE | DR32: =DI32=AC32 -> FALSE
A33: =IF(B33<>"",BG33,"") -> 25 | B33: por completar información | C33: Carpa 3 x 3 | D33: Carpa Plegable para Exterior -Bolsa de Transporte con Ruedas -Carpas 3MX3M tipo popup de fácil armado, con sistema plegable de apertura automática mediante bisagras articuladas. -La lona de polietileno de alta densidad (PEHD), impermeable y con protección UV, y la estructura de tubos de acero galvanizado o aluminio anodizado, resistentes a la corrosión. Ancho: 25.40 cm Alto: 25.40 cm Largo: 182.88 cm Color: blanco | E33: Unidad | F33: 3 | G33: Compra | H33: =IF(C33="","",VLOOKUP(C33,listaBolsa!$D$2:$W$1276,10,0)) -> FALABELLA | I33: =IF(C33="","",VLOOKUP(C33,listaBolsa!$D$2:$W$1276,14,0)) -> 823445.38 | J33: =I33*19% -> 156454.62 | K33: =I33+J33 -> 979900 | L33: =IF(B33="","",(I33*F33)) -> 2470336.1 | M33: =IF(B33="","",(K33*F33)) -> 2939700 | N33: =IF(C33="","",VLOOKUP(C33,listaBolsa!$D$2:$AZ$1276,23,0)) -> HOMECENTER | O33: =IF(C33="","",VLOOKUP(C33,listaBolsa!$D$2:$AZ$1276,27,0)) -> 823445.38 | P33: =O33*19% -> 156454.62 | Q33: =O33+P33 -> 979900 | R33: =IF(B33="","",(O33*F33)) -> 2470336.1 | S33: =IF(B33="","",(Q33*F33)) -> 2939700 | T33: YAXA | U33: 745190.76 | V33: =U33*19% -> 141586.24 | W33: =U33+V33 -> 886777 | X33: =IF(B33="","",(U33*F33)) -> 2235572.3 | Y33: =IF(B33="","",(W33*F33)) -> 2660331 | Z33: =IF(A33="","",AVERAGE(K33,Q33,W33)) -> 948859 | AA33: =IF(B33="","",Z33*F33) -> 2846577 | AB33: =IF(B33="","",STDEV(M33,S33,Y33)) -> 161293.76 | AC33: =IF(B33="","",(AB33/AA33)) -> 0.056662357 | AE33: AJUSTE ÍTEM | AF33: =IF(C33="","",VLOOKUP(C33,listaBolsa!$D$2:$BB$276,51,0)) -> #N/A | AG33: =IF(C33="","",VLOOKUP(C33,listaBolsa!$D$2:$H$276,5,0)) -> #N/A | AH33: =AG33=G33 -> #N/A | BG33: 25 | DA33: =VLOOKUP(C33,listaBolsa!$D$2:$BA$330,1,0) -> Carpa 3 x 3 | DB33: =VLOOKUP(C33,listaBolsa!$D$2:$BA$330,2,0) -> Carpa Plegable para Exterior -Bolsa de Transporte con Ruedas -Carpas 3MX3M tipo popup de fácil armado, con sistema plegable de apertura automática mediante bisagras articuladas. -La lona de polietileno de alta densidad (PEHD), impermeable y con protección UV, y la estructura de tubos de acero galvanizado o aluminio anodizado, resistentes a la corrosión. Ancho: 25.40 cm Alto: 25.40 cm Largo: 182.88 cm Color: blanco | DC33: =VLOOKUP(C33,listaBolsa!$D$2:$BA$330,10,0) -> FALABELLA | DD33: =VLOOKUP(C33,listaBolsa!$D$2:$BA$330,14,0) -> 823445.38 | DE33: =VLOOKUP(C33,listaBolsa!$D$2:$BA$330,23,0) -> HOMECENTER | DF33: =VLOOKUP(C33,listaBolsa!$D$2:$BA$330,27,0) -> 823445.38 | DG33: =VLOOKUP(C33,listaBolsa!$D$2:$BA$330,36,0) -> EXITO | DH33: =VLOOKUP(C33,listaBolsa!$D$2:$BA$330,40,0) -> 1109016.8 | DI33: =VLOOKUP(C33,listaBolsa!$D$2:$BA$330,48,0) -> 0.1795 | DJ33: =DA33=C33 -> TRUE | DK33: =DB33=D33 -> TRUE | DL33: =DC33=H33 -> TRUE | DM33: =DD33=I33 -> TRUE | DN33: =DE33=N33 -> TRUE | DO33: =DF33=O33 -> TRUE | DP33: =DG33=T33 -> FALSE | DQ33: =DH33=U33 -> FALSE | DR33: =DI33=AC33 -> FALSE
A34: =IF(B34<>"",BG34,"") -> 26 | B34: por completar información | C34: Traje típico Chapolera para Mujer | D34: Conjuntos 30 faldas y 30 Blusas en Tallas S, M y L (10 de cada una) en telas frescas como linoflex o algodón Traje típico Chapolera - Mujeres Conjuntos 30 Faldas color rojo bolado blanco y 30 Blusas color blanco bolado rojo en Tallas S, M y L (10 de cada una) en telas frescas como lino flex o algodón | E34: Unidad | F34: 30 | G34: Compra | H34: DISFRACES ANTIFAZ | I34: 220000 | K34: =I34+J34 -> 220000 | L34: =IF(B34="","",(I34*F34)) -> 6600000 | M34: =IF(B34="","",(K34*F34)) -> 6600000 | N34: ARTES FOLKLORICAS | O34: 180250 | Q34: =O34+P34 -> 180250 | R34: =IF(B34="","",(O34*F34)) -> 5407500 | S34: =IF(B34="","",(Q34*F34)) -> 5407500 | T34: MARKETGROUP | U34: 192000 | V34: =U34*19% -> 36480 | W34: =U34+V34 -> 228480 | X34: =IF(B34="","",(U34*F34)) -> 5760000 | Y34: =IF(B34="","",(W34*F34)) -> 6854400 | Z34: =IF(A34="","",AVERAGE(K34,Q34,W34)) -> 209576.67 | AA34: =IF(B34="","",Z34*F34) -> 6287300 | AB34: =IF(B34="","",STDEV(M34,S34,Y34)) -> 772473.86 | AC34: =IF(B34="","",(AB34/AA34)) -> 0.12286257 | AD34: OK REVISIÓN FINAL DESVIACIÓN | AE34: BOLSA- NO VERIFICADAS COTIZACIONES | AF34: =IF(C34="","",VLOOKUP(C34,listaBolsa!$D$2:$BB$276,51,0)) -> #N/A | AG34: =IF(C34="","",VLOOKUP(C34,listaBolsa!$D$2:$H$276,5,0)) -> #N/A | AH34: =AG34=G34 -> #N/A | BG34: 26 | DA34: =VLOOKUP(C34,listaBolsa!$D$2:$BA$330,1,0) -> Traje típico Chapolera para Mujer | DB34: =VLOOKUP(C34,listaBolsa!$D$2:$BA$330,2,0) -> Conjuntos 30 faldas y 30 Blusas en Tallas S, M y L (10 de cada una) en telas frescas como linoflex o algodón Traje típico Chapolera - Mujeres Conjuntos 30 Faldas color rojo bolado blanco y 30 Blusas color blanco bolado rojo en Tallas S, M y L (10 de cada una) en telas frescas como lino flex o algodón | DC34: =VLOOKUP(C34,listaBolsa!$D$2:$BA$330,10,0) -> DISFRACES ANTIFAZ | DD34: =VLOOKUP(C34,listaBolsa!$D$2:$BA$330,14,0) -> 220000 | DE34: =VLOOKUP(C34,listaBolsa!$D$2:$BA$330,23,0) -> ARTES FOLKLORICAS | DF34: =VLOOKUP(C34,listaBolsa!$D$2:$BA$330,27,0) -> 180250 | DG34: =VLOOKUP(C34,listaBolsa!$D$2:$BA$330,36,0) -> MARKETGROUP | DH34: =VLOOKUP(C34,listaBolsa!$D$2:$BA$330,40,0) -> 192000 | DI34: =VLOOKUP(C34,listaBolsa!$D$2:$BA$330,48,0) -> 0.1229 | DJ34: =DA34=C34 -> TRUE | DK34: =DB34=D34 -> TRUE | DL34: =DC34=H34 -> TRUE | DM34: =DD34=I34 -> TRUE | DN34: =DE34=N34 -> TRUE | DO34: =DF34=O34 -> TRUE | DP34: =DG34=T34 -> TRUE | DQ34: =DH34=U34 -> TRUE | DR34: =DI34=AC34 -> FALSE
A35: =IF(B35<>"",BG35,"") -> 27 | B35: por completar información | C35: Traje típico para hombre | D35: Conjuntos 15 pantalones negros corte clásicos y 15 Camisas blancas suelta cuello neru en telas frescas como linoflex o algodón en Tallas S, M y L (5 de cada talla) | E35: Unidad | F35: 15 | G35: Compra | H35: DISFRACES ANTIFAZ | I35: 180000 | K35: =I35+J35 -> 180000 | L35: =IF(B35="","",(I35*F35)) -> 2700000 | M35: =IF(B35="","",(K35*F35)) -> 2700000 | N35: ARTES FOLKLORICAS | O35: 135132 | Q35: =O35+P35 -> 135132 | R35: =IF(B35="","",(O35*F35)) -> 2026980 | S35: =IF(B35="","",(Q35*F35)) -> 2026980 | T35: =IF(C35="","",VLOOKUP(C35,listaBolsa!$D$2:$BB$1276,36,0)) -> 0 | Z35: =IF(A35="","",AVERAGE(K35,Q35,W35)) -> 157566 | AA35: =IF(B35="","",Z35*F35) -> 2363490 | AB35: =IF(B35="","",STDEV(M35,S35,Y35)) -> 475897.01 | AC35: =IF(B35="","",(AB35/AA35)) -> 0.20135351 | AD35: OK REVISIÓN FINAL DESVIACIÓN | AF35: =IF(C35="","",VLOOKUP(C35,listaBolsa!$D$2:$BB$276,51,0)) -> #N/A | AG35: =IF(C35="","",VLOOKUP(C35,listaBolsa!$D$2:$H$276,5,0)) -> #N/A | AH35: =AG35=G35 -> #N/A | BG35: 27 | DA35: =VLOOKUP(C35,listaBolsa!$D$2:$BA$330,1,0) -> Traje típico para hombre | DB35: =VLOOKUP(C35,listaBolsa!$D$2:$BA$330,2,0) -> Conjuntos 15 pantalones negros corte clásicos y 15 Camisas blancas suelta cuello neru en telas frescas como linoflex o algodón en Tallas S, M y L (5 de cada talla) | DC35: =VLOOKUP(C35,listaBolsa!$D$2:$BA$330,10,0) -> DISFRACES ANTIFAZ | DD35: =VLOOKUP(C35,listaBolsa!$D$2:$BA$330,14,0) -> 180000 | DE35: =VLOOKUP(C35,listaBolsa!$D$2:$BA$330,23,0) -> ARTES FOLKLORICAS | DF35: =VLOOKUP(C35,listaBolsa!$D$2:$BA$330,27,0) -> 135132 | DG35: =VLOOKUP(C35,listaBolsa!$D$2:$BA$330,36,0) -> 0 | DH35: =VLOOKUP(C35,listaBolsa!$D$2:$BA$330,40,0) -> 0 | DI35: =VLOOKUP(C35,listaBolsa!$D$2:$BA$330,48,0) -> 0.2014 | DJ35: =DA35=C35 -> TRUE | DK35: =DB35=D35 -> TRUE | DL35: =DC35=H35 -> TRUE | DM35: =DD35=I35 -> TRUE | DN35: =DE35=N35 -> TRUE | DO35: =DF35=O35 -> TRUE | DP35: =DG35=T35 -> TRUE | DQ35: =DH35=U35 -> TRUE | DR35: =DI35=AC35 -> FALSE
A36: =IF(B36<>"",BG36,"") -> 28 | B36: por completar información | C36: Pañoleta | D36: Pañoleta color rojo cuadrada de 37cm x 37cm en terciopelo o material ligero. | E36: Unidad | F36: 45 | G36: Compra | H36: DISFRACES ANTIFAZ | I36: 5000 | K36: =I36+J36 -> 5000 | L36: =IF(B36="","",(I36*F36)) -> 225000 | M36: =IF(B36="","",(K36*F36)) -> 225000 | N36: ARTES FOLKLORICAS | O36: 6283 | Q36: =O36+P36 -> 6283 | R36: =IF(B36="","",(O36*F36)) -> 282735 | S36: =IF(B36="","",(Q36*F36)) -> 282735 | T36: MARKETGROUP | U36: 6400 | V36: =U36*19% -> 1216 | W36: =U36+V36 -> 7616 | X36: =IF(B36="","",(U36*F36)) -> 288000 | Y36: =IF(B36="","",(W36*F36)) -> 342720 | Z36: =IF(A36="","",AVERAGE(K36,Q36,W36)) -> 6299.6667 | AA36: =IF(B36="","",Z36*F36) -> 283485 | AB36: =IF(B36="","",STDEV(M36,S36,Y36)) -> 58863.584 | AC36: =IF(B36="","",(AB36/AA36)) -> 0.20764267 | AD36: OK REVISIÓN FINAL DESVIACIÓN | AE36: BOLSA- NO VERIFICADAS COTIZACIONES | AF36: =IF(C36="","",VLOOKUP(C36,listaBolsa!$D$2:$BB$276,51,0)) -> #N/A | AG36: =IF(C36="","",VLOOKUP(C36,listaBolsa!$D$2:$H$276,5,0)) -> #N/A | AH36: =AG36=G36 -> #N/A | BG36: 28 | DA36: =VLOOKUP(C36,listaBolsa!$D$2:$BA$330,1,0) -> Pañoleta | DB36: =VLOOKUP(C36,listaBolsa!$D$2:$BA$330,2,0) -> Pañoleta color rojo cuadrada de 37cm x 37cm en terciopelo o material ligero. | DC36: =VLOOKUP(C36,listaBolsa!$D$2:$BA$330,10,0) -> DISFRACES ANTIFAZ | DD36: =VLOOKUP(C36,listaBolsa!$D$2:$BA$330,14,0) -> 5000 | DE36: =VLOOKUP(C36,listaBolsa!$D$2:$BA$330,23,0) -> ARTES FOLKLORICAS | DF36: =VLOOKUP(C36,listaBolsa!$D$2:$BA$330,27,0) -> 6283 | DG36: =VLOOKUP(C36,listaBolsa!$D$2:$BA$330,36,0) -> MARKETGROUP | DH36: =VLOOKUP(C36,listaBolsa!$D$2:$BA$330,40,0) -> 6400 | DI36: =VLOOKUP(C36,listaBolsa!$D$2:$BA$330,48,0) -> 0.2076 | DJ36: =DA36=C36 -> TRUE | DK36: =DB36=D36 -> TRUE | DL36: =DC36=H36 -> TRUE | DM36: =DD36=I36 -> TRUE | DN36: =DE36=N36 -> TRUE | DO36: =DF36=O36 -> TRUE | DP36: =DG36=T36 -> TRUE | DQ36: =DH36=U36 -> TRUE | DR36: =DI36=AC36 -> FALSE
A37: =IF(B37<>"",BG37,"") -> 29 | B37: por completar información | C37: Baul Caja Organizadora | D37: Baul Caja Organizadora Plastico 100 Lts | E37: Unidad | F37: 3 | G37: Compra | H37: HOMECENTER | I37: 125966.39 | J37: =I37*19% -> 23933.614 | K37: =I37+J37 -> 149900 | L37: =IF(B37="","",(I37*F37)) -> 377899.17 | M37: =IF(B37="","",(K37*F37)) -> 449700.01 | N37: FALABELLA | O37: 125966.39 | P37: =O37*19% -> 23933.614 | Q37: =O37+P37 -> 149900 | R37: =IF(B37="","",(O37*F37)) -> 377899.17 | S37: =IF(B37="","",(Q37*F37)) -> 449700.01 | T37: EL SURTIDOR | U37: 97478.99 | V37: =U37*19% -> 18521.008 | W37: =U37+V37 -> 116000 | X37: =IF(B37="","",(U37*F37)) -> 292436.97 | Y37: =IF(B37="","",(W37*F37)) -> 347999.99 | Z37: =IF(A37="","",AVERAGE(K37,Q37,W37)) -> 138600 | AA37: =IF(B37="","",Z37*F37) -> 415800.01 | AB37: =IF(B37="","",STDEV(M37,S37,Y37)) -> 58716.533 | AC37: =IF(B37="","",(AB37/AA37)) -> 0.1412134 | AD37: OK REVISIÓN FINAL DESVIACIÓN | AE37: TRANSCRITA DE LA BOLSA | AF37: =IF(C37="","",VLOOKUP(C37,listaBolsa!$D$2:$BB$276,51,0)) -> Cotizaciones entegadas por el equipo de cotizaciones-LUZ JIMENEZ | AG37: =IF(C37="","",VLOOKUP(C37,listaBolsa!$D$2:$H$276,5,0)) -> Compra | AH37: =AG37=G37 -> TRUE | BG37: 29 | DA37: =VLOOKUP(C37,listaBolsa!$D$2:$BA$330,1,0) -> Baul Caja Organizadora | DB37: =VLOOKUP(C37,listaBolsa!$D$2:$BA$330,2,0) -> Baul Caja Organizadora Plastico 100 Lts | DC37: =VLOOKUP(C37,listaBolsa!$D$2:$BA$330,10,0) -> HOMECENTER | DD37: =VLOOKUP(C37,listaBolsa!$D$2:$BA$330,14,0) -> 125966.39 | DE37: =VLOOKUP(C37,listaBolsa!$D$2:$BA$330,23,0) -> FALABELLA | DF37: =VLOOKUP(C37,listaBolsa!$D$2:$BA$330,27,0) -> 125966.39 | DG37: =VLOOKUP(C37,listaBolsa!$D$2:$BA$330,36,0) -> EL SURTIDOR | DH37: =VLOOKUP(C37,listaBolsa!$D$2:$BA$330,40,0) -> 97478.99 | DI37: =VLOOKUP(C37,listaBolsa!$D$2:$BA$330,48,0) -> 0.1412 | DJ37: =DA37=C37 -> TRUE | DK37: =DB37=D37 -> TRUE | DL37: =DC37=H37 -> TRUE | DM37: =DD37=I37 -> TRUE | DN37: =DE37=N37 -> TRUE | DO37: =DF37=O37 -> TRUE | DP37: =DG37=T37 -> TRUE | DQ37: =DH37=U37 -> TRUE | DR37: =DI37=AC37 -> FALSE
A38: =IF(B38<>"",BG38,"") -> 30 | B38: por completar información | C38: Cajonera para siembra | D38: Mueble Para Huerta Casera 3 Niveles Pino 90X50Cm aproximadamente | E38: Unidad | F38: 4 | G38: Compra | H38: =IF(C38="","",VLOOKUP(C38,listaBolsa!$D$2:$W$1276,10,0)) -> AMBIENTES VERDES | I38: =IF(C38="","",VLOOKUP(C38,listaBolsa!$D$2:$W$1276,14,0)) -> 196638.66 | J38: =I38*19% -> 37361.345 | K38: =I38+J38 -> 234000.01 | L38: =IF(B38="","",(I38*F38)) -> 786554.64 | M38: =IF(B38="","",(K38*F38)) -> 936000.02 | N38: =IF(C38="","",VLOOKUP(C38,listaBolsa!$D$2:$AZ$1276,23,0)) -> HOMECENTER | O38: =IF(C38="","",VLOOKUP(C38,listaBolsa!$D$2:$AZ$1276,27,0)) -> 285630.25 | P38: =O38*19% -> 54269.747 | Q38: =O38+P38 -> 339900 | R38: =IF(B38="","",(O38*F38)) -> 1142521 | S38: =IF(B38="","",(Q38*F38)) -> 1359600 | Z38: =IF(A38="","",AVERAGE(K38,Q38,W38)) -> 286950 | AA38: =IF(B38="","",Z38*F38) -> 1147800 | AB38: =IF(B38="","",STDEV(M38,S38,Y38)) -> 299530.41 | AC38: =IF(B38="","",(AB38/AA38)) -> 0.26096045 | AD38: Solo se adjuntan dos (2) cotizaciones, debido a que, tras la búsqueda realizada en el mercado y la consulta a diferentes proveedores, se evidenció que el elemento con las especificaciones técnicas solicitadas únicamente se encuentra disponible en estos dos oferentes | AF38: =IF(C38="","",VLOOKUP(C38,listaBolsa!$D$2:$BB$276,51,0)) -> #N/A | AG38: =IF(C38="","",VLOOKUP(C38,listaBolsa!$D$2:$H$276,5,0)) -> #N/A | AH38: =AG38=G38 -> #N/A | BG38: 30 | DA38: =VLOOKUP(C38,listaBolsa!$D$2:$BA$330,1,0) -> Cajonera para siembra | DB38: =VLOOKUP(C38,listaBolsa!$D$2:$BA$330,2,0) -> Mueble Para Huerta Casera 3 Niveles Pino 90X50Cm aproximadamente | DC38: =VLOOKUP(C38,listaBolsa!$D$2:$BA$330,10,0) -> AMBIENTES VERDES | DD38: =VLOOKUP(C38,listaBolsa!$D$2:$BA$330,14,0) -> 196638.66 | DE38: =VLOOKUP(C38,listaBolsa!$D$2:$BA$330,23,0) -> HOMECENTER | DF38: =VLOOKUP(C38,listaBolsa!$D$2:$BA$330,27,0) -> 285630.25 | DG38: =VLOOKUP(C38,listaBolsa!$D$2:$BA$330,36,0) -> 0 | DH38: =VLOOKUP(C38,listaBolsa!$D$2:$BA$330,40,0) -> $ - | DI38: =VLOOKUP(C38,listaBolsa!$D$2:$BA$330,48,0) -> 0.9092 | DJ38: =DA38=C38 -> TRUE | DK38: =DB38=D38 -> TRUE | DL38: =DC38=H38 -> TRUE | DM38: =DD38=I38 -> TRUE | DN38: =DE38=N38 -> TRUE | DO38: =DF38=O38 -> TRUE | DP38: =DG38=T38 -> TRUE | DQ38: =DH38=U38 -> FALSE | DR38: =DI38=AC38 -> FALSE
A39: =IF(B39<>"",BG39,"") -> 31 | B39: por completar información | C39: Mangueras | D39: Medida: 50 metros Con aspersor manual | E39: Unidad | F39: 2 | G39: Compra | H39: =IF(C39="","",VLOOKUP(C39,listaBolsa!$D$2:$W$1276,10,0)) -> HOMECENTER | I39: =IF(C39="","",VLOOKUP(C39,listaBolsa!$D$2:$W$1276,14,0)) -> 184789.92 | J39: =I39*19% -> 35110.085 | K39: =I39+J39 -> 219900 | L39: =IF(B39="","",(I39*F39)) -> 369579.84 | M39: =IF(B39="","",(K39*F39)) -> 439800.01 | N39: =IF(C39="","",VLOOKUP(C39,listaBolsa!$D$2:$AZ$1276,23,0)) -> SUMICAZ | O39: =IF(C39="","",VLOOKUP(C39,listaBolsa!$D$2:$AZ$1276,27,0)) -> 157142.86 | P39: =O39*19% -> 29857.143 | Q39: =O39+P39 -> 187000 | R39: =IF(B39="","",(O39*F39)) -> 314285.72 | S39: =IF(B39="","",(Q39*F39)) -> 374000.01 | T39: =IF(C39="","",VLOOKUP(C39,listaBolsa!$D$2:$BB$1276,36,0)) -> FERCON | U39: =IF(C39="","",VLOOKUP(C39,listaBolsa!$D$2:$BB$1276,40,0)) -> 195630.25 | V39: =U39*19% -> 37169.747 | W39: =U39+V39 -> 232800 | X39: =IF(B39="","",(U39*F39)) -> 391260.5 | Y39: =IF(B39="","",(W39*F39)) -> 465599.99 | Z39: =IF(A39="","",AVERAGE(K39,Q39,W39)) -> 213233.34 | AA39: =IF(B39="","",Z39*F39) -> 426466.67 | AB39: =IF(B39="","",STDEV(M39,S39,Y39)) -> 47233.176 | AC39: =IF(B39="","",(AB39/AA39)) -> 0.11075467 | AD39: OK REVISIÓN FINAL DESVIACIÓN | AF39: =IF(C39="","",VLOOKUP(C39,listaBolsa!$D$2:$BB$276,51,0)) -> #N/A | AG39: =IF(C39="","",VLOOKUP(C39,listaBolsa!$D$2:$H$276,5,0)) -> #N/A | AH39: =AG39=G39 -> #N/A | BG39: 31 | DA39: =VLOOKUP(C39,listaBolsa!$D$2:$BA$330,1,0) -> Mangueras | DB39: =VLOOKUP(C39,listaBolsa!$D$2:$BA$330,2,0) -> Medida: 50 metros Con aspersor manual | DC39: =VLOOKUP(C39,listaBolsa!$D$2:$BA$330,10,0) -> HOMECENTER | DD39: =VLOOKUP(C39,listaBolsa!$D$2:$BA$330,14,0) -> 184789.92 | DE39: =VLOOKUP(C39,listaBolsa!$D$2:$BA$330,23,0) -> SUMICAZ | DF39: =VLOOKUP(C39,listaBolsa!$D$2:$BA$330,27,0) -> 157142.86 | DG39: =VLOOKUP(C39,listaBolsa!$D$2:$BA$330,36,0) -> FERCON | DH39: =VLOOKUP(C39,listaBolsa!$D$2:$BA$330,40,0) -> 195630.25 | DI39: =VLOOKUP(C39,listaBolsa!$D$2:$BA$330,48,0) -> 0.1108 | DJ39: =DA39=C39 -> TRUE | DK39: =DB39=D39 -> TRUE | DL39: =DC39=H39 -> TRUE | DM39: =DD39=I39 -> TRUE | DN39: =DE39=N39 -> TRUE | DO39: =DF39=O39 -> TRUE | DP39: =DG39=T39 -> TRUE | DQ39: =DH39=U39 -> TRUE | DR39: =DI39=AC39 -> FALSE
A40: =IF(B40<>"",BG40,"") -> 32 | B40: por completar información | C40: Pala | D40: Pala Redonda Profesional Largo 144 cm y Ancho 23 cm •Tipo : Palas •Ancho : 8 cm •Alto : 144 cm •Tipo de pala : Punta huevo •Material del mango : Madera | E40: Unidad | F40: 5 | G40: Compra | H40: =IF(C40="","",VLOOKUP(C40,listaBolsa!$D$2:$W$1276,10,0)) -> FALABELLA | I40: =IF(C40="","",VLOOKUP(C40,listaBolsa!$D$2:$W$1276,14,0)) -> 45546.22 | J40: =I40*19% -> 8653.7818 | K40: =I40+J40 -> 54200.002 | L40: =IF(B40="","",(I40*F40)) -> 227731.1 | M40: =IF(B40="","",(K40*F40)) -> 271000.01 | N40: =IF(C40="","",VLOOKUP(C40,listaBolsa!$D$2:$AZ$1276,23,0)) -> EXITO | O40: =IF(C40="","",VLOOKUP(C40,listaBolsa!$D$2:$AZ$1276,27,0)) -> 44201.68 | P40: =O40*19% -> 8398.3192 | Q40: =O40+P40 -> 52599.999 | R40: =IF(B40="","",(O40*F40)) -> 221008.4 | S40: =IF(B40="","",(Q40*F40)) -> 263000 | T40: =IF(C40="","",VLOOKUP(C40,listaBolsa!$D$2:$BB$1276,36,0)) -> HOMECENTER | U40: =IF(C40="","",VLOOKUP(C40,listaBolsa!$D$2:$BB$1276,40,0)) -> 57899.16 | V40: =U40*19% -> 11000.84 | W40: =U40+V40 -> 68900 | X40: =IF(B40="","",(U40*F40)) -> 289495.8 | Y40: =IF(B40="","",(W40*F40)) -> 344500 | Z40: =IF(A40="","",AVERAGE(K40,Q40,W40)) -> 58566.667 | AA40: =IF(B40="","",Z40*F40) -> 292833.34 | AB40: =IF(B40="","",STDEV(M40,S40,Y40)) -> 44923.083 | AC40: =IF(B40="","",(AB40/AA40)) -> 0.15340836 | AD40: OK REVISIÓN FINAL DESVIACIÓN | AF40: =IF(C40="","",VLOOKUP(C40,listaBolsa!$D$2:$BB$276,51,0)) -> #N/A | AG40: =IF(C40="","",VLOOKUP(C40,listaBolsa!$D$2:$H$276,5,0)) -> #N/A | AH40: =AG40=G40 -> #N/A | BG40: 32 | DA40: =VLOOKUP(C40,listaBolsa!$D$2:$BA$330,1,0) -> Pala | DB40: =VLOOKUP(C40,listaBolsa!$D$2:$BA$330,2,0) -> Pala Redonda Profesional Largo 144 cm y Ancho 23 cm •Tipo : Palas •Ancho : 8 cm •Alto : 144 cm •Tipo de pala : Punta huevo •Material del mango : Madera | DC40: =VLOOKUP(C40,listaBolsa!$D$2:$BA$330,10,0) -> FALABELLA | DD40: =VLOOKUP(C40,listaBolsa!$D$2:$BA$330,14,0) -> 45546.22 | DE40: =VLOOKUP(C40,listaBolsa!$D$2:$BA$330,23,0) -> EXITO | DF40: =VLOOKUP(C40,listaBolsa!$D$2:$BA$330,27,0) -> 44201.68 | DG40: =VLOOKUP(C40,listaBolsa!$D$2:$BA$330,36,0) -> HOMECENTER | DH40: =VLOOKUP(C40,listaBolsa!$D$2:$BA$330,40,0) -> 57899.16 | DI40: =VLOOKUP(C40,listaBolsa!$D$2:$BA$330,48,0) -> 0.1534 | DJ40: =DA40=C40 -> TRUE | DK40: =DB40=D40 -> TRUE | DL40: =DC40=H40 -> TRUE | DM40: =DD40=I40 -> TRUE | DN40: =DE40=N40 -> TRUE | DO40: =DF40=O40 -> TRUE | DP40: =DG40=T40 -> TRUE | DQ40: =DH40=U40 -> TRUE | DR40: =DI40=AC40 -> FALSE
A41: =IF(B41<>"",BG41,"") -> 33 | B41: por completar información | C41: Rastrillo Jardinero | D41: Material: Metálico Con Mango Cabeza de 30 cm | E41: Unidad | F41: 3 | G41: Compra | H41: FERRETERIA DE MARCA | I41: 22310.08 | J41: =I41*19% -> 4238.9152 | K41: =I41+J41 -> 26548.995 | L41: =IF(B41="","",(I41*F41)) -> 66930.24 | M41: =IF(B41="","",(K41*F41)) -> 79646.986 | N41: FALABELLA | O41: 24453.78 | P41: =O41*19% -> 4646.2182 | Q41: =O41+P41 -> 29099.998 | R41: =IF(B41="","",(O41*F41)) -> 73361.34 | S41: =IF(B41="","",(Q41*F41)) -> 87299.995 | T41: EXITO | U41: 21848.74 | V41: =U41*19% -> 4151.2606 | W41: =U41+V41 -> 26000.001 | X41: =IF(B41="","",(U41*F41)) -> 65546.22 | Y41: =IF(B41="","",(W41*F41)) -> 78000.002 | Z41: =IF(A41="","",AVERAGE(K41,Q41,W41)) -> 27216.331 | AA41: =IF(B41="","",Z41*F41) -> 81648.994 | AB41: =IF(B41="","",STDEV(M41,S41,Y41)) -> 4962.7104 | AC41: =IF(B41="","",(AB41/AA41)) -> 0.060781036 | AD41: OK REVISIÓN FINAL DESVIACIÓN | AE41: BOLSA- NO VERIFICADAS COTIZACIONES | AF41: =IF(C41="","",VLOOKUP(C41,listaBolsa!$D$2:$BB$276,51,0)) -> #N/A | AG41: =IF(C41="","",VLOOKUP(C41,listaBolsa!$D$2:$H$276,5,0)) -> #N/A | AH41: =AG41=G41 -> #N/A | BG41: 33 | DA41: =VLOOKUP(C41,listaBolsa!$D$2:$BA$330,1,0) -> Rastrillo Jardinero | DB41: =VLOOKUP(C41,listaBolsa!$D$2:$BA$330,2,0) -> Material: Metálico Con Mango Cabeza de 30 cm | DC41: =VLOOKUP(C41,listaBolsa!$D$2:$BA$330,10,0) -> FERRETERIA DE MARCA | DD41: =VLOOKUP(C41,listaBolsa!$D$2:$BA$330,14,0) -> 22310.08 | DE41: =VLOOKUP(C41,listaBolsa!$D$2:$BA$330,23,0) -> FALABELLA | DF41: =VLOOKUP(C41,listaBolsa!$D$2:$BA$330,27,0) -> 24453.78 | DG41: =VLOOKUP(C41,listaBolsa!$D$2:$BA$330,36,0) -> EXITO | DH41: =VLOOKUP(C41,listaBolsa!$D$2:$BA$330,40,0) -> 21848.74 | DI41: =VLOOKUP(C41,listaBolsa!$D$2:$BA$330,48,0) -> 0.0608 | DJ41: =DA41=C41 -> TRUE | DK41: =DB41=D41 -> TRUE | DL41: =DC41=H41 -> TRUE | DM41: =DD41=I41 -> TRUE | DN41: =DE41=N41 -> TRUE | DO41: =DF41=O41 -> TRUE | DP41: =DG41=T41 -> TRUE | DQ41: =DH41=U41 -> TRUE | DR41: =DI41=AC41 -> FALSE
A42: =IF(B42<>"",BG42,"") -> 34 | B42: por completar información | C42: baldes | D42: Material: plástico con pico y manija Capacidad: 12 litros | E42: Unidad | F42: 5 | G42: Compra | H42: FULLER | I42: 14369.75 | J42: =I42*19% -> 2730.2525 | K42: =I42+J42 -> 17100.002 | L42: =IF(B42="","",(I42*F42)) -> 71848.75 | M42: =IF(B42="","",(K42*F42)) -> 85500.012 | N42: FERRETERIA METROPOLIS | O42: 12268.07 | P42: =O42*19% -> 2330.9333 | Q42: =O42+P42 -> 14599.003 | R42: =IF(B42="","",(O42*F42)) -> 61340.35 | S42: =IF(B42="","",(Q42*F42)) -> 72995.016 | T42: DALISA | U42: 13865.55 | V42: =U42*19% -> 2634.4545 | W42: =U42+V42 -> 16500.004 | X42: =IF(B42="","",(U42*F42)) -> 69327.75 | Y42: =IF(B42="","",(W42*F42)) -> 82500.022 | Z42: =IF(A42="","",AVERAGE(K42,Q42,W42)) -> 16066.337 | AA42: =IF(B42="","",Z42*F42) -> 80331.684 | AB42: =IF(B42="","",STDEV(M42,S42,Y42)) -> 6528.3995 | AC42: =IF(B42="","",(AB42/AA42)) -> 0.081268053 | AD42: OK REVISIÓN FINAL DESVIACIÓN | AE42: TRANSCRITA DE LA BOLSA | AF42: =IF(C42="","",VLOOKUP(C42,listaBolsa!$D$2:$BB$276,51,0)) -> Cotizaciones entegadas por el equipo de cotizaciones-LUZ JIMENEZ | AG42: =IF(C42="","",VLOOKUP(C42,listaBolsa!$D$2:$H$276,5,0)) -> Compra | AH42: =AG42=G42 -> TRUE | BG42: 34 | DA42: =VLOOKUP(C42,listaBolsa!$D$2:$BA$330,1,0) -> baldes | DB42: =VLOOKUP(C42,listaBolsa!$D$2:$BA$330,2,0) -> Material: plástico con pico y manija Capacidad: 12 litros | DC42: =VLOOKUP(C42,listaBolsa!$D$2:$BA$330,10,0) -> FULLER | DD42: =VLOOKUP(C42,listaBolsa!$D$2:$BA$330,14,0) -> 14369.75 | DE42: =VLOOKUP(C42,listaBolsa!$D$2:$BA$330,23,0) -> FERRETERIA METROPOLIS | DF42: =VLOOKUP(C42,listaBolsa!$D$2:$BA$330,27,0) -> 12268.07 | DG42: =VLOOKUP(C42,listaBolsa!$D$2:$BA$330,36,0) -> DALISA | DH42: =VLOOKUP(C42,listaBolsa!$D$2:$BA$330,40,0) -> 13865.55 | DI42: =VLOOKUP(C42,listaBolsa!$D$2:$BA$330,48,0) -> 0.0813 | DJ42: =DA42=C42 -> TRUE | DK42: =DB42=D42 -> TRUE | DL42: =DC42=H42 -> TRUE | DM42: =DD42=I42 -> TRUE | DN42: =DE42=N42 -> TRUE | DO42: =DF42=O42 -> TRUE | DP42: =DG42=T42 -> TRUE | DQ42: =DH42=U42 -> TRUE | DR42: =DI42=AC42 -> FALSE
A43: =IF(B43<>"",BG43,"") -> 35 | B43: por completar información | C43: Tanque | D43: Material: plástico con accesorios 500 litros | E43: Unidad | F43: 1 | G43: Compra | H43: FERRAGRO | I43: 209589.92 | J43: =I43*19% -> 39822.085 | K43: =I43+J43 -> 249412 | L43: =IF(B43="","",(I43*F43)) -> 209589.92 | M43: =IF(B43="","",(K43*F43)) -> 249412 | N43: HOMECENTER | O43: 226806.72 | P43: =O43*19% -> 43093.277 | Q43: =O43+P43 -> 269900 | R43: =IF(B43="","",(O43*F43)) -> 226806.72 | S43: =IF(B43="","",(Q43*F43)) -> 269900 | T43: FERRETERIA DONDE KIKE | U43: 241040.34 | V43: =U43*19% -> 45797.665 | W43: =U43+V43 -> 286838 | X43: =IF(B43="","",(U43*F43)) -> 241040.34 | Y43: =IF(B43="","",(W43*F43)) -> 286838 | Z43: =IF(A43="","",AVERAGE(K43,Q43,W43)) -> 268716.67 | AA43: =IF(B43="","",Z43*F43) -> 268716.67 | AB43: =IF(B43="","",STDEV(M43,S43,Y43)) -> 18741.04 | AC43: =IF(B43="","",(AB43/AA43)) -> 0.06974275 | AD43: OK REVISIÓN FINAL DESVIACIÓN | AE43: BOLSA- NO VERIFICADAS COTIZACIONES | AF43: =IF(C43="","",VLOOKUP(C43,listaBolsa!$D$2:$BB$276,51,0)) -> #N/A | AG43: =IF(C43="","",VLOOKUP(C43,listaBolsa!$D$2:$H$276,5,0)) -> #N/A | AH43: =AG43=G43 -> #N/A | BG43: 35 | DA43: =VLOOKUP(C43,listaBolsa!$D$2:$BA$330,1,0) -> Tanque | DB43: =VLOOKUP(C43,listaBolsa!$D$2:$BA$330,2,0) -> Material: plástico con accesorios 500 litros | DC43: =VLOOKUP(C43,listaBolsa!$D$2:$BA$330,10,0) -> FERRAGRO | DD43: =VLOOKUP(C43,listaBolsa!$D$2:$BA$330,14,0) -> 209589.92 | DE43: =VLOOKUP(C43,listaBolsa!$D$2:$BA$330,23,0) -> HOMECENTER | DF43: =VLOOKUP(C43,listaBolsa!$D$2:$BA$330,27,0) -> 226806.72 | DG43: =VLOOKUP(C43,listaBolsa!$D$2:$BA$330,36,0) -> FERRETERIA DONDE KIKE | DH43: =VLOOKUP(C43,listaBolsa!$D$2:$BA$330,40,0) -> 241040.34 | DI43: =VLOOKUP(C43,listaBolsa!$D$2:$BA$330,48,0) -> 0.0697 | DJ43: =DA43=C43 -> TRUE | DK43: =DB43=D43 -> TRUE | DL43: =DC43=H43 -> TRUE | DM43: =DD43=I43 -> TRUE | DN43: =DE43=N43 -> TRUE | DO43: =DF43=O43 -> TRUE | DP43: =DG43=T43 -> TRUE | DQ43: =DH43=U43 -> TRUE | DR43: =DI43=AC43 -> FALSE
A44: =IF(B44<>"",BG44,"") -> 36 | B44: por completar información | C44: Tijeras de poda | D44: Material: acero mangos de aluminio. Longitud 20-25 cm | E44: Unidad | F44: 5 | G44: Compra | H44: HOMECENTER | I44: 78067.23 | J44: =I44*19% -> 14832.774 | K44: =I44+J44 -> 92900.004 | L44: =IF(B44="","",(I44*F44)) -> 390336.15 | M44: =IF(B44="","",(K44*F44)) -> 464500.02 | N44: FERCON | O44: 63109.24 | P44: =O44*19% -> 11990.756 | Q44: =O44+P44 -> 75099.996 | R44: =IF(B44="","",(O44*F44)) -> 315546.2 | S44: =IF(B44="","",(Q44*F44)) -> 375499.98 | T44: EASY | U44: 67386.55 | V44: =U44*19% -> 12803.445 | W44: =U44+V44 -> 80189.995 | X44: =IF(B44="","",(U44*F44)) -> 336932.75 | Y44: =IF(B44="","",(W44*F44)) -> 400949.97 | Z44: =IF(A44="","",AVERAGE(K44,Q44,W44)) -> 82729.998 | AA44: =IF(B44="","",Z44*F44) -> 413649.99 | AB44: =IF(B44="","",STDEV(M44,S44,Y44)) -> 45839.062 | AC44: =IF(B44="","",(AB44/AA44)) -> 0.11081606 | AD44: OK REVISIÓN FINAL DESVIACIÓN | AF44: =IF(C44="","",VLOOKUP(C44,listaBolsa!$D$2:$BB$276,51,0)) -> #N/A | AG44: =IF(C44="","",VLOOKUP(C44,listaBolsa!$D$2:$H$276,5,0)) -> #N/A | AH44: =AG44=G44 -> #N/A | BG44: 36 | DA44: =VLOOKUP(C44,listaBolsa!$D$2:$BA$330,1,0) -> Tijeras de poda | DB44: =VLOOKUP(C44,listaBolsa!$D$2:$BA$330,2,0) -> Material: acero mangos de aluminio. Longitud 20-25 cm | DC44: =VLOOKUP(C44,listaBolsa!$D$2:$BA$330,10,0) -> HOMECENTER | DD44: =VLOOKUP(C44,listaBolsa!$D$2:$BA$330,14,0) -> 78067.23 | DE44: =VLOOKUP(C44,listaBolsa!$D$2:$BA$330,23,0) -> FERCON | DF44: =VLOOKUP(C44,listaBolsa!$D$2:$BA$330,27,0) -> 63109.24 | DG44: =VLOOKUP(C44,listaBolsa!$D$2:$BA$330,36,0) -> EASY | DH44: =VLOOKUP(C44,listaBolsa!$D$2:$BA$330,40,0) -> 67386.55 | DI44: =VLOOKUP(C44,listaBolsa!$D$2:$BA$330,48,0) -> 0.1108 | DJ44: =DA44=C44 -> TRUE | DK44: =DB44=D44 -> TRUE | DL44: =DC44=H44 -> TRUE | DM44: =DD44=I44 -> TRUE | DN44: =DE44=N44 -> TRUE | DO44: =DF44=O44 -> TRUE | DP44: =DG44=T44 -> TRUE | DQ44: =DH44=U44 -> TRUE | DR44: =DI44=AC44 -> FALSE
A45: =IF(B45<>"",BG45,"") -> 37 | B45: por completar información | C45: Resma hoja blanca tamaño carta | D45: =IF(C45="","",VLOOKUP(C45,listaBolsa!$D$2:$H$276,2,0)) -> Resma de papel bond tamaño carta: Paquete de 500 hojas de 75 gr | E45: Unidad | F45: 3 | G45: Compra | H45: =IF(C45="","",VLOOKUP(C45,listaBolsa!$D$2:$W$1276,10,0)) -> PAPELERIA PARAISO | I45: =IF(C45="","",VLOOKUP(C45,listaBolsa!$D$2:$W$1276,14,0)) -> 12605.042 | J45: =I45*19% -> 2394.958 | K45: =I45+J45 -> 15000 | L45: =IF(B45="","",(I45*F45)) -> 37815.126 | M45: =IF(B45="","",(K45*F45)) -> 45000 | N45: =IF(C45="","",VLOOKUP(C45,listaBolsa!$D$2:$AZ$1276,23,0)) -> PAPELERIA LA ESTACION DE SUBA | O45: =IF(C45="","",VLOOKUP(C45,listaBolsa!$D$2:$AZ$1276,27,0)) -> 12605.042 | P45: =O45*19% -> 2394.958 | Q45: =O45+P45 -> 15000 | R45: =IF(B45="","",(O45*F45)) -> 37815.126 | S45: =IF(B45="","",(Q45*F45)) -> 45000 | T45: =IF(C45="","",VLOOKUP(C45,listaBolsa!$D$2:$BB$1276,36,0)) -> INVER Y DISTRIBUIDORES DIAMOND | U45: =IF(C45="","",VLOOKUP(C45,listaBolsa!$D$2:$BB$1276,40,0)) -> 15497 | V45: =U45*19% -> 2944.43 | W45: =U45+V45 -> 18441.43 | X45: =IF(B45="","",(U45*F45)) -> 46491 | Y45: =IF(B45="","",(W45*F45)) -> 55324.29 | Z45: =IF(A45="","",AVERAGE(K45,Q45,W45)) -> 16147.143 | AA45: =IF(B45="","",Z45*F45) -> 48441.43 | AB45: =IF(B45="","",STDEV(M45,S45,Y45)) -> 5960.7316 | AC45: =IF(B45="","",(AB45/AA45)) -> 0.12305028 | AD45: OK REVISIÓN FINAL DESVIACIÓN | AE45: INFORMACIÓN DE LA BOLSA BÁSICA -Validada la desviación | AF45: =IF(C45="","",VLOOKUP(C45,listaBolsa!$D$2:$BB$276,51,0)) -> 0 | AG45: =IF(C45="","",VLOOKUP(C45,listaBolsa!$D$2:$H$276,5,0)) -> Compra | AH45: =AG45=G45 -> TRUE | BG45: 37 | DA45: =VLOOKUP(C45,listaBolsa!$D$2:$BA$248,1,0) -> Resma hoja blanca tamaño carta | DB45: =VLOOKUP(C45,listaBolsa!$D$2:$BA$248,2,0) -> Resma de papel bond tamaño carta: Paquete de 500 hojas de 75 gr | DC45: =VLOOKUP(C45,listaBolsa!$D$2:$BA$248,10,0) -> PAPELERIA PARAISO | DD45: =VLOOKUP(C45,listaBolsa!$D$2:$BA$248,14,0) -> 12605.042 | DE45: =VLOOKUP(C45,listaBolsa!$D$2:$BA$248,23,0) -> PAPELERIA LA ESTACION DE SUBA | DF45: =VLOOKUP(C45,listaBolsa!$D$2:$BA$248,27,0) -> 12605.042 | DG45: =VLOOKUP(C45,listaBolsa!$D$2:$BA$248,36,0) -> INVER Y DISTRIBUIDORES DIAMOND | DH45: =VLOOKUP(C45,listaBolsa!$D$2:$BA$248,40,0) -> 15497 | DI45: =VLOOKUP(C45,listaBolsa!$D$2:$BA$248,48,0) -> 0.12305028 | DJ45: =DA45=C45 -> TRUE | DK45: =DB45=D45 -> TRUE | DL45: =DC45=H45 -> TRUE | DM45: =DD45=I45 -> TRUE | DN45: =DE45=N45 -> TRUE | DO45: =DF45=O45 -> TRUE | DP45: =DG45=T45 -> TRUE | DQ45: =DH45=U45 -> TRUE | DR45: =DI45=AC45 -> TRUE
A46: =IF(B46<>"",BG46,"") -> 38 | B46: por completar información | C46: Cinta enmascarar 48 mm x40 mt | D46: =IF(C46="","",VLOOKUP(C46,listaBolsa!$D$2:$H$276,2,0)) -> Cinta de enmascarar de alta adherencia de 48 mm (2") x 20 m | E46: Unidad | F46: 10 | G46: Compra | H46: =IF(C46="","",VLOOKUP(C46,listaBolsa!$D$2:$W$1276,10,0)) -> Tienda Estudiantil | I46: =IF(C46="","",VLOOKUP(C46,listaBolsa!$D$2:$W$1276,14,0)) -> 4547 | J46: =I46*19% -> 863.93 | K46: =I46+J46 -> 5410.93 | L46: =IF(B46="","",(I46*F46)) -> 45470 | M46: =IF(B46="","",(K46*F46)) -> 54109.3 | N46: =IF(C46="","",VLOOKUP(C46,listaBolsa!$D$2:$AZ$1276,23,0)) -> Papeleria la Estacion de Suba | O46: =IF(C46="","",VLOOKUP(C46,listaBolsa!$D$2:$AZ$1276,27,0)) -> 5462.1849 | P46: =O46*19% -> 1037.8151 | Q46: =O46+P46 -> 6500 | R46: =IF(B46="","",(O46*F46)) -> 54621.849 | S46: =IF(B46="","",(Q46*F46)) -> 65000 | T46: =IF(C46="","",VLOOKUP(C46,listaBolsa!$D$2:$BB$1276,36,0)) -> Comercializadora Tj | U46: =IF(C46="","",VLOOKUP(C46,listaBolsa!$D$2:$BB$1276,40,0)) -> 5850 | V46: =U46*19% -> 1111.5 | W46: =U46+V46 -> 6961.5 | X46: =IF(B46="","",(U46*F46)) -> 58500 | Y46: =IF(B46="","",(W46*F46)) -> 69615 | Z46: =IF(A46="","",AVERAGE(K46,Q46,W46)) -> 6290.81 | AA46: =IF(B46="","",Z46*F46) -> 62908.1 | AB46: =IF(B46="","",STDEV(M46,S46,Y46)) -> 7961.7032 | AC46: =IF(B46="","",(AB46/AA46)) -> 0.12656086 | AD46: OK REVISIÓN FINAL DESVIACIÓN | AE46: INFORMACIÓN DE LA BOLSA BÁSICA -Validada la desviación | AF46: =IF(C46="","",VLOOKUP(C46,listaBolsa!$D$2:$BB$276,51,0)) -> 0 | AG46: =IF(C46="","",VLOOKUP(C46,listaBolsa!$D$2:$H$276,5,0)) -> Compra | AH46: =AG46=G46 -> TRUE | BG46: 38 | DA46: =VLOOKUP(C46,listaBolsa!$D$2:$BA$248,1,0) -> Cinta enmascarar 48 mm x40 mt | DB46: =VLOOKUP(C46,listaBolsa!$D$2:$BA$248,2,0) -> Cinta de enmascarar de alta adherencia de 48 mm (2") x 20 m | DC46: =VLOOKUP(C46,listaBolsa!$D$2:$BA$248,10,0) -> Tienda Estudiantil | DD46: =VLOOKUP(C46,listaBolsa!$D$2:$BA$248,14,0) -> 4547 | DE46: =VLOOKUP(C46,listaBolsa!$D$2:$BA$248,23,0) -> Papeleria la Estacion de Suba | DF46: =VLOOKUP(C46,listaBolsa!$D$2:$BA$248,27,0) -> 5462.1849 | DG46: =VLOOKUP(C46,listaBolsa!$D$2:$BA$248,36,0) -> Comercializadora Tj | DH46: =VLOOKUP(C46,listaBolsa!$D$2:$BA$248,40,0) -> 5850 | DI46: =VLOOKUP(C46,listaBolsa!$D$2:$BA$248,48,0) -> 0.12656086 | DJ46: =DA46=C46 -> TRUE | DK46: =DB46=D46 -> TRUE | DL46: =DC46=H46 -> TRUE | DM46: =DD46=I46 -> TRUE | DN46: =DE46=N46 -> TRUE | DO46: =DF46=O46 -> TRUE | DP46: =DG46=T46 -> TRUE | DQ46: =DH46=U46 -> TRUE | DR46: =DI46=AC46 -> TRUE
A47: =IF(B47<>"",BG47,"") -> 39 | B47: por completar información | C47: Cinta transparente gruesa | D47: =IF(C47="","",VLOOKUP(C47,listaBolsa!$D$2:$H$276,2,0)) -> Cinta de polipropileno transparente de 48 mm de ancho x 160 m de longitud, con un espesor de 1143 µm y acabado brillante. Adhesivo de alta adherencia y película resistente a la tensión. | E47: Unidad | F47: 10 | G47: Compra | H47: =IF(C47="","",VLOOKUP(C47,listaBolsa!$D$2:$W$1276,10,0)) -> Gran Papelera | I47: =IF(C47="","",VLOOKUP(C47,listaBolsa!$D$2:$W$1276,14,0)) -> 5042.0168 | J47: =I47*19% -> 957.98319 | K47: =I47+J47 -> 6000 | L47: =IF(B47="","",(I47*F47)) -> 50420.168 | M47: =IF(B47="","",(K47*F47)) -> 60000 | N47: =IF(C47="","",VLOOKUP(C47,listaBolsa!$D$2:$AZ$1276,23,0)) -> Papeleria la Estacion de Suba | O47: =IF(C47="","",VLOOKUP(C47,listaBolsa!$D$2:$AZ$1276,27,0)) -> 5966.3866 | P47: =O47*19% -> 1133.6134 | Q47: =O47+P47 -> 7100 | R47: =IF(B47="","",(O47*F47)) -> 59663.866 | S47: =IF(B47="","",(Q47*F47)) -> 71000 | T47: =IF(C47="","",VLOOKUP(C47,listaBolsa!$D$2:$BB$1276,36,0)) -> Papeleria Gran Central | U47: =IF(C47="","",VLOOKUP(C47,listaBolsa!$D$2:$BB$1276,40,0)) -> 5462.1849 | V47: =U47*19% -> 1037.8151 | W47: =U47+V47 -> 6500 | X47: =IF(B47="","",(U47*F47)) -> 54621.849 | Y47: =IF(B47="","",(W47*F47)) -> 65000 | Z47: =IF(A47="","",AVERAGE(K47,Q47,W47)) -> 6533.3333 | AA47: =IF(B47="","",Z47*F47) -> 65333.333 | AB47: =IF(B47="","",STDEV(M47,S47,Y47)) -> 5507.5705 | AC47: =IF(B47="","",(AB47/AA47)) -> 0.084299549 | AD47: OK REVISIÓN FINAL DESVIACIÓN | AE47: INFORMACIÓN DE LA BOLSA BÁSICA -Validada la desviación | AF47: =IF(C47="","",VLOOKUP(C47,listaBolsa!$D$2:$BB$276,51,0)) -> 0 | AG47: =IF(C47="","",VLOOKUP(C47,listaBolsa!$D$2:$H$276,5,0)) -> Compra | AH47: =AG47=G47 -> TRUE | BG47: 39 | DA47: =VLOOKUP(C47,listaBolsa!$D$2:$BA$248,1,0) -> Cinta transparente gruesa | DB47: =VLOOKUP(C47,listaBolsa!$D$2:$BA$248,2,0) -> Cinta de polipropileno transparente de 48 mm de ancho x 160 m de longitud, con un espesor de 1143 µm y acabado brillante. Adhesivo de alta adherencia y película resistente a la tensión. | DC47: =VLOOKUP(C47,listaBolsa!$D$2:$BA$248,10,0) -> Gran Papelera | DD47: =VLOOKUP(C47,listaBolsa!$D$2:$BA$248,14,0) -> 5042.0168 | DE47: =VLOOKUP(C47,listaBolsa!$D$2:$BA$248,23,0) -> Papeleria la Estacion de Suba | DF47: =VLOOKUP(C47,listaBolsa!$D$2:$BA$248,27,0) -> 5966.3866 | DG47: =VLOOKUP(C47,listaBolsa!$D$2:$BA$248,36,0) -> Papeleria Gran Central | DH47: =VLOOKUP(C47,listaBolsa!$D$2:$BA$248,40,0) -> 5462.1849 | DI47: =VLOOKUP(C47,listaBolsa!$D$2:$BA$248,48,0) -> 0.084299549 | DJ47: =DA47=C47 -> TRUE | DK47: =DB47=D47 -> TRUE | DL47: =DC47=H47 -> TRUE | DM47: =DD47=I47 -> TRUE | DN47: =DE47=N47 -> TRUE | DO47: =DF47=O47 -> TRUE | DP47: =DG47=T47 -> TRUE | DQ47: =DH47=U47 -> TRUE | DR47: =DI47=AC47 -> FALSE
A48: =IF(B48<>"",BG48,"") -> 40 | B48: por completar información | C48: Marcador borrable caja x 10 | D48: =IF(C48="","",VLOOKUP(C48,listaBolsa!$D$2:$H$276,2,0)) -> Caja de 10 marcadores para tablero blanco con tinta de borrado en seco, colores intensos y bajo olor. Punta acrílica de alta resistencia (redonda o biselada) | E48: Unidad | F48: 5 | G48: Compra | H48: =IF(C48="","",VLOOKUP(C48,listaBolsa!$D$2:$W$1276,10,0)) -> LibreriaTroya.com | I48: =IF(C48="","",VLOOKUP(C48,listaBolsa!$D$2:$W$1276,14,0)) -> 11652.101 | J48: =I48*19% -> 2213.8992 | K48: =I48+J48 -> 13866 | L48: =IF(B48="","",(I48*F48)) -> 58260.504 | M48: =IF(B48="","",(K48*F48)) -> 69330 | N48: =IF(C48="","",VLOOKUP(C48,listaBolsa!$D$2:$AZ$1276,23,0)) -> INVER Y DISTRIBUIDORES DIAMOND | O48: =IF(C48="","",VLOOKUP(C48,listaBolsa!$D$2:$AZ$1276,27,0)) -> 14034 | P48: =O48*19% -> 2666.46 | Q48: =O48+P48 -> 16700.46 | R48: =IF(B48="","",(O48*F48)) -> 70170 | S48: =IF(B48="","",(Q48*F48)) -> 83502.3 | T48: =IF(C48="","",VLOOKUP(C48,listaBolsa!$D$2:$BB$1276,36,0)) -> Papeleria Paraiso | U48: =IF(C48="","",VLOOKUP(C48,listaBolsa!$D$2:$BB$1276,40,0)) -> 12605.042 | V48: =U48*19% -> 2394.958 | W48: =U48+V48 -> 15000 | X48: =IF(B48="","",(U48*F48)) -> 63025.21 | Y48: =IF(B48="","",(W48*F48)) -> 75000 | Z48: =IF(A48="","",AVERAGE(K48,Q48,W48)) -> 15188.82 | AA48: =IF(B48="","",Z48*F48) -> 75944.1 | AB48: =IF(B48="","",STDEV(M48,S48,Y48)) -> 7133.1631 | AC48: =IF(B48="","",(AB48/AA48)) -> 0.093926494 | AD48: OK REVISIÓN FINAL DESVIACIÓN | AE48: INFORMACIÓN DE LA BOLSA BÁSICA -Validada la desviación | AF48: =IF(C48="","",VLOOKUP(C48,listaBolsa!$D$2:$BB$276,51,0)) -> 0 | AG48: =IF(C48="","",VLOOKUP(C48,listaBolsa!$D$2:$H$276,5,0)) -> Compra | AH48: =AG48=G48 -> TRUE | BG48: 40 | DA48: =VLOOKUP(C48,listaBolsa!$D$2:$BA$248,1,0) -> Marcador borrable caja x 10 | DB48: =VLOOKUP(C48,listaBolsa!$D$2:$BA$248,2,0) -> Caja de 10 marcadores para tablero blanco con tinta de borrado en seco, colores intensos y bajo olor. Punta acrílica de alta resistencia (redonda o biselada) | DC48: =VLOOKUP(C48,listaBolsa!$D$2:$BA$248,10,0) -> LibreriaTroya.com | DD48: =VLOOKUP(C48,listaBolsa!$D$2:$BA$248,14,0) -> 11652.101 | DE48: =VLOOKUP(C48,listaBolsa!$D$2:$BA$248,23,0) -> INVER Y DISTRIBUIDORES DIAMOND | DF48: =VLOOKUP(C48,listaBolsa!$D$2:$BA$248,27,0) -> 14034 | DG48: =VLOOKUP(C48,listaBolsa!$D$2:$BA$248,36,0) -> Papeleria Paraiso | DH48: =VLOOKUP(C48,listaBolsa!$D$2:$BA$248,40,0) -> 12605.042 | DI48: =VLOOKUP(C48,listaBolsa!$D$2:$BA$248,48,0) -> 0.093926494 | DJ48: =DA48=C48 -> TRUE | DK48: =DB48=D48 -> TRUE | DL48: =DC48=H48 -> TRUE | DM48: =DD48=I48 -> TRUE | DN48: =DE48=N48 -> TRUE | DO48: =DF48=O48 -> TRUE | DP48: =DG48=T48 -> TRUE | DQ48: =DH48=U48 -> TRUE | DR48: =DI48=AC48 -> FALSE
A49: =IF(B49<>"",BG49,"") -> 41 | B49: por completar información | C49: Marcador permanente caja x 10 | D49: =IF(C49="","",VLOOKUP(C49,listaBolsa!$D$2:$H$276,2,0)) -> Caja de 10 marcadores permanentes de colores variados con tinta de secado rápido, resistente al agua y a la decoloración. Punta de fibra de alta resistencia (redonda o biselada) capaz de marcar sobre múltiples superficies como papel, cartón, metal, plástico y vidrio | E49: Unidad | F49: 5 | G49: Compra | H49: =IF(C49="","",VLOOKUP(C49,listaBolsa!$D$2:$W$1276,10,0)) -> INVER Y DISTRIBUIDORES DIAMOND | I49: =IF(C49="","",VLOOKUP(C49,listaBolsa!$D$2:$W$1276,14,0)) -> 12687 | J49: =I49*19% -> 2410.53 | K49: =I49+J49 -> 15097.53 | L49: =IF(B49="","",(I49*F49)) -> 63435 | M49: =IF(B49="","",(K49*F49)) -> 75487.65 | N49: =IF(C49="","",VLOOKUP(C49,listaBolsa!$D$2:$AZ$1276,23,0)) -> Papeleria Paraiso | O49: =IF(C49="","",VLOOKUP(C49,listaBolsa!$D$2:$AZ$1276,27,0)) -> 10084.034 | P49: =O49*19% -> 1915.9664 | Q49: =O49+P49 -> 12000 | R49: =IF(B49="","",(O49*F49)) -> 50420.168 | S49: =IF(B49="","",(Q49*F49)) -> 60000 | T49: =IF(C49="","",VLOOKUP(C49,listaBolsa!$D$2:$BB$1276,36,0)) -> Papeleria la Estacion de Suba | U49: =IF(C49="","",VLOOKUP(C49,listaBolsa!$D$2:$BB$1276,40,0)) -> 12436.975 | V49: =U49*19% -> 2363.0252 | W49: =U49+V49 -> 14800 | X49: =IF(B49="","",(U49*F49)) -> 62184.874 | Y49: =IF(B49="","",(W49*F49)) -> 74000 | Z49: =IF(A49="","",AVERAGE(K49,Q49,W49)) -> 13965.843 | AA49: =IF(B49="","",Z49*F49) -> 69829.217 | AB49: =IF(B49="","",STDEV(M49,S49,Y49)) -> 8544.7879 | AC49: =IF(B49="","",(AB49/AA49)) -> 0.12236695 | AD49: OK REVISIÓN FINAL DESVIACIÓN | AE49: INFORMACIÓN DE LA BOLSA BÁSICA -Validada la desviación | AF49: =IF(C49="","",VLOOKUP(C49,listaBolsa!$D$2:$BB$276,51,0)) -> 0 | AG49: =IF(C49="","",VLOOKUP(C49,listaBolsa!$D$2:$H$276,5,0)) -> Compra | AH49: =AG49=G49 -> TRUE | BG49: 41 | DA49: =VLOOKUP(C49,listaBolsa!$D$2:$BA$248,1,0) -> Marcador permanente caja x 10 | DB49: =VLOOKUP(C49,listaBolsa!$D$2:$BA$248,2,0) -> Caja de 10 marcadores permanentes de colores variados con tinta de secado rápido, resistente al agua y a la decoloración. Punta de fibra de alta resistencia (redonda o biselada) capaz de marcar sobre múltiples superficies como papel, cartón, metal, plástico y vidrio | DC49: =VLOOKUP(C49,listaBolsa!$D$2:$BA$248,10,0) -> INVER Y DISTRIBUIDORES DIAMOND | DD49: =VLOOKUP(C49,listaBolsa!$D$2:$BA$248,14,0) -> 12687 | DE49: =VLOOKUP(C49,listaBolsa!$D$2:$BA$248,23,0) -> Papeleria Paraiso | DF49: =VLOOKUP(C49,listaBolsa!$D$2:$BA$248,27,0) -> 10084.034 | DG49: =VLOOKUP(C49,listaBolsa!$D$2:$BA$248,36,0) -> Papeleria la Estacion de Suba | DH49: =VLOOKUP(C49,listaBolsa!$D$2:$BA$248,40,0) -> 12436.975 | DI49: =VLOOKUP(C49,listaBolsa!$D$2:$BA$248,48,0) -> 0.12236695 | DJ49: =DA49=C49 -> TRUE | DK49: =DB49=D49 -> TRUE | DL49: =DC49=H49 -> TRUE | DM49: =DD49=I49 -> TRUE | DN49: =DE49=N49 -> TRUE | DO49: =DF49=O49 -> TRUE | DP49: =DG49=T49 -> TRUE | DQ49: =DH49=U49 -> TRUE | DR49: =DI49=AC49 -> TRUE
A50: =IF(B50<>"",BG50,"") -> 42 | B50: por completar información | C50: Block iris tamaño carta | D50: =IF(C50="","",VLOOKUP(C50,listaBolsa!$D$2:$H$276,2,0)) -> Block de papel Iris, con hojas de 125 g/m², tamaño carta (21.6 x 27.9 cm), x 50 hojas | E50: Unidad | F50: 10 | G50: Compra | H50: =IF(C50="","",VLOOKUP(C50,listaBolsa!$D$2:$W$1276,10,0)) -> Comercializadora Tj | I50: =IF(C50="","",VLOOKUP(C50,listaBolsa!$D$2:$W$1276,14,0)) -> 2700 | J50: =I50*19% -> 513 | K50: =I50+J50 -> 3213 | L50: =IF(B50="","",(I50*F50)) -> 27000 | M50: =IF(B50="","",(K50*F50)) -> 32130 | N50: =IF(C50="","",VLOOKUP(C50,listaBolsa!$D$2:$AZ$1276,23,0)) -> Tienda Estudiantil | O50: =IF(C50="","",VLOOKUP(C50,listaBolsa!$D$2:$AZ$1276,27,0)) -> 2273.9496 | P50: =O50*19% -> 432.05042 | Q50: =O50+P50 -> 2706 | R50: =IF(B50="","",(O50*F50)) -> 22739.496 | S50: =IF(B50="","",(Q50*F50)) -> 27060 | T50: =IF(C50="","",VLOOKUP(C50,listaBolsa!$D$2:$BB$1276,36,0)) -> Renovacion Libreria y Papeleria | U50: =IF(C50="","",VLOOKUP(C50,listaBolsa!$D$2:$BB$1276,40,0)) -> 3026 | V50: =U50*19% -> 574.94 | W50: =U50+V50 -> 3600.94 | X50: =IF(B50="","",(U50*F50)) -> 30260 | Y50: =IF(B50="","",(W50*F50)) -> 36009.4 | Z50: =IF(A50="","",AVERAGE(K50,Q50,W50)) -> 3173.3133 | AA50: =IF(B50="","",Z50*F50) -> 31733.133 | AB50: =IF(B50="","",STDEV(M50,S50,Y50)) -> 4487.8801 | AC50: =IF(B50="","",(AB50/AA50)) -> 0.14142568 | AD50: OK REVISIÓN FINAL DESVIACIÓN | AE50: INFORMACIÓN DE LA BOLSA BÁSICA -Validada la desviación | AF50: =IF(C50="","",VLOOKUP(C50,listaBolsa!$D$2:$BB$276,51,0)) -> 0 | AG50: =IF(C50="","",VLOOKUP(C50,listaBolsa!$D$2:$H$276,5,0)) -> Compra | AH50: =AG50=G50 -> TRUE | BG50: 42 | DA50: =VLOOKUP(C50,listaBolsa!$D$2:$BA$248,1,0) -> Block iris tamaño carta | DB50: =VLOOKUP(C50,listaBolsa!$D$2:$BA$248,2,0) -> Block de papel Iris, con hojas de 125 g/m², tamaño carta (21.6 x 27.9 cm), x 50 hojas | DC50: =VLOOKUP(C50,listaBolsa!$D$2:$BA$248,10,0) -> Comercializadora Tj | DD50: =VLOOKUP(C50,listaBolsa!$D$2:$BA$248,14,0) -> 2700 | DE50: =VLOOKUP(C50,listaBolsa!$D$2:$BA$248,23,0) -> Tienda Estudiantil | DF50: =VLOOKUP(C50,listaBolsa!$D$2:$BA$248,27,0) -> 2273.9496 | DG50: =VLOOKUP(C50,listaBolsa!$D$2:$BA$248,36,0) -> Renovacion Libreria y Papeleria | DH50: =VLOOKUP(C50,listaBolsa!$D$2:$BA$248,40,0) -> 3026 | DI50: =VLOOKUP(C50,listaBolsa!$D$2:$BA$248,48,0) -> 0.14142568 | DJ50: =DA50=C50 -> TRUE | DK50: =DB50=D50 -> TRUE | DL50: =DC50=H50 -> TRUE | DM50: =DD50=I50 -> TRUE | DN50: =DE50=N50 -> TRUE | DO50: =DF50=O50 -> TRUE | DP50: =DG50=T50 -> TRUE | DQ50: =DH50=U50 -> TRUE | DR50: =DI50=AC50 -> FALSE
A51: =IF(B51<>"",BG51,"") -> 43 | B51: por completar información | C51: Tijera punta roma | D51: =IF(C51="","",VLOOKUP(C51,listaBolsa!$D$2:$H$276,2,0)) -> Tijera punta roma: Herramienta de corte con hojas de acero inoxidable y puntas redondeadas para mayor seguridad. Mango ergonómico de polímero de alta resistencia. Tamaño entre 5 y 5.5 pulgadas | E51: Unidad | F51: 48 | G51: Compra | H51: =IF(C51="","",VLOOKUP(C51,listaBolsa!$D$2:$W$1276,10,0)) -> Mil Herrajes | I51: =IF(C51="","",VLOOKUP(C51,listaBolsa!$D$2:$W$1276,14,0)) -> 1260.5042 | J51: =I51*19% -> 239.4958 | K51: =I51+J51 -> 1500 | L51: =IF(B51="","",(I51*F51)) -> 60504.202 | M51: =IF(B51="","",(K51*F51)) -> 72000 | N51: =IF(C51="","",VLOOKUP(C51,listaBolsa!$D$2:$AZ$1276,23,0)) -> Exito | O51: =IF(C51="","",VLOOKUP(C51,listaBolsa!$D$2:$AZ$1276,27,0)) -> 1680.6723 | P51: =O51*19% -> 319.32773 | Q51: =O51+P51 -> 2000 | R51: =IF(B51="","",(O51*F51)) -> 80672.269 | S51: =IF(B51="","",(Q51*F51)) -> 96000 | T51: =IF(C51="","",VLOOKUP(C51,listaBolsa!$D$2:$BB$1276,36,0)) -> PAPELERIA LA GRAN 12 | U51: =IF(C51="","",VLOOKUP(C51,listaBolsa!$D$2:$BB$1276,40,0)) -> 1176.4706 | V51: =U51*19% -> 223.52941 | W51: =U51+V51 -> 1400 | X51: =IF(B51="","",(U51*F51)) -> 56470.588 | Y51: =IF(B51="","",(W51*F51)) -> 67200 | Z51: =IF(A51="","",AVERAGE(K51,Q51,W51)) -> 1633.3333 | AA51: =IF(B51="","",Z51*F51) -> 78400 | AB51: =IF(B51="","",STDEV(M51,S51,Y51)) -> 15429.841 | AC51: =IF(B51="","",(AB51/AA51)) -> 0.1968092 | AD51: OK REVISIÓN FINAL DESVIACIÓN | AE51: INFORMACIÓN DE LA BOLSA BÁSICA -Validada la desviación | AF51: =IF(C51="","",VLOOKUP(C51,listaBolsa!$D$2:$BB$276,51,0)) -> 0 | AG51: =IF(C51="","",VLOOKUP(C51,listaBolsa!$D$2:$H$276,5,0)) -> Compra | AH51: =AG51=G51 -> TRUE | BG51: 43 | DA51: =VLOOKUP(C51,listaBolsa!$D$2:$BA$248,1,0) -> Tijera punta roma | DB51: =VLOOKUP(C51,listaBolsa!$D$2:$BA$248,2,0) -> Tijera punta roma: Herramienta de corte con hojas de acero inoxidable y puntas redondeadas para mayor seguridad. Mango ergonómico de polímero de alta resistencia. Tamaño entre 5 y 5.5 pulgadas | DC51: =VLOOKUP(C51,listaBolsa!$D$2:$BA$248,10,0) -> Mil Herrajes | DD51: =VLOOKUP(C51,listaBolsa!$D$2:$BA$248,14,0) -> 1260.5042 | DE51: =VLOOKUP(C51,listaBolsa!$D$2:$BA$248,23,0) -> Exito | DF51: =VLOOKUP(C51,listaBolsa!$D$2:$BA$248,27,0) -> 1680.6723 | DG51: =VLOOKUP(C51,listaBolsa!$D$2:$BA$248,36,0) -> PAPELERIA LA GRAN 12 | DH51: =VLOOKUP(C51,listaBolsa!$D$2:$BA$248,40,0) -> 1176.4706 | DI51: =VLOOKUP(C51,listaBolsa!$D$2:$BA$248,48,0) -> 0.1968092 | DJ51: =DA51=C51 -> TRUE | DK51: =DB51=D51 -> TRUE | DL51: =DC51=H51 -> TRUE | DM51: =DD51=I51 -> TRUE | DN51: =DE51=N51 -> TRUE | DO51: =DF51=O51 -> TRUE | DP51: =DG51=T51 -> TRUE | DQ51: =DH51=U51 -> TRUE | DR51: =DI51=AC51 -> FALSE
A52: =IF(B52<>"",BG52,"") -> 44 | B52: por completar información | C52: Pegante en barra 40 gr. | D52: =IF(C52="","",VLOOKUP(C52,listaBolsa!$D$2:$H$276,2,0)) -> Adhesivo sólido en barra de 40 gramos, formulado para un secado rápido y limpio. Producto no tóxico, lavable y libre de solventes | E52: Unidad | F52: 24 | G52: Compra | H52: =IF(C52="","",VLOOKUP(C52,listaBolsa!$D$2:$W$1276,10,0)) -> INVER Y DISTRIBUIDORES DIAMOND | I52: =IF(C52="","",VLOOKUP(C52,listaBolsa!$D$2:$W$1276,14,0)) -> 2700 | J52: =I52*19% -> 513 | K52: =I52+J52 -> 3213 | L52: =IF(B52="","",(I52*F52)) -> 64800 | M52: =IF(B52="","",(K52*F52)) -> 77112 | N52: =IF(C52="","",VLOOKUP(C52,listaBolsa!$D$2:$AZ$1276,23,0)) -> Suescun | O52: =IF(C52="","",VLOOKUP(C52,listaBolsa!$D$2:$AZ$1276,27,0)) -> 2941.1765 | P52: =O52*19% -> 558.82353 | Q52: =O52+P52 -> 3500 | R52: =IF(B52="","",(O52*F52)) -> 70588.235 | S52: =IF(B52="","",(Q52*F52)) -> 84000 | T52: =IF(C52="","",VLOOKUP(C52,listaBolsa!$D$2:$BB$1276,36,0)) -> Detal shop | U52: =IF(C52="","",VLOOKUP(C52,listaBolsa!$D$2:$BB$1276,40,0)) -> 2200 | V52: =U52*19% -> 418 | W52: =U52+V52 -> 2618 | X52: =IF(B52="","",(U52*F52)) -> 52800 | Y52: =IF(B52="","",(W52*F52)) -> 62832 | Z52: =IF(A52="","",AVERAGE(K52,Q52,W52)) -> 3110.3333 | AA52: =IF(B52="","",Z52*F52) -> 74648 | AB52: =IF(B52="","",STDEV(M52,S52,Y52)) -> 10796.968 | AC52: =IF(B52="","",(AB52/AA52)) -> 0.14463842 | AD52: OK REVISIÓN FINAL DESVIACIÓN | AE52: INFORMACIÓN DE LA BOLSA BÁSICA -Validada la desviación | AF52: =IF(C52="","",VLOOKUP(C52,listaBolsa!$D$2:$BB$276,51,0)) -> 0 | AG52: =IF(C52="","",VLOOKUP(C52,listaBolsa!$D$2:$H$276,5,0)) -> Compra | AH52: =AG52=G52 -> TRUE | BG52: 44 | DA52: =VLOOKUP(C52,listaBolsa!$D$2:$BA$248,1,0) -> Pegante en barra 40 gr. | DB52: =VLOOKUP(C52,listaBolsa!$D$2:$BA$248,2,0) -> Adhesivo sólido en barra de 40 gramos, formulado para un secado rápido y limpio. Producto no tóxico, lavable y libre de solventes | DC52: =VLOOKUP(C52,listaBolsa!$D$2:$BA$248,10,0) -> INVER Y DISTRIBUIDORES DIAMOND | DD52: =VLOOKUP(C52,listaBolsa!$D$2:$BA$248,14,0) -> 2700 | DE52: =VLOOKUP(C52,listaBolsa!$D$2:$BA$248,23,0) -> Suescun | DF52: =VLOOKUP(C52,listaBolsa!$D$2:$BA$248,27,0) -> 2941.1765 | DG52: =VLOOKUP(C52,listaBolsa!$D$2:$BA$248,36,0) -> Detal shop | DH52: =VLOOKUP(C52,listaBolsa!$D$2:$BA$248,40,0) -> 2200 | DI52: =VLOOKUP(C52,listaBolsa!$D$2:$BA$248,48,0) -> 0.14463842 | DJ52: =DA52=C52 -> TRUE | DK52: =DB52=D52 -> TRUE | DL52: =DC52=H52 -> TRUE | DM52: =DD52=I52 -> TRUE | DN52: =DE52=N52 -> TRUE | DO52: =DF52=O52 -> TRUE | DP52: =DG52=T52 -> TRUE | DQ52: =DH52=U52 -> TRUE | DR52: =DI52=AC52 -> TRUE
A53: =IF(B53<>"",BG53,"") -> 45 | B53: por completar información | C53: Cartulina por octavos paquete 50 láminas | D53: =IF(C53="","",VLOOKUP(C53,listaBolsa!$D$2:$H$276,2,0)) -> Paquete de 50 láminas de cartulina de 25 x 35 cm (1/8 de pliego), gramaje de 180g, colores surtidos o color único según requerimiento. | E53: Unidad | F53: 5 | G53: Compra | H53: =IF(C53="","",VLOOKUP(C53,listaBolsa!$D$2:$W$1276,10,0)) -> Tienda Estudiantil | I53: =IF(C53="","",VLOOKUP(C53,listaBolsa!$D$2:$W$1276,14,0)) -> 13043 | J53: =I53*19% -> 2478.17 | K53: =I53+J53 -> 15521.17 | L53: =IF(B53="","",(I53*F53)) -> 65215 | M53: =IF(B53="","",(K53*F53)) -> 77605.85 | N53: =IF(C53="","",VLOOKUP(C53,listaBolsa!$D$2:$AZ$1276,23,0)) -> Panamericana | O53: =IF(C53="","",VLOOKUP(C53,listaBolsa!$D$2:$AZ$1276,27,0)) -> 14033.613 | P53: =O53*19% -> 2666.3866 | Q53: =O53+P53 -> 16700 | R53: =IF(B53="","",(O53*F53)) -> 70168.067 | S53: =IF(B53="","",(Q53*F53)) -> 83500 | T53: =IF(C53="","",VLOOKUP(C53,listaBolsa!$D$2:$BB$1276,36,0)) -> Exito | U53: =IF(C53="","",VLOOKUP(C53,listaBolsa!$D$2:$BB$1276,40,0)) -> 12092.437 | V53: =U53*19% -> 2297.563 | W53: =U53+V53 -> 14390 | X53: =IF(B53="","",(U53*F53)) -> 60462.185 | Y53: =IF(B53="","",(W53*F53)) -> 71950 | Z53: =IF(A53="","",AVERAGE(K53,Q53,W53)) -> 15537.057 | AA53: =IF(B53="","",Z53*F53) -> 77685.283 | AB53: =IF(B53="","",STDEV(M53,S53,Y53)) -> 5775.4097 | AC53: =IF(B53="","",(AB53/AA53)) -> 0.074343678 | AD53: OK REVISIÓN FINAL DESVIACIÓN | AE53: INFORMACIÓN DE LA BOLSA BÁSICA -Validada la desviación | AF53: =IF(C53="","",VLOOKUP(C53,listaBolsa!$D$2:$BB$276,51,0)) -> 0 | AG53: =IF(C53="","",VLOOKUP(C53,listaBolsa!$D$2:$H$276,5,0)) -> Compra | AH53: =AG53=G53 -> TRUE | BG53: 45 | DA53: =VLOOKUP(C53,listaBolsa!$D$2:$BA$248,1,0) -> Cartulina por octavos paquete 50 láminas | DB53: =VLOOKUP(C53,listaBolsa!$D$2:$BA$248,2,0) -> Paquete de 50 láminas de cartulina de 25 x 35 cm (1/8 de pliego), gramaje de 180g, colores surtidos o color único según requerimiento. | DC53: =VLOOKUP(C53,listaBolsa!$D$2:$BA$248,10,0) -> Tienda Estudiantil | DD53: =VLOOKUP(C53,listaBolsa!$D$2:$BA$248,14,0) -> 13043 | DE53: =VLOOKUP(C53,listaBolsa!$D$2:$BA$248,23,0) -> Panamericana | DF53: =VLOOKUP(C53,listaBolsa!$D$2:$BA$248,27,0) -> 14033.613 | DG53: =VLOOKUP(C53,listaBolsa!$D$2:$BA$248,36,0) -> Exito | DH53: =VLOOKUP(C53,listaBolsa!$D$2:$BA$248,40,0) -> 12092.437 | DI53: =VLOOKUP(C53,listaBolsa!$D$2:$BA$248,48,0) -> 0.074343678 | DJ53: =DA53=C53 -> TRUE | DK53: =DB53=D53 -> TRUE | DL53: =DC53=H53 -> TRUE | DM53: =DD53=I53 -> TRUE | DN53: =DE53=N53 -> TRUE | DO53: =DF53=O53 -> TRUE | DP53: =DG53=T53 -> TRUE | DQ53: =DH53=U53 -> TRUE | DR53: =DI53=AC53 -> TRUE
A54: =IF(B54<>"",BG54,"") -> 46 | B54: por completar información | C54: Notas Adhesivas (Post-it) cuadradas 5x 5 cm | D54: Bloque de 100 notas adhesivas de 5 x 5 cm (2" x 2"), fabricadas en papel de alto gramaje con acabado mate. | E54: Unidad | F54: 5 | G54: Colocar Descripción explícita del ítem | H54: =IF(C54="","",VLOOKUP(C54,listaBolsa!$D$2:$W$1276,10,0)) -> Ofix | I54: =IF(C54="","",VLOOKUP(C54,listaBolsa!$D$2:$W$1276,14,0)) -> 1786.5546 | J54: =I54*19% -> 339.44538 | K54: =I54+J54 -> 2126 | L54: =IF(B54="","",(I54*F54)) -> 8932.7731 | M54: =IF(B54="","",(K54*F54)) -> 10630 | N54: =IF(C54="","",VLOOKUP(C54,listaBolsa!$D$2:$AZ$1276,23,0)) -> La Garza | O54: =IF(C54="","",VLOOKUP(C54,listaBolsa!$D$2:$AZ$1276,27,0)) -> 2100.8403 | P54: =O54*19% -> 399.15966 | Q54: =O54+P54 -> 2500 | R54: =IF(B54="","",(O54*F54)) -> 10504.202 | S54: =IF(B54="","",(Q54*F54)) -> 12500 | T54: =IF(C54="","",VLOOKUP(C54,listaBolsa!$D$2:$BB$1276,36,0)) -> DINGLI - DETALSHOP | U54: =IF(C54="","",VLOOKUP(C54,listaBolsa!$D$2:$BB$1276,40,0)) -> 1500 | V54: =U54*19% -> 285 | W54: =U54+V54 -> 1785 | X54: =IF(B54="","",(U54*F54)) -> 7500 | Y54: =IF(B54="","",(W54*F54)) -> 8925 | Z54: =IF(A54="","",AVERAGE(K54,Q54,W54)) -> 2137 | AA54: =IF(B54="","",Z54*F54) -> 10685 | AB54: =IF(B54="","",STDEV(M54,S54,Y54)) -> 1788.1345 | AC54: =IF(B54="","",(AB54/AA54)) -> 0.16734998 | AD54: OK REVISIÓN FINAL DESVIACIÓN | AF54: =IF(C54="","",VLOOKUP(C54,listaBolsa!$D$2:$BB$276,51,0)) -> 0 | AG54: =IF(C54="","",VLOOKUP(C54,listaBolsa!$D$2:$H$276,5,0)) -> Compra | AH54: =AG54=G54 -> FALSE | BG54: 46 | DA54: =VLOOKUP(C54,listaBolsa!$D$2:$BA$330,1,0) -> Notas Adhesivas (Post-it) cuadradas 5x 5 cm | DB54: =VLOOKUP(C54,listaBolsa!$D$2:$BA$330,2,0) -> Bloque de 100 notas adhesivas de 5 x 5 cm (2" x 2"), fabricadas en papel de alto gramaje con acabado mate. | DC54: =VLOOKUP(C54,listaBolsa!$D$2:$BA$330,10,0) -> Ofix | DD54: =VLOOKUP(C54,listaBolsa!$D$2:$BA$330,14,0) -> 1786.5546 | DE54: =VLOOKUP(C54,listaBolsa!$D$2:$BA$330,23,0) -> La Garza | DF54: =VLOOKUP(C54,listaBolsa!$D$2:$BA$330,27,0) -> 2100.8403 | DG54: =VLOOKUP(C54,listaBolsa!$D$2:$BA$330,36,0) -> DINGLI - DETALSHOP | DH54: =VLOOKUP(C54,listaBolsa!$D$2:$BA$330,40,0) -> 1500 | DI54: =VLOOKUP(C54,listaBolsa!$D$2:$BA$330,48,0) -> 0.16734998 | DJ54: =DA54=C54 -> TRUE | DK54: =DB54=D54 -> TRUE | DL54: =DC54=H54 -> TRUE | DM54: =DD54=I54 -> TRUE | DN54: =DE54=N54 -> TRUE | DO54: =DF54=O54 -> TRUE | DP54: =DG54=T54 -> TRUE | DQ54: =DH54=U54 -> TRUE | DR54: =DI54=AC54 -> TRUE
A55: =IF(B55<>"",BG55,"") -> 47 | B55: por completar información | C55: Esfero cualquier color caja x 10 | D55: =IF(C55="","",VLOOKUP(C55,listaBolsa!$D$2:$H$276,2,0)) -> Caja de 10 bolígrafos con tinta suave de baja viscosidad en colores variados. Cuerpo ergonómico transparente para control de tinta, punta de tungsteno para trazos precisos y tapa de seguridad ventilada. | E55: Unidad | F55: 5 | G55: Compra | H55: =IF(C55="","",VLOOKUP(C55,listaBolsa!$D$2:$W$1276,10,0)) -> GUERRA EDITORES | I55: =IF(C55="","",VLOOKUP(C55,listaBolsa!$D$2:$W$1276,14,0)) -> 5407.563 | J55: =I55*19% -> 1027.437 | K55: =I55+J55 -> 6435 | L55: =IF(B55="","",(I55*F55)) -> 27037.815 | M55: =IF(B55="","",(K55*F55)) -> 32175 | N55: =IF(C55="","",VLOOKUP(C55,listaBolsa!$D$2:$AZ$1276,23,0)) -> LIBRERIA Y PAPELERIA TIENDA ESTUDIANTIL LTDA | O55: =IF(C55="","",VLOOKUP(C55,listaBolsa!$D$2:$AZ$1276,27,0)) -> 4628.5714 | P55: =O55*19% -> 879.42857 | Q55: =O55+P55 -> 5508 | R55: =IF(B55="","",(O55*F55)) -> 23142.857 | S55: =IF(B55="","",(Q55*F55)) -> 27540 | T55: =IF(C55="","",VLOOKUP(C55,listaBolsa!$D$2:$BB$1276,36,0)) -> ENTREPRISE | U55: =IF(C55="","",VLOOKUP(C55,listaBolsa!$D$2:$BB$1276,40,0)) -> 4968.9076 | V55: =U55*19% -> 944.09244 | W55: =U55+V55 -> 5913 | X55: =IF(B55="","",(U55*F55)) -> 24844.538 | Y55: =IF(B55="","",(W55*F55)) -> 29565 | Z55: =IF(A55="","",AVERAGE(K55,Q55,W55)) -> 5952 | AA55: =IF(B55="","",Z55*F55) -> 29760 | AB55: =IF(B55="","",STDEV(M55,S55,Y55)) -> 2323.6448 | AC55: =IF(B55="","",(AB55/AA55)) -> 0.078079461 | AD55: OK REVISIÓN FINAL DESVIACIÓN | AE55: INFORMACIÓN DE LA BOLSA BÁSICA -Validada la desviación | AF55: =IF(C55="","",VLOOKUP(C55,listaBolsa!$D$2:$BB$276,51,0)) -> 0 | AG55: =IF(C55="","",VLOOKUP(C55,listaBolsa!$D$2:$H$276,5,0)) -> Compra | AH55: =AG55=G55 -> TRUE | BG55: 47 | DA55: =VLOOKUP(C55,listaBolsa!$D$2:$BA$248,1,0) -> Esfero cualquier color caja x 10 | DB55: =VLOOKUP(C55,listaBolsa!$D$2:$BA$248,2,0) -> Caja de 10 bolígrafos con tinta suave de baja viscosidad en colores variados. Cuerpo ergonómico transparente para control de tinta, punta de tungsteno para trazos precisos y tapa de seguridad ventilada. | DC55: =VLOOKUP(C55,listaBolsa!$D$2:$BA$248,10,0) -> GUERRA EDITORES | DD55: =VLOOKUP(C55,listaBolsa!$D$2:$BA$248,14,0) -> 5407.563 | DE55: =VLOOKUP(C55,listaBolsa!$D$2:$BA$248,23,0) -> LIBRERIA Y PAPELERIA TIENDA ESTUDIANTIL LTDA | DF55: =VLOOKUP(C55,listaBolsa!$D$2:$BA$248,27,0) -> 4628.5714 | DG55: =VLOOKUP(C55,listaBolsa!$D$2:$BA$248,36,0) -> ENTREPRISE | DH55: =VLOOKUP(C55,listaBolsa!$D$2:$BA$248,40,0) -> 4968.9076 | DI55: =VLOOKUP(C55,listaBolsa!$D$2:$BA$248,48,0) -> 0.078079461 | DJ55: =DA55=C55 -> TRUE | DK55: =DB55=D55 -> TRUE | DL55: =DC55=H55 -> TRUE | DM55: =DD55=I55 -> TRUE | DN55: =DE55=N55 -> TRUE | DO55: =DF55=O55 -> TRUE | DP55: =DG55=T55 -> TRUE | DQ55: =DH55=U55 -> TRUE | DR55: =DI55=AC55 -> TRUE
A56: =IF(B56<>"",BG56,"") -> 48 | B56: por completar información | C56: Lápiz caja x 12 | D56: =IF(C56="","",VLOOKUP(C56,listaBolsa!$D$2:$H$276,2,0)) -> Caja de 12 lápices de grafito graduación HB (No. 2), mina de alta resistencia y trazo suave. Cuerpo de madera de alta calidad para un tajado fácil y uniforme, ideal para escritura general, dibujo básico y uso escolar. | E56: Unidad | F56: 5 | G56: Compra | H56: =IF(C56="","",VLOOKUP(C56,listaBolsa!$D$2:$W$1276,10,0)) -> Panamericana | I56: =IF(C56="","",VLOOKUP(C56,listaBolsa!$D$2:$W$1276,14,0)) -> 6715.9664 | J56: =I56*19% -> 1276.0336 | K56: =I56+J56 -> 7992 | L56: =IF(B56="","",(I56*F56)) -> 33579.832 | M56: =IF(B56="","",(K56*F56)) -> 39960 | N56: =IF(C56="","",VLOOKUP(C56,listaBolsa!$D$2:$AZ$1276,23,0)) -> Exito | O56: =IF(C56="","",VLOOKUP(C56,listaBolsa!$D$2:$AZ$1276,27,0)) -> 7815.1261 | P56: =O56*19% -> 1484.8739 | Q56: =O56+P56 -> 9300 | R56: =IF(B56="","",(O56*F56)) -> 39075.63 | S56: =IF(B56="","",(Q56*F56)) -> 46500 | T56: =IF(C56="","",VLOOKUP(C56,listaBolsa!$D$2:$BB$1276,36,0)) -> Norma | U56: =IF(C56="","",VLOOKUP(C56,listaBolsa!$D$2:$BB$1276,40,0)) -> 9394.958 | V56: =U56*19% -> 1785.042 | W56: =U56+V56 -> 11180 | X56: =IF(B56="","",(U56*F56)) -> 46974.79 | Y56: =IF(B56="","",(W56*F56)) -> 55900 | Z56: =IF(A56="","",AVERAGE(K56,Q56,W56)) -> 9490.6667 | AA56: =IF(B56="","",Z56*F56) -> 47453.333 | AB56: =IF(B56="","",STDEV(M56,S56,Y56)) -> 8012.6483 | AC56: =IF(B56="","",(AB56/AA56)) -> 0.16885322 | AD56: OK REVISIÓN FINAL DESVIACIÓN | AE56: INFORMACIÓN DE LA BOLSA BÁSICA -Validada la desviación | AF56: =IF(C56="","",VLOOKUP(C56,listaBolsa!$D$2:$BB$276,51,0)) -> 0 | AG56: =IF(C56="","",VLOOKUP(C56,listaBolsa!$D$2:$H$276,5,0)) -> Compra | AH56: =AG56=G56 -> TRUE | BG56: 48 | DA56: =VLOOKUP(C56,listaBolsa!$D$2:$BA$248,1,0) -> Lápiz caja x 12 | DB56: =VLOOKUP(C56,listaBolsa!$D$2:$BA$248,2,0) -> Caja de 12 lápices de grafito graduación HB (No. 2), mina de alta resistencia y trazo suave. Cuerpo de madera de alta calidad para un tajado fácil y uniforme, ideal para escritura general, dibujo básico y uso escolar. | DC56: =VLOOKUP(C56,listaBolsa!$D$2:$BA$248,10,0) -> Panamericana | DD56: =VLOOKUP(C56,listaBolsa!$D$2:$BA$248,14,0) -> 6715.9664 | DE56: =VLOOKUP(C56,listaBolsa!$D$2:$BA$248,23,0) -> Exito | DF56: =VLOOKUP(C56,listaBolsa!$D$2:$BA$248,27,0) -> 7815.1261 | DG56: =VLOOKUP(C56,listaBolsa!$D$2:$BA$248,36,0) -> Norma | DH56: =VLOOKUP(C56,listaBolsa!$D$2:$BA$248,40,0) -> 9394.958 | DI56: =VLOOKUP(C56,listaBolsa!$D$2:$BA$248,48,0) -> 0.16885322 | DJ56: =DA56=C56 -> TRUE | DK56: =DB56=D56 -> TRUE | DL56: =DC56=H56 -> TRUE | DM56: =DD56=I56 -> TRUE | DN56: =DE56=N56 -> TRUE | DO56: =DF56=O56 -> TRUE | DP56: =DG56=T56 -> TRUE | DQ56: =DH56=U56 -> TRUE | DR56: =DI56=AC56 -> TRUE
A57: =IF(B57<>"",BG57,"") -> 49 | B57: por completar información | C57: Colores Caja x 12 punta sencilla | D57: =IF(C57="","",VLOOKUP(C57,listaBolsa!$D$2:$H$276,2,0)) -> Caja de lápices de colores x 12 unidades, única punta, de minas suaves, resistentes y fácil de afilar | E57: Unidad | F57: 15 | G57: Compra | H57: =IF(C57="","",VLOOKUP(C57,listaBolsa!$D$2:$W$1276,10,0)) -> Renovacion libreria y papeleria | I57: =IF(C57="","",VLOOKUP(C57,listaBolsa!$D$2:$W$1276,14,0)) -> 7000 | J57: =I57*19% -> 1330 | K57: =I57+J57 -> 8330 | L57: =IF(B57="","",(I57*F57)) -> 105000 | M57: =IF(B57="","",(K57*F57)) -> 124950 | N57: =IF(C57="","",VLOOKUP(C57,listaBolsa!$D$2:$AZ$1276,23,0)) -> INVER Y DISTRIBUIDORES DIAMOND | O57: =IF(C57="","",VLOOKUP(C57,listaBolsa!$D$2:$AZ$1276,27,0)) -> 7183 | Q57: =O57+P57 -> 7183 | R57: =IF(B57="","",(O57*F57)) -> 107745 | S57: =IF(B57="","",(Q57*F57)) -> 107745 | T57: =IF(C57="","",VLOOKUP(C57,listaBolsa!$D$2:$BB$1276,36,0)) -> Papeleria Jonan | U57: =IF(C57="","",VLOOKUP(C57,listaBolsa!$D$2:$BB$1276,40,0)) -> 7226.8908 | V57: =U57*19% -> 1373.1092 | W57: =U57+V57 -> 8600 | X57: =IF(B57="","",(U57*F57)) -> 108403.36 | Y57: =IF(B57="","",(W57*F57)) -> 129000 | Z57: =IF(A57="","",AVERAGE(K57,Q57,W57)) -> 8037.6667 | AA57: =IF(B57="","",Z57*F57) -> 120565 | AB57: =IF(B57="","",STDEV(M57,S57,Y57)) -> 11285.607 | AC57: =IF(B57="","",(AB57/AA57)) -> 0.093605997 | AD57: La segunda cotización no tiene IVA | AE57: INFORMACIÓN DE LA BOLSA BÁSICA -Validada la desviación | AF57: =IF(C57="","",VLOOKUP(C57,listaBolsa!$D$2:$BB$276,51,0)) -> Segundo ítem sin Iva | AG57: =IF(C57="","",VLOOKUP(C57,listaBolsa!$D$2:$H$276,5,0)) -> Compra | AH57: =AG57=G57 -> TRUE | BG57: 49 | DA57: =VLOOKUP(C57,listaBolsa!$D$2:$BA$248,1,0) -> Colores Caja x 12 punta sencilla | DB57: =VLOOKUP(C57,listaBolsa!$D$2:$BA$248,2,0) -> Caja de lápices de colores x 12 unidades, única punta, de minas suaves, resistentes y fácil de afilar | DC57: =VLOOKUP(C57,listaBolsa!$D$2:$BA$248,10,0) -> Renovacion libreria y papeleria | DD57: =VLOOKUP(C57,listaBolsa!$D$2:$BA$248,14,0) -> 7000 | DE57: =VLOOKUP(C57,listaBolsa!$D$2:$BA$248,23,0) -> INVER Y DISTRIBUIDORES DIAMOND | DF57: =VLOOKUP(C57,listaBolsa!$D$2:$BA$248,27,0) -> 7183 | DG57: =VLOOKUP(C57,listaBolsa!$D$2:$BA$248,36,0) -> Papeleria Jonan | DH57: =VLOOKUP(C57,listaBolsa!$D$2:$BA$248,40,0) -> 7226.8908 | DI57: =VLOOKUP(C57,listaBolsa!$D$2:$BA$248,48,0) -> 0.093605997 | DJ57: =DA57=C57 -> TRUE | DK57: =DB57=D57 -> TRUE | DL57: =DC57=H57 -> TRUE | DM57: =DD57=I57 -> TRUE | DN57: =DE57=N57 -> TRUE | DO57: =DF57=O57 -> TRUE | DP57: =DG57=T57 -> TRUE | DQ57: =DH57=U57 -> TRUE | DR57: =DI57=AC57 -> TRUE
A58: =IF(B58<>"",BG58,"") -> 50 | B58: por completar información | C58: Microfonos | D58: Micrófono de mano tipo dinámico para voz, con patrón polar cardioide, respuesta de frecuencia aproximada entre 50 Hz y 15 kHz, con conexión XLR o plug 6.3 mm, construcción metálica resistente, con interruptor de encendido/apagado, incluye cable de conexión y soporte o clip. | E58: Unidad | F58: 2 | G58: Compra | H58: CCM TIENDA DE SONIDO | I58: 111764.71 | J58: =I58*19% -> 21235.295 | K58: =I58+J58 -> 133000 | L58: =IF(B58="","",(I58*F58)) -> 223529.42 | M58: =IF(B58="","",(K58*F58)) -> 266000.01 | N58: MICHE | O58: 116806.72 | P58: =O58*19% -> 22193.277 | Q58: =O58+P58 -> 139000 | R58: =IF(B58="","",(O58*F58)) -> 233613.44 | S58: =IF(B58="","",(Q58*F58)) -> 277999.99 | T58: PIANOS BOGOTA | U58: 100000 | V58: =U58*19% -> 19000 | W58: =U58+V58 -> 119000 | X58: =IF(B58="","",(U58*F58)) -> 200000 | Y58: =IF(B58="","",(W58*F58)) -> 238000 | Z58: =IF(A58="","",AVERAGE(K58,Q58,W58)) -> 130333.33 | AA58: =IF(B58="","",Z58*F58) -> 260666.67 | AB58: =IF(B58="","",STDEV(M58,S58,Y58)) -> 20526.404 | AC58: =IF(B58="","",(AB58/AA58)) -> 0.078745796 | AD58: OK REVISIÓN FINAL DESVIACIÓN | AE58: BOLSA- NO VERIFICADAS COTIZACIONES | AF58: =IF(C58="","",VLOOKUP(C58,listaBolsa!$D$2:$BB$276,51,0)) -> #N/A | AG58: =IF(C58="","",VLOOKUP(C58,listaBolsa!$D$2:$H$276,5,0)) -> #N/A | AH58: =AG58=G58 -> #N/A | BG58: 50 | DA58: =VLOOKUP(C58,listaBolsa!$D$2:$BA$330,1,0) -> Microfonos | DB58: =VLOOKUP(C58,listaBolsa!$D$2:$BA$330,2,0) -> Micrófono de mano tipo dinámico para voz, con patrón polar cardioide, respuesta de frecuencia aproximada entre 50 Hz y 15 kHz, con conexión XLR o plug 6.3 mm, construcción metálica resistente, con interruptor de encendido/apagado, incluye cable de conexión y soporte o clip. | DC58: =VLOOKUP(C58,listaBolsa!$D$2:$BA$330,10,0) -> CCM TIENDA DE SONIDO | DD58: =VLOOKUP(C58,listaBolsa!$D$2:$BA$330,14,0) -> 111764.71 | DE58: =VLOOKUP(C58,listaBolsa!$D$2:$BA$330,23,0) -> MICHE | DF58: =VLOOKUP(C58,listaBolsa!$D$2:$BA$330,27,0) -> 116806.72 | DG58: =VLOOKUP(C58,listaBolsa!$D$2:$BA$330,36,0) -> PIANOS BOGOTA | DH58: =VLOOKUP(C58,listaBolsa!$D$2:$BA$330,40,0) -> 100000 | DI58: =VLOOKUP(C58,listaBolsa!$D$2:$BA$330,48,0) -> 0.0787 | DJ58: =DA58=C58 -> TRUE | DK58: =DB58=D58 -> TRUE | DL58: =DC58=H58 -> TRUE | DM58: =DD58=I58 -> TRUE | DN58: =DE58=N58 -> TRUE | DO58: =DF58=O58 -> TRUE | DP58: =DG58=T58 -> TRUE | DQ58: =DH58=U58 -> TRUE | DR58: =DI58=AC58 -> FALSE
A59: =IF(B59<>"",BG59,"") -> 51 | B59: por completar información | C59: Mueble de almacenamiento de Computadores portátiles. | D59: Estación de carga de dispositivos de 30 unidades totalmente ensamblada, con ruedas y chapa de seguridad. Dimensiones del producto: 20,5"prof. x 20"an. x 39"al. pulgadas Material:Metal ColorNegro Características especiales Totalmente montado, Uso pesado. | E59: Unidad | F59: 1 | G59: Compra | H59: =IF(C59="","",VLOOKUP(C59,listaBolsa!$D$2:$W$1276,10,0)) -> METALICAS GUERFOR | I59: =IF(C59="","",VLOOKUP(C59,listaBolsa!$D$2:$W$1276,14,0)) -> 4714285.7 | J59: =I59*19% -> 895714.28 | K59: =I59+J59 -> 5610000 | L59: =IF(B59="","",(I59*F59)) -> 4714285.7 | M59: =IF(B59="","",(K59*F59)) -> 5610000 | N59: =IF(C59="","",VLOOKUP(C59,listaBolsa!$D$2:$AZ$1276,23,0)) -> DAGA | O59: =IF(C59="","",VLOOKUP(C59,listaBolsa!$D$2:$AZ$1276,27,0)) -> 4146000 | P59: =O59*19% -> 787740 | Q59: =O59+P59 -> 4933740 | R59: =IF(B59="","",(O59*F59)) -> 4146000 | S59: =IF(B59="","",(Q59*F59)) -> 4933740 | T59: =IF(C59="","",VLOOKUP(C59,listaBolsa!$D$2:$BB$1276,36,0)) -> BASES Y SOPORTES | U59: =IF(C59="","",VLOOKUP(C59,listaBolsa!$D$2:$BB$1276,40,0)) -> 5550000 | V59: =U59*19% -> 1054500 | W59: =U59+V59 -> 6604500 | X59: =IF(B59="","",(U59*F59)) -> 5550000 | Y59: =IF(B59="","",(W59*F59)) -> 6604500 | Z59: =IF(A59="","",AVERAGE(K59,Q59,W59)) -> 5716080 | AA59: =IF(B59="","",Z59*F59) -> 5716080 | AB59: =IF(B59="","",STDEV(M59,S59,Y59)) -> 840416.25 | AC59: =IF(B59="","",(AB59/AA59)) -> 0.14702668 | AD59: OK REVISIÓN FINAL DESVIACIÓN | AF59: =IF(C59="","",VLOOKUP(C59,listaBolsa!$D$2:$BB$276,51,0)) -> #N/A | AG59: =IF(C59="","",VLOOKUP(C59,listaBolsa!$D$2:$H$276,5,0)) -> #N/A | AH59: =AG59=G59 -> #N/A | BG59: 51 | DA59: =VLOOKUP(C59,listaBolsa!$D$2:$BA$330,1,0) -> Mueble de almacenamiento de Computadores portátiles. | DB59: =VLOOKUP(C59,listaBolsa!$D$2:$BA$330,2,0) -> Estación de carga de dispositivos de 30 unidades totalmente ensamblada, con ruedas y chapa de seguridad. Dimensiones del producto: 20,5"prof. x 20"an. x 39"al. pulgadas Material:Metal ColorNegro Características especiales Totalmente montado, Uso pesado. | DC59: =VLOOKUP(C59,listaBolsa!$D$2:$BA$330,10,0) -> METALICAS GUERFOR | DD59: =VLOOKUP(C59,listaBolsa!$D$2:$BA$330,14,0) -> 4714285.7 | DE59: =VLOOKUP(C59,listaBolsa!$D$2:$BA$330,23,0) -> DAGA | DF59: =VLOOKUP(C59,listaBolsa!$D$2:$BA$330,27,0) -> 4146000 | DG59: =VLOOKUP(C59,listaBolsa!$D$2:$BA$330,36,0) -> BASES Y SOPORTES | DH59: =VLOOKUP(C59,listaBolsa!$D$2:$BA$330,40,0) -> 5550000 | DI59: =VLOOKUP(C59,listaBolsa!$D$2:$BA$330,48,0) -> 0.147 | DJ59: =DA59=C59 -> TRUE | DK59: =DB59=D59 -> TRUE | DL59: =DC59=H59 -> TRUE | DM59: =DD59=I59 -> TRUE | DN59: =DE59=N59 -> TRUE | DO59: =DF59=O59 -> TRUE | DP59: =DG59=T59 -> TRUE | DQ59: =DH59=U59 -> TRUE | DR59: =DI59=AC59 -> FALSE
A60: =IF(B60<>"",BG60,"") -> 52 | B60: por completar información | C60: Router | D60: Router de doble banda que se actualiza a Internet de alta velocidad de 1200 Mbps (300 Mbps para 2.4 GHz más 900 | E60: Unidad | F60: 1 | G60: Compra | H60: =IF(C60="","",VLOOKUP(C60,listaBolsa!$D$2:$W$1276,10,0)) -> PANAMERICANA | I60: =IF(C60="","",VLOOKUP(C60,listaBolsa!$D$2:$W$1276,14,0)) -> 184789.92 | J60: =I60*19% -> 35110.085 | K60: =I60+J60 -> 219900 | L60: =IF(B60="","",(I60*F60)) -> 184789.92 | M60: =IF(B60="","",(K60*F60)) -> 219900 | N60: =IF(C60="","",VLOOKUP(C60,listaBolsa!$D$2:$AZ$1276,23,0)) -> FALABELLA | O60: =IF(C60="","",VLOOKUP(C60,listaBolsa!$D$2:$AZ$1276,27,0)) -> 184789.92 | P60: =O60*19% -> 35110.085 | Q60: =O60+P60 -> 219900 | R60: =IF(B60="","",(O60*F60)) -> 184789.92 | S60: =IF(B60="","",(Q60*F60)) -> 219900 | T60: =IF(C60="","",VLOOKUP(C60,listaBolsa!$D$2:$BB$1276,36,0)) -> ALKOSTO | U60: =IF(C60="","",VLOOKUP(C60,listaBolsa!$D$2:$BB$1276,40,0)) -> 184789.92 | V60: =U60*19% -> 35110.085 | W60: =U60+V60 -> 219900 | X60: =IF(B60="","",(U60*F60)) -> 184789.92 | Y60: =IF(B60="","",(W60*F60)) -> 219900 | Z60: =IF(A60="","",AVERAGE(K60,Q60,W60)) -> 219900 | AA60: =IF(B60="","",Z60*F60) -> 219900 | AB60: =IF(B60="","",STDEV(M60,S60,Y60)) -> 0 | AC60: =IF(B60="","",(AB60/AA60)) -> 0 | AD60: OK REVISIÓN FINAL DESVIACIÓN | AF60: =IF(C60="","",VLOOKUP(C60,listaBolsa!$D$2:$BB$276,51,0)) -> #N/A | AG60: =IF(C60="","",VLOOKUP(C60,listaBolsa!$D$2:$H$276,5,0)) -> #N/A | AH60: =AG60=G60 -> #N/A | BG60: 52 | DA60: =VLOOKUP(C60,listaBolsa!$D$2:$BA$330,1,0) -> Router | DB60: =VLOOKUP(C60,listaBolsa!$D$2:$BA$330,2,0) -> Router de doble banda que se actualiza a Internet de alta velocidad de 1200 Mbps (300 Mbps para 2.4 GHz más 900 | DC60: =VLOOKUP(C60,listaBolsa!$D$2:$BA$330,10,0) -> PANAMERICANA | DD60: =VLOOKUP(C60,listaBolsa!$D$2:$BA$330,14,0) -> 184789.92 | DE60: =VLOOKUP(C60,listaBolsa!$D$2:$BA$330,23,0) -> FALABELLA | DF60: =VLOOKUP(C60,listaBolsa!$D$2:$BA$330,27,0) -> 184789.92 | DG60: =VLOOKUP(C60,listaBolsa!$D$2:$BA$330,36,0) -> ALKOSTO | DH60: =VLOOKUP(C60,listaBolsa!$D$2:$BA$330,40,0) -> 184789.92 | DI60: =VLOOKUP(C60,listaBolsa!$D$2:$BA$330,48,0) -> 0 | DJ60: =DA60=C60 -> TRUE | DK60: =DB60=D60 -> TRUE | DL60: =DC60=H60 -> TRUE | DM60: =DD60=I60 -> TRUE | DN60: =DE60=N60 -> TRUE | DO60: =DF60=O60 -> TRUE | DP60: =DG60=T60 -> TRUE | DQ60: =DH60=U60 -> TRUE | DR60: =DI60=AC60 -> TRUE
A61: =IF(B61<>"",BG61,"") -> 53 | B61: por completar información | C61: Pistola Manguera | D61: "Pistola Metálica Para Manguera De Jardinería 8 Funciones Cuerpo metálico recubierto de doble inyección ABS/TPR, Clip para flujo continuo, permite que el agua fluya sin apretar constantemente, Cabeza giratoria para ajustar a la función elegida, Conexión 3/4 - 11.5 NH, 8 Tipos de riego" | E61: Unidad | F61: 4 | G61: Compra | H61: TECNOPLUS | I61: 23303.36 | J61: =I61*19% -> 4427.6384 | K61: =I61+J61 -> 27730.998 | L61: =IF(B61="","",(I61*F61)) -> 93213.44 | M61: =IF(B61="","",(K61*F61)) -> 110923.99 | N61: MANGUERAS Y BANDAS | O61: 26134.45 | P61: =O61*19% -> 4965.5455 | Q61: =O61+P61 -> 31099.996 | R61: =IF(B61="","",(O61*F61)) -> 104537.8 | S61: =IF(B61="","",(Q61*F61)) -> 124399.98 | T61: SOELCO | U61: 23613.45 | V61: =U61*19% -> 4486.5555 | W61: =U61+V61 -> 28100.005 | X61: =IF(B61="","",(U61*F61)) -> 94453.8 | Y61: =IF(B61="","",(W61*F61)) -> 112400.02 | Z61: =IF(A61="","",AVERAGE(K61,Q61,W61)) -> 28977 | AA61: =IF(B61="","",Z61*F61) -> 115908 | AB61: =IF(B61="","",STDEV(M61,S61,Y61)) -> 7391.2106 | AC61: =IF(B61="","",(AB61/AA61)) -> 0.063767908 | AD61: OK REVISIÓN FINAL DESVIACIÓN | AE61: BOLSA- NO VERIFICADAS COTIZACIONES | AF61: =IF(C61="","",VLOOKUP(C61,listaBolsa!$D$2:$BB$276,51,0)) -> #N/A | AG61: =IF(C61="","",VLOOKUP(C61,listaBolsa!$D$2:$H$276,5,0)) -> #N/A | AH61: =AG61=G61 -> #N/A | BG61: 53 | DA61: =VLOOKUP(C61,listaBolsa!$D$2:$BA$330,1,0) -> Pistola Manguera | DB61: =VLOOKUP(C61,listaBolsa!$D$2:$BA$330,2,0) -> "Pistola Metálica Para Manguera De Jardinería 8 Funciones Cuerpo metálico recubierto de doble inyección ABS/TPR, Clip para flujo continuo, permite que el agua fluya sin apretar constantemente, Cabeza giratoria para ajustar a la función elegida, Conexión 3/4 - 11.5 NH, 8 Tipos de riego" | DC61: =VLOOKUP(C61,listaBolsa!$D$2:$BA$330,10,0) -> TECNOPLUS | DD61: =VLOOKUP(C61,listaBolsa!$D$2:$BA$330,14,0) -> 23303.36 | DE61: =VLOOKUP(C61,listaBolsa!$D$2:$BA$330,23,0) -> MANGUERAS Y BANDAS | DF61: =VLOOKUP(C61,listaBolsa!$D$2:$BA$330,27,0) -> 26134.45 | DG61: =VLOOKUP(C61,listaBolsa!$D$2:$BA$330,36,0) -> SOELCO | DH61: =VLOOKUP(C61,listaBolsa!$D$2:$BA$330,40,0) -> 23613.45 | DI61: =VLOOKUP(C61,listaBolsa!$D$2:$BA$330,48,0) -> 0.0638 | DJ61: =DA61=C61 -> TRUE | DK61: =DB61=D61 -> TRUE | DL61: =DC61=H61 -> TRUE | DM61: =DD61=I61 -> TRUE | DN61: =DE61=N61 -> TRUE | DO61: =DF61=O61 -> TRUE | DP61: =DG61=T61 -> TRUE | DQ61: =DH61=U61 -> TRUE | DR61: =DI61=AC61 -> FALSE
A62: =IF(B62<>"",BG62,"") -> 54 | B62: por completar información | C62: Juego 3 de herramientas jardinería | D62: "Juego 3 Herramientas Jardín Con Mango Madera Tipo: herramientas de jardín Características: Set de 3 herramientas para jardinería: 2 palas y 1 rastrillo." | E62: Unidad | F62: 10 | G62: Compra | H62: FERRETERIA DE MARCA | I62: 25466.39 | J62: =I62*19% -> 4838.6141 | K62: =I62+J62 -> 30305.004 | L62: =IF(B62="","",(I62*F62)) -> 254663.9 | M62: =IF(B62="","",(K62*F62)) -> 303050.04 | N62: TIERRAGRO | O62: 31176.47 | P62: =O62*19% -> 5923.5293 | Q62: =O62+P62 -> 37099.999 | R62: =IF(B62="","",(O62*F62)) -> 311764.7 | S62: =IF(B62="","",(Q62*F62)) -> 370999.99 | T62: CONSTRUMOLE | U62: 21026.05 | V62: =U62*19% -> 3994.9495 | W62: =U62+V62 -> 25020.999 | X62: =IF(B62="","",(U62*F62)) -> 210260.5 | Y62: =IF(B62="","",(W62*F62)) -> 250209.99 | Z62: =IF(A62="","",AVERAGE(K62,Q62,W62)) -> 30808.668 | AA62: =IF(B62="","",Z62*F62) -> 308086.68 | AB62: =IF(B62="","",STDEV(M62,S62,Y62)) -> 60552.305 | AC62: =IF(B62="","",(AB62/AA62)) -> 0.19654308 | AD62: OK REVISIÓN FINAL DESVIACIÓN | AF62: =IF(C62="","",VLOOKUP(C62,listaBolsa!$D$2:$BB$276,51,0)) -> #N/A | AG62: =IF(C62="","",VLOOKUP(C62,listaBolsa!$D$2:$H$276,5,0)) -> #N/A | AH62: =AG62=G62 -> #N/A | BG62: 54 | DA62: =VLOOKUP(C62,listaBolsa!$D$2:$BA$330,1,0) -> Juego 3 de herramientas jardinería | DB62: =VLOOKUP(C62,listaBolsa!$D$2:$BA$330,2,0) -> "Juego 3 Herramientas Jardín Con Mango Madera Tipo: herramientas de jardín Características: Set de 3 herramientas para jardinería: 2 palas y 1 rastrillo." | DC62: =VLOOKUP(C62,listaBolsa!$D$2:$BA$330,10,0) -> FERRETERIA DE MARCA | DD62: =VLOOKUP(C62,listaBolsa!$D$2:$BA$330,14,0) -> 25466.39 | DE62: =VLOOKUP(C62,listaBolsa!$D$2:$BA$330,23,0) -> TIERRAGRO | DF62: =VLOOKUP(C62,listaBolsa!$D$2:$BA$330,27,0) -> 31176.47 | DG62: =VLOOKUP(C62,listaBolsa!$D$2:$BA$330,36,0) -> CONSTRUMOLE | DH62: =VLOOKUP(C62,listaBolsa!$D$2:$BA$330,40,0) -> 21026.05 | DI62: =VLOOKUP(C62,listaBolsa!$D$2:$BA$330,48,0) -> 0.1965 | DJ62: =DA62=C62 -> TRUE | DK62: =DB62=D62 -> TRUE | DL62: =DC62=H62 -> TRUE | DM62: =DD62=I62 -> TRUE | DN62: =DE62=N62 -> TRUE | DO62: =DF62=O62 -> TRUE | DP62: =DG62=T62 -> TRUE | DQ62: =DH62=U62 -> TRUE | DR62: =DI62=AC62 -> FALSE
A63: =IF(B63<>"",BG63,"") -> 55 | B63: por completar información | C63: Bomba atomizador manual | D63: Capacidad: 3 litros Fumigadora Aspersor Pulverizador Sistema de bombeo manual para fácil generación de presión. Boquilla ajustable que permite chorro fino o bruma ligera.Válvula de seguridad para control de presión y uso seguro." | E63: Unidad | F63: 3 | G63: Compra | H63: ROXVAN | I63: 13235.29 | J63: =I63*19% -> 2514.7051 | K63: =I63+J63 -> 15749.995 | L63: =IF(B63="","",(I63*F63)) -> 39705.87 | M63: =IF(B63="","",(K63*F63)) -> 47249.985 | N63: MACHETICO | O63: 11764.71 | P63: =O63*19% -> 2235.2949 | Q63: =O63+P63 -> 14000.005 | R63: =IF(B63="","",(O63*F63)) -> 35294.13 | S63: =IF(B63="","",(Q63*F63)) -> 42000.015 | T63: CASAFERRETERA | U63: 10420.17 | V63: =U63*19% -> 1979.8323 | W63: =U63+V63 -> 12400.002 | X63: =IF(B63="","",(U63*F63)) -> 31260.51 | Y63: =IF(B63="","",(W63*F63)) -> 37200.007 | Z63: =IF(A63="","",AVERAGE(K63,Q63,W63)) -> 14050.001 | AA63: =IF(B63="","",Z63*F63) -> 42150.002 | AB63: =IF(B63="","",STDEV(M63,S63,Y63)) -> 5026.6678 | AC63: =IF(B63="","",(AB63/AA63)) -> 0.11925664 | AD63: OK REVISIÓN FINAL DESVIACIÓN | AE63: TRANSCRITA DE LA BOLSA | AF63: =IF(C63="","",VLOOKUP(C63,listaBolsa!$D$2:$BB$276,51,0)) -> Cotizaciones entegadas por el equipo de cotizaciones-LUZ JIMENEZ | AG63: =IF(C63="","",VLOOKUP(C63,listaBolsa!$D$2:$H$276,5,0)) -> Compra | AH63: =AG63=G63 -> TRUE | BG63: 55 | DA63: =VLOOKUP(C63,listaBolsa!$D$2:$BA$330,1,0) -> Bomba atomizador manual | DB63: =VLOOKUP(C63,listaBolsa!$D$2:$BA$330,2,0) -> Capacidad: 3 litros Fumigadora Aspersor Pulverizador Sistema de bombeo manual para fácil generación de presión. Boquilla ajustable que permite chorro fino o bruma ligera.Válvula de seguridad para control de presión y uso seguro." | DC63: =VLOOKUP(C63,listaBolsa!$D$2:$BA$330,10,0) -> ROXVAN | DD63: =VLOOKUP(C63,listaBolsa!$D$2:$BA$330,14,0) -> 13235.29 | DE63: =VLOOKUP(C63,listaBolsa!$D$2:$BA$330,23,0) -> MACHETICO | DF63: =VLOOKUP(C63,listaBolsa!$D$2:$BA$330,27,0) -> 11764.71 | DG63: =VLOOKUP(C63,listaBolsa!$D$2:$BA$330,36,0) -> CASAFERRETERA | DH63: =VLOOKUP(C63,listaBolsa!$D$2:$BA$330,40,0) -> 10420.17 | DI63: =VLOOKUP(C63,listaBolsa!$D$2:$BA$330,48,0) -> 0.1193 | DJ63: =DA63=C63 -> TRUE | DK63: =DB63=D63 -> TRUE | DL63: =DC63=H63 -> TRUE | DM63: =DD63=I63 -> TRUE | DN63: =DE63=N63 -> TRUE | DO63: =DF63=O63 -> TRUE | DP63: =DG63=T63 -> TRUE | DQ63: =DH63=U63 -> TRUE | DR63: =DI63=AC63 -> FALSE
A64: =IF(B64<>"",BG64,"") -> 56 | B64: por completar información | C64: Adaptador De Agua Llave Doble Salida | D64: Tipo: Adaptador IBC con válvula doble salida Rosca de entrada: S60x6 (60 mm rosca gruesa) Grifo: 1/2” a doble salida 3/4” rosca macho Material: Hierro, latón y plástico resistente Aplicación: Tanques IBC, riego, almacenamiento de agua Compatibilidad: Contenedores IBC estándar | E64: Unidad | F64: 2 | G64: Compra | H64: =IF(C64="","",VLOOKUP(C64,listaBolsa!$D$2:$W$1276,10,0)) -> FALABELLA | I64: =IF(C64="","",VLOOKUP(C64,listaBolsa!$D$2:$W$1276,14,0)) -> 84033.61 | J64: =I64*19% -> 15966.386 | K64: =I64+J64 -> 99999.996 | L64: =IF(B64="","",(I64*F64)) -> 168067.22 | M64: =IF(B64="","",(K64*F64)) -> 199999.99 | N64: =IF(C64="","",VLOOKUP(C64,listaBolsa!$D$2:$AZ$1276,23,0)) -> FORMEGRUP | O64: =IF(C64="","",VLOOKUP(C64,listaBolsa!$D$2:$AZ$1276,27,0)) -> 84033.61 | P64: =O64*19% -> 15966.386 | Q64: =O64+P64 -> 99999.996 | R64: =IF(B64="","",(O64*F64)) -> 168067.22 | S64: =IF(B64="","",(Q64*F64)) -> 199999.99 | T64: =IF(C64="","",VLOOKUP(C64,listaBolsa!$D$2:$BB$1276,36,0)) -> CROPER | U64: =IF(C64="","",VLOOKUP(C64,listaBolsa!$D$2:$BB$1276,40,0)) -> 84033.61 | V64: =U64*19% -> 15966.386 | W64: =U64+V64 -> 99999.996 | X64: =IF(B64="","",(U64*F64)) -> 168067.22 | Y64: =IF(B64="","",(W64*F64)) -> 199999.99 | Z64: =IF(A64="","",AVERAGE(K64,Q64,W64)) -> 99999.996 | AA64: =IF(B64="","",Z64*F64) -> 199999.99 | AB64: =IF(B64="","",STDEV(M64,S64,Y64)) -> 3.5644767e-11 | AC64: =IF(B64="","",(AB64/AA64)) -> 1.7822384e-16 | AD64: OK REVISIÓN FINAL DESVIACIÓN | AF64: =IF(C64="","",VLOOKUP(C64,listaBolsa!$D$2:$BB$276,51,0)) -> Cotizaciones entegadas por el equipo de cotizaciones-LUZ JIMENEZ | AG64: =IF(C64="","",VLOOKUP(C64,listaBolsa!$D$2:$H$276,5,0)) -> Compra | AH64: =AG64=G64 -> TRUE | BG64: 56 | DA64: =VLOOKUP(C64,listaBolsa!$D$2:$BA$330,1,0) -> Adaptador De Agua Llave Doble Salida | DB64: =VLOOKUP(C64,listaBolsa!$D$2:$BA$330,2,0) -> Tipo: Adaptador IBC con válvula doble salida Rosca de entrada: S60x6 (60 mm rosca gruesa) Grifo: 1/2” a doble salida 3/4” rosca macho Material: Hierro, latón y plástico resistente Aplicación: Tanques IBC, riego, almacenamiento de agua Compatibilidad: Contenedores IBC estándar | DC64: =VLOOKUP(C64,listaBolsa!$D$2:$BA$330,10,0) -> FALABELLA | DD64: =VLOOKUP(C64,listaBolsa!$D$2:$BA$330,14,0) -> 84033.61 | DE64: =VLOOKUP(C64,listaBolsa!$D$2:$BA$330,23,0) -> FORMEGRUP | DF64: =VLOOKUP(C64,listaBolsa!$D$2:$BA$330,27,0) -> 84033.61 | DG64: =VLOOKUP(C64,listaBolsa!$D$2:$BA$330,36,0) -> CROPER | DH64: =VLOOKUP(C64,listaBolsa!$D$2:$BA$330,40,0) -> 84033.61 | DI64: =VLOOKUP(C64,listaBolsa!$D$2:$BA$330,48,0) -> 0 | DJ64: =DA64=C64 -> TRUE | DK64: =DB64=D64 -> TRUE | DL64: =DC64=H64 -> TRUE | DM64: =DD64=I64 -> TRUE | DN64: =DE64=N64 -> TRUE | DO64: =DF64=O64 -> TRUE | DP64: =DG64=T64 -> TRUE | DQ64: =DH64=U64 -> TRUE | DR64: =DI64=AC64 -> FALSE
A65: =IF(B65<>"",BG65,"") -> 57 | B65: por completar información | C65: Caja de puntillas | D65: Puntillas 1 Pulgada con cabeza Material: Hierro | E65: Unidad | F65: 2 | G65: Compra | H65: HOMECENTER | I65: 5798.32 | J65: =I65*19% -> 1101.6808 | K65: =I65+J65 -> 6900.0008 | L65: =IF(B65="","",(I65*F65)) -> 11596.64 | M65: =IF(B65="","",(K65*F65)) -> 13800.002 | N65: COMADERAS | O65: 5798.32 | P65: =O65*19% -> 1101.6808 | Q65: =O65+P65 -> 6900.0008 | R65: =IF(B65="","",(O65*F65)) -> 11596.64 | S65: =IF(B65="","",(Q65*F65)) -> 13800.002 | T65: MACHO_HERRAMIENTAS | U65: 5600 | V65: =U65*19% -> 1064 | W65: =U65+V65 -> 6664 | X65: =IF(B65="","",(U65*F65)) -> 11200 | Y65: =IF(B65="","",(W65*F65)) -> 13328 | Z65: =IF(A65="","",AVERAGE(K65,Q65,W65)) -> 6821.3339 | AA65: =IF(B65="","",Z65*F65) -> 13642.668 | AB65: =IF(B65="","",STDEV(M65,S65,Y65)) -> 272.51025 | AC65: =IF(B65="","",(AB65/AA65)) -> 0.019974851 | AD65: OK REVISIÓN FINAL DESVIACIÓN | AE65: TRANSCRITA DE LA BOLSA | AF65: =IF(C65="","",VLOOKUP(C65,listaBolsa!$D$2:$BB$276,51,0)) -> #N/A | AG65: =IF(C65="","",VLOOKUP(C65,listaBolsa!$D$2:$H$276,5,0)) -> #N/A | AH65: =AG65=G65 -> #N/A | BG65: 57 | DA65: =VLOOKUP(C65,listaBolsa!$D$2:$BA$330,1,0) -> Caja de puntillas | DB65: =VLOOKUP(C65,listaBolsa!$D$2:$BA$330,2,0) -> Puntillas 1 Pulgada con cabeza Material: Hierro | DC65: =VLOOKUP(C65,listaBolsa!$D$2:$BA$330,10,0) -> HOMECENTER | DD65: =VLOOKUP(C65,listaBolsa!$D$2:$BA$330,14,0) -> 5798.32 | DE65: =VLOOKUP(C65,listaBolsa!$D$2:$BA$330,23,0) -> COMADERAS | DF65: =VLOOKUP(C65,listaBolsa!$D$2:$BA$330,27,0) -> 5798.32 | DG65: =VLOOKUP(C65,listaBolsa!$D$2:$BA$330,36,0) -> MACHO_HERRAMIENTAS | DH65: =VLOOKUP(C65,listaBolsa!$D$2:$BA$330,40,0) -> 5600 | DI65: =VLOOKUP(C65,listaBolsa!$D$2:$BA$330,48,0) -> 0.02 | DJ65: =DA65=C65 -> TRUE | DK65: =DB65=D65 -> TRUE | DL65: =DC65=H65 -> TRUE | DM65: =DD65=I65 -> TRUE | DN65: =DE65=N65 -> TRUE | DO65: =DF65=O65 -> TRUE | DP65: =DG65=T65 -> TRUE | DQ65: =DH65=U65 -> TRUE | DR65: =DI65=AC65 -> FALSE
A66: =IF(B66<>"",BG66,"") -> 58 | B66: por completar información | C66: Monopoly | D66: Juego de mesa de compra y venta de propiedades pueden jugar de 3 a 8 jugadores. Combina estrategia, negociación y diversión para todas las edades. La línea incluye múltiples ediciones temáticas. | E66: Unidad | F66: 3 | G66: Compra | H66: =IF(C66="","",VLOOKUP(C66,listaBolsa!$D$2:$W$1276,10,0)) -> JUGAMOS APRENDIENDO | I66: =IF(C66="","",VLOOKUP(C66,listaBolsa!$D$2:$W$1276,14,0)) -> 83949.58 | J66: =I66*19% -> 15950.42 | K66: =I66+J66 -> 99900 | L66: =IF(B66="","",(I66*F66)) -> 251848.74 | M66: =IF(B66="","",(K66*F66)) -> 299700 | N66: =IF(C66="","",VLOOKUP(C66,listaBolsa!$D$2:$AZ$1276,23,0)) -> EXITO | O66: =IF(C66="","",VLOOKUP(C66,listaBolsa!$D$2:$AZ$1276,27,0)) -> 92436.97 | P66: =O66*19% -> 17563.024 | Q66: =O66+P66 -> 109999.99 | R66: =IF(B66="","",(O66*F66)) -> 277310.91 | S66: =IF(B66="","",(Q66*F66)) -> 329999.98 | T66: =IF(C66="","",VLOOKUP(C66,listaBolsa!$D$2:$BB$1276,36,0)) -> FALABELLA | U66: =IF(C66="","",VLOOKUP(C66,listaBolsa!$D$2:$BB$1276,40,0)) -> 83193.28 | V66: =U66*19% -> 15806.723 | W66: =U66+V66 -> 99000.003 | X66: =IF(B66="","",(U66*F66)) -> 249579.84 | Y66: =IF(B66="","",(W66*F66)) -> 297000.01 | Z66: =IF(A66="","",AVERAGE(K66,Q66,W66)) -> 102966.67 | AA66: =IF(B66="","",Z66*F66) -> 308900 | AB66: =IF(B66="","",STDEV(M66,S66,Y66)) -> 18322.923 | AC66: =IF(B66="","",(AB66/AA66)) -> 0.059316683 | AD66: OK REVISIÓN FINAL DESVIACIÓN | AE66: DESCRIPCIÓN DIFERENTE | AF66: =IF(C66="","",VLOOKUP(C66,listaBolsa!$D$2:$BB$276,51,0)) -> #N/A | AG66: =IF(C66="","",VLOOKUP(C66,listaBolsa!$D$2:$H$276,5,0)) -> #N/A | AH66: =AG66=G66 -> #N/A | BG66: 58 | DA66: =VLOOKUP(C66,listaBolsa!$D$2:$BA$330,1,0) -> Monopoly | DB66: =VLOOKUP(C66,listaBolsa!$D$2:$BA$330,2,0) -> Juego de mesa de compra y venta de propiedades pueden jugar de 3 a 8 jugadores. Combina estrategia, negociación y diversión para todas las edades. La línea incluye múltiples ediciones temáticas. | DC66: =VLOOKUP(C66,listaBolsa!$D$2:$BA$330,10,0) -> JUGAMOS APRENDIENDO | DD66: =VLOOKUP(C66,listaBolsa!$D$2:$BA$330,14,0) -> 83949.58 | DE66: =VLOOKUP(C66,listaBolsa!$D$2:$BA$330,23,0) -> EXITO | DF66: =VLOOKUP(C66,listaBolsa!$D$2:$BA$330,27,0) -> 92436.97 | DG66: =VLOOKUP(C66,listaBolsa!$D$2:$BA$330,36,0) -> FALABELLA | DH66: =VLOOKUP(C66,listaBolsa!$D$2:$BA$330,40,0) -> 83193.28 | DI66: =VLOOKUP(C66,listaBolsa!$D$2:$BA$330,48,0) -> 0.0593 | DJ66: =DA66=C66 -> TRUE | DK66: =DB66=D66 -> TRUE | DL66: =DC66=H66 -> TRUE | DM66: =DD66=I66 -> TRUE | DN66: =DE66=N66 -> TRUE | DO66: =DF66=O66 -> TRUE | DP66: =DG66=T66 -> TRUE | DQ66: =DH66=U66 -> TRUE | DR66: =DI66=AC66 -> FALSE
A67: =IF(B67<>"",BG67,"") -> 59 | B67: por completar información | C67: Parques | D67: Juego de mesa donde pueden jugar 4 personas con fichas de colores, medidas estándar de entre 30x30 a 35x35 | E67: Unidad | F67: 4 | G67: Compra | H67: =IF(C67="","",VLOOKUP(C67,listaBolsa!$D$2:$W$1276,10,0)) -> OLIMPICA | I67: =IF(C67="","",VLOOKUP(C67,listaBolsa!$D$2:$W$1276,14,0)) -> 33529.41 | J67: =I67*19% -> 6370.5879 | K67: =I67+J67 -> 39899.998 | L67: =IF(B67="","",(I67*F67)) -> 134117.64 | M67: =IF(B67="","",(K67*F67)) -> 159599.99 | N67: =IF(C67="","",VLOOKUP(C67,listaBolsa!$D$2:$AZ$1276,23,0)) -> DEPORTES REGOL | O67: =IF(C67="","",VLOOKUP(C67,listaBolsa!$D$2:$AZ$1276,27,0)) -> 28571.43 | P67: =O67*19% -> 5428.5717 | Q67: =O67+P67 -> 34000.002 | R67: =IF(B67="","",(O67*F67)) -> 114285.72 | S67: =IF(B67="","",(Q67*F67)) -> 136000.01 | T67: =IF(C67="","",VLOOKUP(C67,listaBolsa!$D$2:$BB$1276,36,0)) -> HOMECENTER | U67: =IF(C67="","",VLOOKUP(C67,listaBolsa!$D$2:$BB$1276,40,0)) -> 37731.09 | V67: =U67*19% -> 7168.9071 | W67: =U67+V67 -> 44899.997 | X67: =IF(B67="","",(U67*F67)) -> 150924.36 | Y67: =IF(B67="","",(W67*F67)) -> 179599.99 | Z67: =IF(A67="","",AVERAGE(K67,Q67,W67)) -> 39599.999 | AA67: =IF(B67="","",Z67*F67) -> 158400 | AB67: =IF(B67="","",STDEV(M67,S67,Y67)) -> 21824.747 | AC67: =IF(B67="","",(AB67/AA67)) -> 0.1377825 | AD67: OK REVISIÓN FINAL DESVIACIÓN | AF67: =IF(C67="","",VLOOKUP(C67,listaBolsa!$D$2:$BB$276,51,0)) -> #N/A | AG67: =IF(C67="","",VLOOKUP(C67,listaBolsa!$D$2:$H$276,5,0)) -> #N/A | AH67: =AG67=G67 -> #N/A | BG67: 59 | DA67: =VLOOKUP(C67,listaBolsa!$D$2:$BA$330,1,0) -> Parques | DB67: =VLOOKUP(C67,listaBolsa!$D$2:$BA$330,2,0) -> Juego de mesa donde pueden jugar 4 personas con fichas de colores, medidas estándar de entre 30x30 a 35x35 | DC67: =VLOOKUP(C67,listaBolsa!$D$2:$BA$330,10,0) -> OLIMPICA | DD67: =VLOOKUP(C67,listaBolsa!$D$2:$BA$330,14,0) -> 33529.41 | DE67: =VLOOKUP(C67,listaBolsa!$D$2:$BA$330,23,0) -> DEPORTES REGOL | DF67: =VLOOKUP(C67,listaBolsa!$D$2:$BA$330,27,0) -> 28571.43 | DG67: =VLOOKUP(C67,listaBolsa!$D$2:$BA$330,36,0) -> HOMECENTER | DH67: =VLOOKUP(C67,listaBolsa!$D$2:$BA$330,40,0) -> 37731.09 | DI67: =VLOOKUP(C67,listaBolsa!$D$2:$BA$330,48,0) -> 0.1378 | DJ67: =DA67=C67 -> TRUE | DK67: =DB67=D67 -> TRUE | DL67: =DC67=H67 -> TRUE | DM67: =DD67=I67 -> TRUE | DN67: =DE67=N67 -> TRUE | DO67: =DF67=O67 -> TRUE | DP67: =DG67=T67 -> TRUE | DQ67: =DH67=U67 -> TRUE | DR67: =DI67=AC67 -> FALSE
A68: =IF(B68<>"",BG68,"") -> 60 | B68: por completar información | C68: Tío Rico | D68: Juego es apto para mayores de 8 años y está diseñado para 2 a 4 jugadores, siendo un clásico familiar para desarrollar habilidades financieras y de negociación | E68: Unidad | F68: 3 | G68: Compra | H68: =IF(C68="","",VLOOKUP(C68,listaBolsa!$D$2:$W$1276,10,0)) -> EXITO | I68: =IF(C68="","",VLOOKUP(C68,listaBolsa!$D$2:$W$1276,14,0)) -> 108319.33 | J68: =I68*19% -> 20580.673 | K68: =I68+J68 -> 128900 | L68: =IF(B68="","",(I68*F68)) -> 324957.99 | M68: =IF(B68="","",(K68*F68)) -> 386700.01 | N68: =IF(C68="","",VLOOKUP(C68,listaBolsa!$D$2:$AZ$1276,23,0)) -> FALABELLA | O68: =IF(C68="","",VLOOKUP(C68,listaBolsa!$D$2:$AZ$1276,27,0)) -> 104957.98 | P68: =O68*19% -> 19942.016 | Q68: =O68+P68 -> 124900 | R68: =IF(B68="","",(O68*F68)) -> 314873.94 | S68: =IF(B68="","",(Q68*F68)) -> 374699.99 | T68: =IF(C68="","",VLOOKUP(C68,listaBolsa!$D$2:$BB$1276,36,0)) -> PEPEGANGA | U68: =IF(C68="","",VLOOKUP(C68,listaBolsa!$D$2:$BB$1276,40,0)) -> 108319.33 | V68: =U68*19% -> 20580.673 | W68: =U68+V68 -> 128900 | X68: =IF(B68="","",(U68*F68)) -> 324957.99 | Y68: =IF(B68="","",(W68*F68)) -> 386700.01 | Z68: =IF(A68="","",AVERAGE(K68,Q68,W68)) -> 127566.67 | AA68: =IF(B68="","",Z68*F68) -> 382700 | AB68: =IF(B68="","",STDEV(M68,S68,Y68)) -> 6928.2145 | AC68: =IF(B68="","",(AB68/AA68)) -> 0.018103513 | AD68: OK REVISIÓN FINAL DESVIACIÓN | AF68: =IF(C68="","",VLOOKUP(C68,listaBolsa!$D$2:$BB$276,51,0)) -> #N/A | AG68: =IF(C68="","",VLOOKUP(C68,listaBolsa!$D$2:$H$276,5,0)) -> #N/A | AH68: =AG68=G68 -> #N/A | BG68: 60 | DA68: =VLOOKUP(C68,listaBolsa!$D$2:$BA$330,1,0) -> Tío Rico | DB68: =VLOOKUP(C68,listaBolsa!$D$2:$BA$330,2,0) -> Juego es apto para mayores de 8 años y está diseñado para 2 a 4 jugadores, siendo un clásico familiar para desarrollar habilidades financieras y de negociación | DC68: =VLOOKUP(C68,listaBolsa!$D$2:$BA$330,10,0) -> EXITO | DD68: =VLOOKUP(C68,listaBolsa!$D$2:$BA$330,14,0) -> 108319.33 | DE68: =VLOOKUP(C68,listaBolsa!$D$2:$BA$330,23,0) -> FALABELLA | DF68: =VLOOKUP(C68,listaBolsa!$D$2:$BA$330,27,0) -> 104957.98 | DG68: =VLOOKUP(C68,listaBolsa!$D$2:$BA$330,36,0) -> PEPEGANGA | DH68: =VLOOKUP(C68,listaBolsa!$D$2:$BA$330,40,0) -> 108319.33 | DI68: =VLOOKUP(C68,listaBolsa!$D$2:$BA$330,48,0) -> 0.0181 | DJ68: =DA68=C68 -> TRUE | DK68: =DB68=D68 -> TRUE | DL68: =DC68=H68 -> TRUE | DM68: =DD68=I68 -> TRUE | DN68: =DE68=N68 -> TRUE | DO68: =DF68=O68 -> TRUE | DP68: =DG68=T68 -> TRUE | DQ68: =DH68=U68 -> TRUE | DR68: =DI68=AC68 -> FALSE
A69: =IF(B69<>"",BG69,"") -> 61 | B69: por completar información | C69: Batalla Naval | D69: 2 Jugadores edad+ 6Medidas300 x 240 x 50 mm. Contenido: 2 bases plásticas con pantalla divisoria, 10 barcos de guerra, 168 fichas anotadoras plásticas blancas, 72 fichas anotadoras plásticas rojas. | E69: Unidad | F69: 4 | G69: Compra | H69: =IF(C69="","",VLOOKUP(C69,listaBolsa!$D$2:$W$1276,10,0)) -> FALABELLA | I69: =IF(C69="","",VLOOKUP(C69,listaBolsa!$D$2:$W$1276,14,0)) -> 58739.5 | J69: =I69*19% -> 11160.505 | K69: =I69+J69 -> 69900.005 | L69: =IF(B69="","",(I69*F69)) -> 234958 | M69: =IF(B69="","",(K69*F69)) -> 279600.02 | N69: =IF(C69="","",VLOOKUP(C69,listaBolsa!$D$2:$AZ$1276,23,0)) -> HOMECENTRY | O69: =IF(C69="","",VLOOKUP(C69,listaBolsa!$D$2:$AZ$1276,27,0)) -> 58739.5 | P69: =O69*19% -> 11160.505 | Q69: =O69+P69 -> 69900.005 | R69: =IF(B69="","",(O69*F69)) -> 234958 | S69: =IF(B69="","",(Q69*F69)) -> 279600.02 | T69: =IF(C69="","",VLOOKUP(C69,listaBolsa!$D$2:$BB$1276,36,0)) -> JUMBO | U69: =IF(C69="","",VLOOKUP(C69,listaBolsa!$D$2:$BB$1276,40,0)) -> 58739.5 | V69: =U69*19% -> 11160.505 | W69: =U69+V69 -> 69900.005 | X69: =IF(B69="","",(U69*F69)) -> 234958 | Y69: =IF(B69="","",(W69*F69)) -> 279600.02 | Z69: =IF(A69="","",AVERAGE(K69,Q69,W69)) -> 69900.005 | AA69: =IF(B69="","",Z69*F69) -> 279600.02 | AB69: =IF(B69="","",STDEV(M69,S69,Y69)) -> 0 | AC69: =IF(B69="","",(AB69/AA69)) -> 0 | AD69: OK REVISIÓN FINAL DESVIACIÓN | AE69: DESCRIPCIÓN DIFERENTE | AF69: =IF(C69="","",VLOOKUP(C69,listaBolsa!$D$2:$BB$276,51,0)) -> #N/A | AG69: =IF(C69="","",VLOOKUP(C69,listaBolsa!$D$2:$H$276,5,0)) -> #N/A | AH69: =AG69=G69 -> #N/A | BG69: 61 | DA69: =VLOOKUP(C69,listaBolsa!$D$2:$BA$330,1,0) -> Batalla Naval | DB69: =VLOOKUP(C69,listaBolsa!$D$2:$BA$330,2,0) -> 2 Jugadores edad+ 6Medidas300 x 240 x 50 mm. Contenido: 2 bases plásticas con pantalla divisoria, 10 barcos de guerra, 168 fichas anotadoras plásticas blancas, 72 fichas anotadoras plásticas rojas. | DC69: =VLOOKUP(C69,listaBolsa!$D$2:$BA$330,10,0) -> FALABELLA | DD69: =VLOOKUP(C69,listaBolsa!$D$2:$BA$330,14,0) -> 58739.5 | DE69: =VLOOKUP(C69,listaBolsa!$D$2:$BA$330,23,0) -> HOMECENTRY | DF69: =VLOOKUP(C69,listaBolsa!$D$2:$BA$330,27,0) -> 58739.5 | DG69: =VLOOKUP(C69,listaBolsa!$D$2:$BA$330,36,0) -> JUMBO | DH69: =VLOOKUP(C69,listaBolsa!$D$2:$BA$330,40,0) -> 58739.5 | DI69: =VLOOKUP(C69,listaBolsa!$D$2:$BA$330,48,0) -> 0 | DJ69: =DA69=C69 -> TRUE | DK69: =DB69=D69 -> TRUE | DL69: =DC69=H69 -> TRUE | DM69: =DD69=I69 -> TRUE | DN69: =DE69=N69 -> TRUE | DO69: =DF69=O69 -> TRUE | DP69: =DG69=T69 -> TRUE | DQ69: =DH69=U69 -> TRUE | DR69: =DI69=AC69 -> TRUE
A70: =IF(B70<>"",BG70,"") -> 62 | B70: por completar información | C70: Ajedrez | D70: Juego de ajedrez estándar internacional Juego de ajedrez grande de plástico con tablero de ajedrez Tamaño: aproximadamente 24 x 24 cm/9,5 x 9,5 pulgadas Color: blanco y negro | E70: Unidad | F70: 4 | G70: Compra | H70: =IF(C70="","",VLOOKUP(C70,listaBolsa!$D$2:$W$1276,10,0)) -> EXITO | I70: =IF(C70="","",VLOOKUP(C70,listaBolsa!$D$2:$W$1276,14,0)) -> 25126.05 | J70: =I70*19% -> 4773.9495 | K70: =I70+J70 -> 29899.999 | L70: =IF(B70="","",(I70*F70)) -> 100504.2 | M70: =IF(B70="","",(K70*F70)) -> 119600 | N70: =IF(C70="","",VLOOKUP(C70,listaBolsa!$D$2:$AZ$1276,23,0)) -> FALABELLA | O70: =IF(C70="","",VLOOKUP(C70,listaBolsa!$D$2:$AZ$1276,27,0)) -> 25126.05 | P70: =O70*19% -> 4773.9495 | Q70: =O70+P70 -> 29899.999 | R70: =IF(B70="","",(O70*F70)) -> 100504.2 | S70: =IF(B70="","",(Q70*F70)) -> 119600 | T70: =IF(C70="","",VLOOKUP(C70,listaBolsa!$D$2:$BB$1276,36,0)) -> JUGANDO APRENDIENDO | U70: =IF(C70="","",VLOOKUP(C70,listaBolsa!$D$2:$BB$1276,40,0)) -> 21512.61 | V70: =U70*19% -> 4087.3959 | W70: =U70+V70 -> 25600.006 | X70: =IF(B70="","",(U70*F70)) -> 86050.44 | Y70: =IF(B70="","",(W70*F70)) -> 102400.02 | Z70: =IF(A70="","",AVERAGE(K70,Q70,W70)) -> 28466.668 | AA70: =IF(B70="","",Z70*F70) -> 113866.67 | AB70: =IF(B70="","",STDEV(M70,S70,Y70)) -> 9930.4098 | AC70: =IF(B70="","",(AB70/AA70)) -> 0.087210854 | AD70: OK REVISIÓN FINAL DESVIACIÓN | AE70: DESCRIPCIÓN DIFERENTE | AF70: =IF(C70="","",VLOOKUP(C70,listaBolsa!$D$2:$BB$276,51,0)) -> #N/A | AG70: =IF(C70="","",VLOOKUP(C70,listaBolsa!$D$2:$H$276,5,0)) -> #N/A | AH70: =AG70=G70 -> #N/A | BG70: 62 | DA70: =VLOOKUP(C70,listaBolsa!$D$2:$BA$330,1,0) -> Ajedrez | DB70: =VLOOKUP(C70,listaBolsa!$D$2:$BA$330,2,0) -> Juego de ajedrez estándar internacional Juego de ajedrez grande de plástico con tablero de ajedrez Tamaño: aproximadamente 24 x 24 cm/9,5 x 9,5 pulgadas Color: blanco y negro | DC70: =VLOOKUP(C70,listaBolsa!$D$2:$BA$330,10,0) -> EXITO | DD70: =VLOOKUP(C70,listaBolsa!$D$2:$BA$330,14,0) -> 25126.05 | DE70: =VLOOKUP(C70,listaBolsa!$D$2:$BA$330,23,0) -> FALABELLA | DF70: =VLOOKUP(C70,listaBolsa!$D$2:$BA$330,27,0) -> 25126.05 | DG70: =VLOOKUP(C70,listaBolsa!$D$2:$BA$330,36,0) -> JUGANDO APRENDIENDO | DH70: =VLOOKUP(C70,listaBolsa!$D$2:$BA$330,40,0) -> 21512.61 | DI70: =VLOOKUP(C70,listaBolsa!$D$2:$BA$330,48,0) -> 0.0872 | DJ70: =DA70=C70 -> TRUE | DK70: =DB70=D70 -> TRUE | DL70: =DC70=H70 -> TRUE | DM70: =DD70=I70 -> TRUE | DN70: =DE70=N70 -> TRUE | DO70: =DF70=O70 -> TRUE | DP70: =DG70=T70 -> TRUE | DQ70: =DH70=U70 -> TRUE | DR70: =DI70=AC70 -> FALSE
A71: =IF(B71<>"",BG71,"") -> 63 | B71: por completar información | C71: Jenga | D71: Material: Madera Tipo: Juego de mesa de habilidad Color: Madera natural o multicolor Medidas: 15 × 5 cm aprox. Características: Portátil, incluye dados para dinámicas de juego Incluye: 54 bloques y dados según versión | E71: Unidad | F71: 4 | G71: Compra | H71: =IF(C71="","",VLOOKUP(C71,listaBolsa!$D$2:$W$1276,10,0)) -> FALABELLA | I71: =IF(C71="","",VLOOKUP(C71,listaBolsa!$D$2:$W$1276,14,0)) -> 22268.91 | J71: =I71*19% -> 4231.0929 | K71: =I71+J71 -> 26500.003 | L71: =IF(B71="","",(I71*F71)) -> 89075.64 | M71: =IF(B71="","",(K71*F71)) -> 106000.01 | N71: =IF(C71="","",VLOOKUP(C71,listaBolsa!$D$2:$AZ$1276,23,0)) -> HOBBIES | O71: =IF(C71="","",VLOOKUP(C71,listaBolsa!$D$2:$AZ$1276,27,0)) -> 21008.4 | P71: =O71*19% -> 3991.596 | Q71: =O71+P71 -> 24999.996 | R71: =IF(B71="","",(O71*F71)) -> 84033.6 | S71: =IF(B71="","",(Q71*F71)) -> 99999.984 | T71: =IF(C71="","",VLOOKUP(C71,listaBolsa!$D$2:$BB$1276,36,0)) -> PAPELERIA MARIN | U71: =IF(C71="","",VLOOKUP(C71,listaBolsa!$D$2:$BB$1276,40,0)) -> 15294.12 | V71: =U71*19% -> 2905.8828 | W71: =U71+V71 -> 18200.003 | X71: =IF(B71="","",(U71*F71)) -> 61176.48 | Y71: =IF(B71="","",(W71*F71)) -> 72800.011 | Z71: =IF(A71="","",AVERAGE(K71,Q71,W71)) -> 23233.334 | AA71: =IF(B71="","",Z71*F71) -> 92933.336 | AB71: =IF(B71="","",STDEV(M71,S71,Y71)) -> 17692.178 | AC71: =IF(B71="","",(AB71/AA71)) -> 0.19037493 | AD71: OK REVISIÓN FINAL DESVIACIÓN | AF71: =IF(C71="","",VLOOKUP(C71,listaBolsa!$D$2:$BB$276,51,0)) -> #N/A | AG71: =IF(C71="","",VLOOKUP(C71,listaBolsa!$D$2:$H$276,5,0)) -> #N/A | AH71: =AG71=G71 -> #N/A | BG71: 63 | DA71: =VLOOKUP(C71,listaBolsa!$D$2:$BA$330,1,0) -> Jenga | DB71: =VLOOKUP(C71,listaBolsa!$D$2:$BA$330,2,0) -> Material: Madera Tipo: Juego de mesa de habilidad Color: Madera natural o multicolor Medidas: 15 × 5 cm aprox. Características: Portátil, incluye dados para dinámicas de juego Incluye: 54 bloques y dados según versión | DC71: =VLOOKUP(C71,listaBolsa!$D$2:$BA$330,10,0) -> FALABELLA | DD71: =VLOOKUP(C71,listaBolsa!$D$2:$BA$330,14,0) -> 22268.91 | DE71: =VLOOKUP(C71,listaBolsa!$D$2:$BA$330,23,0) -> HOBBIES | DF71: =VLOOKUP(C71,listaBolsa!$D$2:$BA$330,27,0) -> 21008.4 | DG71: =VLOOKUP(C71,listaBolsa!$D$2:$BA$330,36,0) -> PAPELERIA MARIN | DH71: =VLOOKUP(C71,listaBolsa!$D$2:$BA$330,40,0) -> 15294.12 | DI71: =VLOOKUP(C71,listaBolsa!$D$2:$BA$330,48,0) -> 0.1904 | DJ71: =DA71=C71 -> TRUE | DK71: =DB71=D71 -> TRUE | DL71: =DC71=H71 -> TRUE | DM71: =DD71=I71 -> TRUE | DN71: =DE71=N71 -> TRUE | DO71: =DF71=O71 -> TRUE | DP71: =DG71=T71 -> TRUE | DQ71: =DH71=U71 -> TRUE | DR71: =DI71=AC71 -> FALSE
A72: Total ítems Estudio de Mercado | AA72: =SUM(AA11:AA71) -> #VALUE!
D74: Quiero que tome el perfil de un auditor de cotizaciones donde se levanten alertas de precios altos y bajos, buscar cotizaciones únicamente de proveedores en Bogotá, mostrar comparativo de precios si hay alerta de precio alto o bajo, incluyendo el link puntual donde se pueda revisar la cotización puntual donde se vea la descripción explícita, con precio literal y demás información, tiene que corresponder a la descripción explícitamente, no puede ser de páginas como mercado libre, temu, u otras similares
T77: VALOR ESTUDIO DE MERCADO - 3 PROVEEDORES | Z77: VALOR ESTUDIO DE MERCADO | AA77: =SUM(AA72) -> #VALUE!
N79: D

Sheet TablaD_3Provedores
A1: TOTAL POR COMPONENTE INSUMOS
A2: Etiquetas de fila | B2: Cuenta de Promedio valor total con IVA
A3: (en blanco) | B3: 87
A4: Total general | B4: 87
A100: TOTAL POR COMPONENTE RECURSO HUMANO
A102: Etiquetas de fila | B102: Suma de Valor Final / Promedio para cotizaciones Personal
A103: (en blanco) | B103: #DIV/0!
A104: Total general | B104: #DIV/0!

Sheet Tres_Entidad
A3: ALCALDÍA LOCAL DE SUBA - ESTUDIO DE MERCADO | M3: Estudio de Mercado
C4: FECHA DE DILIGENCIAMIENTO DEL ESTUDIO DE MERCADO | E4: MODALIDAD CONTRATACIÓN
C5: ESTRUCTURADOR | G5: REVISÓ | J5: APROBÓ
C6: OBJETO DEL PROCESO DE CONTRATACIÓN | BC6: RECURSO HUMANO
G9: Cotización 1 | M9: Cotización 2 | S9: Cotización 3 | Y9: Procesos en Otras Entidades | AE9: Promedio Simple | AI9: Media Geométrica | AO9: Promedio Simple | AS9: Media Geométrica
A10: Item | B10: Componente del anexo técnico | C10: Elemento | D10: Descripción del elemento y / o actividad | E10: Unidad de medida | F10: Cantidad establecida según anexo técnico | G10: Empresa Cotizante cotización 1 | H10: Valor unitario sin IVA | I10: Valor IVA | J10: Valor unitario con IVA | K10: Valor total Sin IVA | L10: Valor total con IVA | M10: Empresa Cotizante cotización 2 | N10: Valor unitario sin IVA | O10: Valor IVA | P10: Valor unitario con IVA | Q10: Valor total Sin IVA | R10: Valor total con IVA | S10: Empresa Cotizante cotización 3 | T10: Valor unitario sin IVA | U10: Valor IVA | V10: Valor unitario con IVA | W10: Valor total Sin IVA | X10: Valor total con IVA | Y10: Nombre Entidad | Z10: Valor unitario sin IVA | AA10: Valor IVA | AB10: Valor unitario con IVA | AC10: Valor total Sin IVA | AD10: Valor total con IVA | AE10: Promedio valor unitario con IVA | AF10: Promedio valor total con IVA | AG10: Desviación estandar | AH10: Coeficiente de variación | AI10: Promedio valor unitario con IVA | AJ10: Promedio valor total con IVA | AK10: Límite menor | AL10: Límite mayor | AM10: Valor Unitario Techo (IVA incluído) | AN10: Valor Total Techo (IVA incluído) | AO10: Promedio valor unitario con IVA | AP10: Promedio valor total con IVA | AQ10: Desviación estandar | AR10: Coeficiente de variación | AS10: Promedio valor unitario con IVA | AT10: Promedio valor total con IVA | AU10: Límite menor | AV10: Límite mayor | AW10: Valor Unitario Techo (IVA incluído) | AX10: Valor Total Techo (IVA incluído) | AY10: Observaciones | BC10: Componente del anexo técnico | BD10: Cantidad | BE10: Cargo | BF10: Perfil | BG10: Tabla Honorarios o Cotización | BH10: % de dedicación | BI10: Tiempo (meses) | BJ10: VALOR MENSUAL (Tabla de honorarios Resolución 0001 Secretaría Distrial de Gobierno) que el proponente no podrá modificar en su oferta O cotización 1 | BK10: Valor total que el proponente no podrá modificar en su oferta | BL10: Cotización 2 | BM10: Cotización 3 | BN10: Valor Final / Promedio para cotizaciones Personal
A11: =IF(B11<>"",CN11,"") | I11: =H11*19% -> 0 | J11: =H11+I11 -> 0 | K11: =IF(B11="","",(H11*F11)) | L11: =IF(B11="","",(J11*F11)) | O11: =N11*19% -> 0 | P11: =N11+O11 -> 0 | Q11: =IF(B11="","",(N11*F11)) | R11: =IF(B11="","",(P11*F11)) | U11: =T11*19% -> 0 | V11: =T11+U11 -> 0 | W11: =IF(B11="","",(T11*F11)) | X11: =IF(B11="","",(V11*F11)) | AA11: =Z11*19% -> 0 | AB11: =Z11+AA11 -> 0 | AC11: =IF(E11="","",(Z11*F11)) | AD11: =IF(E11="","",(AB11*F11)) | AE11: =IF(A11="","",ROUND(AVERAGE(J11,P11,V11),0)) | AF11: =IF(B11="","",ROUND(AVERAGE(L11,R11,X11),0)) | AG11: =IF(B11="","",ROUND(STDEV(L11,R11,X11),0)) | AH11: =IF(B11="","",(AG11/AF11)) | AI11: =IF(B11="","",ROUND(GEOMEAN((J11,P11,V11)),0)) | AJ11: =IF(B11="","",ROUND(GEOMEAN((L11,R11,X11)),0)) | AK11: =IF(B11="","",(AF11-AG11)) | AL11: =IF(B11="","",(AF11+AG11)) | AM11: =ROUND(AVERAGE(L11,R11,X11),0) -> #DIV/0! | AN11: =AM11*F11 -> #DIV/0! | AO11: =IF(A11="","",ROUND(AVERAGE(J11,P11,V11,AB11),0)) | AP11: =IF(B11="","",ROUND(AVERAGE(L11,R11,X11,AD11),0)) | AQ11: =IF(B11="","",ROUND(STDEV(L11,R11,X11,AD11),0)) | AR11: =IF(B11="","",(AQ11/AP11)) | AS11: =IF(L11="","",ROUND(GEOMEAN((J11,P11,V11,AB11)),0)) | AT11: =IF(L11="","",ROUND(GEOMEAN((L11,R11,X11,AD11)),0)) | AU11: =IF(B11="","",(AP11-AQ11)) | AV11: =IF(B11="","",(AP11+AQ11)) | AW11: =ROUND(AVERAGE(L11,R11,X11,AB11),0) -> 0 | AX11: =AW11*F11 -> 0 | BK11: =IF(BG11="Tabla",(BJ11*BD11*BH11*BI11)," ") | BN11: =IF(BG11="Tabla",BK11,(AVERAGE(BJ11,BL11,BM11)*BI11*BD11)) -> #DIV/0! | CN11: 1
A12: =IF(B12<>"",CN12,"") | I12: =H12*19% -> 0 | J12: =H12+I12 -> 0 | K12: =IF(B12="","",(H12*F12)) | L12: =IF(B12="","",(J12*F12)) | O12: =N12*19% -> 0 | P12: =N12+O12 -> 0 | Q12: =IF(B12="","",(N12*F12)) | R12: =IF(B12="","",(P12*F12)) | U12: =T12*19% -> 0 | V12: =T12+U12 -> 0 | W12: =IF(B12="","",(T12*F12)) | X12: =IF(B12="","",(V12*F12)) | AA12: =Z12*19% -> 0 | AB12: =Z12+AA12 -> 0 | AC12: =IF(E12="","",(Z12*F12)) | AD12: =IF(E12="","",(AB12*F12)) | AE12: =IF(A12="","",ROUND(AVERAGE(J12,P12,V12),0)) | AF12: =IF(B12="","",ROUND(AVERAGE(L12,R12,X12),0)) | AG12: =IF(B12="","",ROUND(STDEV(L12,R12,X12),0)) | AH12: =IF(B12="","",(AG12/AF12)) | AI12: =IF(B12="","",ROUND(GEOMEAN((J12,P12,V12)),0)) | AJ12: =IF(B12="","",ROUND(GEOMEAN((L12,R12,X12)),0)) | AK12: =IF(B12="","",(AF12-AG12)) | AL12: =IF(B12="","",(AF12+AG12)) | AM12: =ROUND(AVERAGE(L12,R12,X12),0) -> #DIV/0! | AN12: =AM12*F12 -> #DIV/0! | AO12: =IF(A12="","",ROUND(AVERAGE(J12,P12,V12,AB12),0)) | AP12: =IF(B12="","",ROUND(AVERAGE(L12,R12,X12,AD12),0)) | AQ12: =IF(B12="","",ROUND(STDEV(L12,R12,X12,AD12),0)) | AR12: =IF(B12="","",(AQ12/AP12)) | AS12: =IF(L12="","",ROUND(GEOMEAN((J12,P12,V12,AB12)),0)) | AT12: =IF(L12="","",ROUND(GEOMEAN((L12,R12,X12,AD12)),0)) | AU12: =IF(B12="","",(AP12-AQ12)) | AV12: =IF(B12="","",(AP12+AQ12)) | AW12: =ROUND(AVERAGE(L12,R12,X12,AB12),0) -> 0 | AX12: =AW12*F12 -> 0 | BK12: =IF(BG12="Tabla",(BJ12*BD12*BH12*BI12)," ") | BN12: =IF(BG12="Tabla",BK12,(AVERAGE(BJ12,BL12,BM12)*BI12*BD12)) -> #DIV/0! | CN12: 2
A13: =IF(B13<>"",CN13,"") | I13: =H13*19% -> 0 | J13: =H13+I13 -> 0 | K13: =IF(B13="","",(H13*F13)) | L13: =IF(B13="","",(J13*F13)) | O13: =N13*19% -> 0 | P13: =N13+O13 -> 0 | Q13: =IF(B13="","",(N13*F13)) | R13: =IF(B13="","",(P13*F13)) | U13: =T13*19% -> 0 | V13: =T13+U13 -> 0 | W13: =IF(B13="","",(T13*F13)) | X13: =IF(B13="","",(V13*F13)) | AA13: =Z13*19% -> 0 | AB13: =Z13+AA13 -> 0 | AC13: =IF(E13="","",(Z13*F13)) | AD13: =IF(E13="","",(AB13*F13)) | AE13: =IF(A13="","",ROUND(AVERAGE(J13,P13,V13),0)) | AF13: =IF(B13="","",ROUND(AVERAGE(L13,R13,X13),0)) | AG13: =IF(B13="","",ROUND(STDEV(L13,R13,X13),0)) | AH13: =IF(B13="","",(AG13/AF13)) | AI13: =IF(B13="","",ROUND(GEOMEAN((J13,P13,V13)),0)) | AJ13: =IF(B13="","",ROUND(GEOMEAN((L13,R13,X13)),0)) | AK13: =IF(B13="","",(AF13-AG13)) | AL13: =IF(B13="","",(AF13+AG13)) | AM13: =ROUND(AVERAGE(L13,R13,X13),0) -> #DIV/0! | AN13: =AM13*F13 -> #DIV/0! | AO13: =IF(A13="","",ROUND(AVERAGE(J13,P13,V13,AB13),0)) | AP13: =IF(B13="","",ROUND(AVERAGE(L13,R13,X13,AD13),0)) | AQ13: =IF(B13="","",ROUND(STDEV(L13,R13,X13,AD13),0)) | AR13: =IF(B13="","",(AQ13/AP13)) | AS13: =IF(L13="","",ROUND(GEOMEAN((J13,P13,V13,AB13)),0)) | AT13: =IF(L13="","",ROUND(GEOMEAN((L13,R13,X13,AD13)),0)) | AU13: =IF(B13="","",(AP13-AQ13)) | AV13: =IF(B13="","",(AP13+AQ13)) | AW13: =ROUND(AVERAGE(L13,R13,X13,AB13),0) -> 0 | AX13: =AW13*F13 -> 0 | BK13: =IF(BG13="Tabla",(BJ13*BD13*BH13*BI13)," ") | BN13: =IF(BG13="Tabla",BK13,(AVERAGE(BJ13,BL13,BM13)*BI13*BD13)) -> #DIV/0! | CN13: 3
A14: =IF(B14<>"",CN14,"") | I14: =H14*19% -> 0 | J14: =H14+I14 -> 0 | K14: =IF(B14="","",(H14*F14)) | L14: =IF(B14="","",(J14*F14)) | O14: =N14*19% -> 0 | P14: =N14+O14 -> 0 | Q14: =IF(B14="","",(N14*F14)) | R14: =IF(B14="","",(P14*F14)) | U14: =T14*19% -> 0 | V14: =T14+U14 -> 0 | W14: =IF(B14="","",(T14*F14)) | X14: =IF(B14="","",(V14*F14)) | AA14: =Z14*19% -> 0 | AB14: =Z14+AA14 -> 0 | AC14: =IF(E14="","",(Z14*F14)) | AD14: =IF(E14="","",(AB14*F14)) | AE14: =IF(A14="","",ROUND(AVERAGE(J14,P14,V14),0)) | AF14: =IF(B14="","",ROUND(AVERAGE(L14,R14,X14),0)) | AG14: =IF(B14="","",ROUND(STDEV(L14,R14,X14),0)) | AH14: =IF(B14="","",(AG14/AF14)) | AI14: =IF(B14="","",ROUND(GEOMEAN((J14,P14,V14)),0)) | AJ14: =IF(B14="","",ROUND(GEOMEAN((L14,R14,X14)),0)) | AK14: =IF(B14="","",(AF14-AG14)) | AL14: =IF(B14="","",(AF14+AG14)) | AM14: =ROUND(AVERAGE(L14,R14,X14),0) -> #DIV/0! | AN14: =AM14*F14 -> #DIV/0! | AO14: =IF(A14="","",ROUND(AVERAGE(J14,P14,V14,AB14),0)) | AP14: =IF(B14="","",ROUND(AVERAGE(L14,R14,X14,AD14),0)) | AQ14: =IF(B14="","",ROUND(STDEV(L14,R14,X14,AD14),0)) | AR14: =IF(B14="","",(AQ14/AP14)) | AS14: =IF(L14="","",ROUND(GEOMEAN((J14,P14,V14,AB14)),0)) | AT14: =IF(L14="","",ROUND(GEOMEAN((L14,R14,X14,AD14)),0)) | AU14: =IF(B14="","",(AP14-AQ14)) | AV14: =IF(B14="","",(AP14+AQ14)) | AW14: =ROUND(AVERAGE(L14,R14,X14,AB14),0) -> 0 | AX14: =AW14*F14 -> 0 | BK14: =IF(BG14="Tabla",(BJ14*BD14*BH14*BI14)," ") | BN14: =IF(BG14="Tabla",BK14,(AVERAGE(BJ14,BL14,BM14)*BI14*BD14)) -> #DIV/0! | CN14: 4
A15: =IF(B15<>"",CN15,"") | I15: =H15*19% -> 0 | J15: =H15+I15 -> 0 | K15: =IF(B15="","",(H15*F15)) | L15: =IF(B15="","",(J15*F15)) | O15: =N15*19% -> 0 | P15: =N15+O15 -> 0 | Q15: =IF(B15="","",(N15*F15)) | R15: =IF(B15="","",(P15*F15)) | U15: =T15*19% -> 0 | V15: =T15+U15 -> 0 | W15: =IF(B15="","",(T15*F15)) | X15: =IF(B15="","",(V15*F15)) | AA15: =Z15*19% -> 0 | AB15: =Z15+AA15 -> 0 | AC15: =IF(E15="","",(Z15*F15)) | AD15: =IF(E15="","",(AB15*F15)) | AE15: =IF(A15="","",ROUND(AVERAGE(J15,P15,V15),0)) | AF15: =IF(B15="","",ROUND(AVERAGE(L15,R15,X15),0)) | AG15: =IF(B15="","",ROUND(STDEV(L15,R15,X15),0)) | AH15: =IF(B15="","",(AG15/AF15)) | AI15: =IF(B15="","",ROUND(GEOMEAN((J15,P15,V15)),0)) | AJ15: =IF(B15="","",ROUND(GEOMEAN((L15,R15,X15)),0)) | AK15: =IF(B15="","",(AF15-AG15)) | AL15: =IF(B15="","",(AF15+AG15)) | AM15: =ROUND(AVERAGE(L15,R15,X15),0) -> #DIV/0! | AN15: =AM15*F15 -> #DIV/0! | AO15: =IF(A15="","",ROUND(AVERAGE(J15,P15,V15,AB15),0)) | AP15: =IF(B15="","",ROUND(AVERAGE(L15,R15,X15,AD15),0)) | AQ15: =IF(B15="","",ROUND(STDEV(L15,R15,X15,AD15),0)) | AR15: =IF(B15="","",(AQ15/AP15)) | AS15: =IF(L15="","",ROUND(GEOMEAN((J15,P15,V15,AB15)),0)) | AT15: =IF(L15="","",ROUND(GEOMEAN((L15,R15,X15,AD15)),0)) | AU15: =IF(B15="","",(AP15-AQ15)) | AV15: =IF(B15="","",(AP15+AQ15)) | AW15: =ROUND(AVERAGE(L15,R15,X15,AB15),0) -> 0 | AX15: =AW15*F15 -> 0 | BK15: =IF(BG15="Tabla",(BJ15*BD15*BH15*BI15)," ") | BN15: =IF(BG15="Tabla",BK15,(AVERAGE(BJ15,BL15,BM15)*BI15*BD15)) -> #DIV/0! | CN15: 5
A16: =IF(B16<>"",CN16,"") | I16: =H16*19% -> 0 | J16: =H16+I16 -> 0 | K16: =IF(B16="","",(H16*F16)) | L16: =IF(B16="","",(J16*F16)) | O16: =N16*19% -> 0 | P16: =N16+O16 -> 0 | Q16: =IF(B16="","",(N16*F16)) | R16: =IF(B16="","",(P16*F16)) | U16: =T16*19% -> 0 | V16: =T16+U16 -> 0 | W16: =IF(B16="","",(T16*F16)) | X16: =IF(B16="","",(V16*F16)) | AA16: =Z16*19% -> 0 | AB16: =Z16+AA16 -> 0 | AC16: =IF(E16="","",(Z16*F16)) | AD16: =IF(E16="","",(AB16*F16)) | AE16: =IF(A16="","",ROUND(AVERAGE(J16,P16,V16),0)) | AF16: =IF(B16="","",ROUND(AVERAGE(L16,R16,X16),0)) | AG16: =IF(B16="","",ROUND(STDEV(L16,R16,X16),0)) | AH16: =IF(B16="","",(AG16/AF16)) | AI16: =IF(B16="","",ROUND(GEOMEAN((J16,P16,V16)),0)) | AJ16: =IF(B16="","",ROUND(GEOMEAN((L16,R16,X16)),0)) | AK16: =IF(B16="","",(AF16-AG16)) | AL16: =IF(B16="","",(AF16+AG16)) | AM16: =ROUND(AVERAGE(L16,R16,X16),0) -> #DIV/0! | AN16: =AM16*F16 -> #DIV/0! | AO16: =IF(A16="","",ROUND(AVERAGE(J16,P16,V16,AB16),0)) | AP16: =IF(B16="","",ROUND(AVERAGE(L16,R16,X16,AD16),0)) | AQ16: =IF(B16="","",ROUND(STDEV(L16,R16,X16,AD16),0)) | AR16: =IF(B16="","",(AQ16/AP16)) | AS16: =IF(L16="","",ROUND(GEOMEAN((J16,P16,V16,AB16)),0)) | AT16: =IF(L16="","",ROUND(GEOMEAN((L16,R16,X16,AD16)),0)) | AU16: =IF(B16="","",(AP16-AQ16)) | AV16: =IF(B16="","",(AP16+AQ16)) | AW16: =ROUND(AVERAGE(L16,R16,X16,AB16),0) -> 0 | AX16: =AW16*F16 -> 0 | BK16: =IF(BG16="Tabla",(BJ16*BD16*BH16*BI16)," ") | BN16: =IF(BG16="Tabla",BK16,(AVERAGE(BJ16,BL16,BM16)*BI16*BD16)) -> #DIV/0! | CN16: 6
A17: =IF(B17<>"",CN17,"") | I17: =H17*19% -> 0 | J17: =H17+I17 -> 0 | K17: =IF(B17="","",(H17*F17)) | L17: =IF(B17="","",(J17*F17)) | O17: =N17*19% -> 0 | P17: =N17+O17 -> 0 | Q17: =IF(B17="","",(N17*F17)) | R17: =IF(B17="","",(P17*F17)) | U17: =T17*19% -> 0 | V17: =T17+U17 -> 0 | W17: =IF(B17="","",(T17*F17)) | X17: =IF(B17="","",(V17*F17)) | AA17: =Z17*19% -> 0 | AB17: =Z17+AA17 -> 0 | AC17: =IF(E17="","",(Z17*F17)) | AD17: =IF(E17="","",(AB17*F17)) | AE17: =IF(A17="","",ROUND(AVERAGE(J17,P17,V17),0)) | AF17: =IF(B17="","",ROUND(AVERAGE(L17,R17,X17),0)) | AG17: =IF(B17="","",ROUND(STDEV(L17,R17,X17),0)) | AH17: =IF(B17="","",(AG17/AF17)) | AI17: =IF(B17="","",ROUND(GEOMEAN((J17,P17,V17)),0)) | AJ17: =IF(B17="","",ROUND(GEOMEAN((L17,R17,X17)),0)) | AK17: =IF(B17="","",(AF17-AG17)) | AL17: =IF(B17="","",(AF17+AG17)) | AM17: =ROUND(AVERAGE(L17,R17,X17),0) -> #DIV/0! | AN17: =AM17*F17 -> #DIV/0! | AO17: =IF(A17="","",ROUND(AVERAGE(J17,P17,V17,AB17),0)) | AP17: =IF(B17="","",ROUND(AVERAGE(L17,R17,X17,AD17),0)) | AQ17: =IF(B17="","",ROUND(STDEV(L17,R17,X17,AD17),0)) | AR17: =IF(B17="","",(AQ17/AP17)) | AS17: =IF(L17="","",ROUND(GEOMEAN((J17,P17,V17,AB17)),0)) | AT17: =IF(L17="","",ROUND(GEOMEAN((L17,R17,X17,AD17)),0)) | AU17: =IF(B17="","",(AP17-AQ17)) | AV17: =IF(B17="","",(AP17+AQ17)) | AW17: =ROUND(AVERAGE(L17,R17,X17,AB17),0) -> 0 | AX17: =AW17*F17 -> 0 | BK17: =IF(BG17="Tabla",(BJ17*BD17*BH17*BI17)," ") | BN17: =IF(BG17="Tabla",BK17,(AVERAGE(BJ17,BL17,BM17)*BI17*BD17)) -> #DIV/0! | CN17: 7
A18: =IF(B18<>"",CN18,"") | I18: =H18*19% -> 0 | J18: =H18+I18 -> 0 | K18: =IF(B18="","",(H18*F18)) | L18: =IF(B18="","",(J18*F18)) | O18: =N18*19% -> 0 | P18: =N18+O18 -> 0 | Q18: =IF(B18="","",(N18*F18)) | R18: =IF(B18="","",(P18*F18)) | U18: =T18*19% -> 0 | V18: =T18+U18 -> 0 | W18: =IF(B18="","",(T18*F18)) | X18: =IF(B18="","",(V18*F18)) | AA18: =Z18*19% -> 0 | AB18: =Z18+AA18 -> 0 | AC18: =IF(E18="","",(Z18*F18)) | AD18: =IF(E18="","",(AB18*F18)) | AE18: =IF(A18="","",ROUND(AVERAGE(J18,P18,V18),0)) | AF18: =IF(B18="","",ROUND(AVERAGE(L18,R18,X18),0)) | AG18: =IF(B18="","",ROUND(STDEV(L18,R18,X18),0)) | AH18: =IF(B18="","",(AG18/AF18)) | AI18: =IF(B18="","",ROUND(GEOMEAN((J18,P18,V18)),0)) | AJ18: =IF(B18="","",ROUND(GEOMEAN((L18,R18,X18)),0)) | AK18: =IF(B18="","",(AF18-AG18)) | AL18: =IF(B18="","",(AF18+AG18)) | AM18: =ROUND(AVERAGE(L18,R18,X18),0) -> #DIV/0! | AN18: =AM18*F18 -> #DIV/0! | AO18: =IF(A18="","",ROUND(AVERAGE(J18,P18,V18,AB18),0)) | AP18: =IF(B18="","",ROUND(AVERAGE(L18,R18,X18,AD18),0)) | AQ18: =IF(B18="","",ROUND(STDEV(L18,R18,X18,AD18),0)) | AR18: =IF(B18="","",(AQ18/AP18)) | AS18: =IF(L18="","",ROUND(GEOMEAN((J18,P18,V18,AB18)),0)) | AT18: =IF(L18="","",ROUND(GEOMEAN((L18,R18,X18,AD18)),0)) | AU18: =IF(B18="","",(AP18-AQ18)) | AV18: =IF(B18="","",(AP18+AQ18)) | AW18: =ROUND(AVERAGE(L18,R18,X18,AB18),0) -> 0 | AX18: =AW18*F18 -> 0 | BK18: =IF(BG18="Tabla",(BJ18*BD18*BH18*BI18)," ") | BN18: =IF(BG18="Tabla",BK18,(AVERAGE(BJ18,BL18,BM18)*BI18*BD18)) -> #DIV/0! | CN18: 8
A19: =IF(B19<>"",CN19,"") | I19: =H19*19% -> 0 | J19: =H19+I19 -> 0 | K19: =IF(B19="","",(H19*F19)) | L19: =IF(B19="","",(J19*F19)) | O19: =N19*19% -> 0 | P19: =N19+O19 -> 0 | Q19: =IF(B19="","",(N19*F19)) | R19: =IF(B19="","",(P19*F19)) | U19: =T19*19% -> 0 | V19: =T19+U19 -> 0 | W19: =IF(B19="","",(T19*F19)) | X19: =IF(B19="","",(V19*F19)) | AA19: =Z19*19% -> 0 | AB19: =Z19+AA19 -> 0 | AC19: =IF(E19="","",(Z19*F19)) | AD19: =IF(E19="","",(AB19*F19)) | AE19: =IF(A19="","",ROUND(AVERAGE(J19,P19,V19),0)) | AF19: =IF(B19="","",ROUND(AVERAGE(L19,R19,X19),0)) | AG19: =IF(B19="","",ROUND(STDEV(L19,R19,X19),0)) | AH19: =IF(B19="","",(AG19/AF19)) | AI19: =IF(B19="","",ROUND(GEOMEAN((J19,P19,V19)),0)) | AJ19: =IF(B19="","",ROUND(GEOMEAN((L19,R19,X19)),0)) | AK19: =IF(B19="","",(AF19-AG19)) | AL19: =IF(B19="","",(AF19+AG19)) | AM19: =ROUND(AVERAGE(L19,R19,X19),0) -> #DIV/0! | AN19: =AM19*F19 -> #DIV/0! | AO19: =IF(A19="","",ROUND(AVERAGE(J19,P19,V19,AB19),0)) | AP19: =IF(B19="","",ROUND(AVERAGE(L19,R19,X19,AD19),0)) | AQ19: =IF(B19="","",ROUND(STDEV(L19,R19,X19,AD19),0)) | AR19: =IF(B19="","",(AQ19/AP19)) | AS19: =IF(L19="","",ROUND(GEOMEAN((J19,P19,V19,AB19)),0)) | AT19: =IF(L19="","",ROUND(GEOMEAN((L19,R19,X19,AD19)),0)) | AU19: =IF(B19="","",(AP19-AQ19)) | AV19: =IF(B19="","",(AP19+AQ19)) | AW19: =ROUND(AVERAGE(L19,R19,X19,AB19),0) -> 0 | AX19: =AW19*F19 -> 0 | BK19: =IF(BG19="Tabla",(BJ19*BD19*BH19*BI19)," ") | BN19: =IF(BG19="Tabla",BK19,(AVERAGE(BJ19,BL19,BM19)*BI19*BD19)) -> #DIV/0! | CN19: 9
A20: =IF(B20<>"",CN20,"") | I20: =H20*19% -> 0 | J20: =H20+I20 -> 0 | K20: =IF(B20="","",(H20*F20)) | L20: =IF(B20="","",(J20*F20)) | O20: =N20*19% -> 0 | P20: =N20+O20 -> 0 | Q20: =IF(B20="","",(N20*F20)) | R20: =IF(B20="","",(P20*F20)) | U20: =T20*19% -> 0 | V20: =T20+U20 -> 0 | W20: =IF(B20="","",(T20*F20)) | X20: =IF(B20="","",(V20*F20)) | AA20: =Z20*19% -> 0 | AB20: =Z20+AA20 -> 0 | AC20: =IF(E20="","",(Z20*F20)) | AD20: =IF(E20="","",(AB20*F20)) | AE20: =IF(A20="","",ROUND(AVERAGE(J20,P20,V20),0)) | AF20: =IF(B20="","",ROUND(AVERAGE(L20,R20,X20),0)) | AG20: =IF(B20="","",ROUND(STDEV(L20,R20,X20),0)) | AH20: =IF(B20="","",(AG20/AF20)) | AI20: =IF(B20="","",ROUND(GEOMEAN((J20,P20,V20)),0)) | AJ20: =IF(B20="","",ROUND(GEOMEAN((L20,R20,X20)),0)) | AK20: =IF(B20="","",(AF20-AG20)) | AL20: =IF(B20="","",(AF20+AG20)) | AM20: =ROUND(AVERAGE(L20,R20,X20),0) -> #DIV/0! | AN20: =AM20*F20 -> #DIV/0! | AO20: =IF(A20="","",ROUND(AVERAGE(J20,P20,V20,AB20),0)) | AP20: =IF(B20="","",ROUND(AVERAGE(L20,R20,X20,AD20),0)) | AQ20: =IF(B20="","",ROUND(STDEV(L20,R20,X20,AD20),0)) | AR20: =IF(B20="","",(AQ20/AP20)) | AS20: =IF(L20="","",ROUND(GEOMEAN((J20,P20,V20,AB20)),0)) | AT20: =IF(L20="","",ROUND(GEOMEAN((L20,R20,X20,AD20)),0)) | AU20: =IF(B20="","",(AP20-AQ20)) | AV20: =IF(B20="","",(AP20+AQ20)) | AW20: =ROUND(AVERAGE(L20,R20,X20,AB20),0) -> 0 | AX20: =AW20*F20 -> 0 | BK20: =IF(BG20="Tabla",(BJ20*BD20*BH20*BI20)," ") | BN20: =IF(BG20="Tabla",BK20,(AVERAGE(BJ20,BL20,BM20)*BI20*BD20)) -> #DIV/0! | CN20: 10
A21: =IF(B21<>"",CN21,"") | I21: =H21*19% -> 0 | J21: =H21+I21 -> 0 | K21: =IF(B21="","",(H21*F21)) | L21: =IF(B21="","",(J21*F21)) | O21: =N21*19% -> 0 | P21: =N21+O21 -> 0 | Q21: =IF(B21="","",(N21*F21)) | R21: =IF(B21="","",(P21*F21)) | U21: =T21*19% -> 0 | V21: =T21+U21 -> 0 | W21: =IF(B21="","",(T21*F21)) | X21: =IF(B21="","",(V21*F21)) | AA21: =Z21*19% -> 0 | AB21: =Z21+AA21 -> 0 | AC21: =IF(E21="","",(Z21*F21)) | AD21: =IF(E21="","",(AB21*F21)) | AE21: =IF(A21="","",ROUND(AVERAGE(J21,P21,V21),0)) | AF21: =IF(B21="","",ROUND(AVERAGE(L21,R21,X21),0)) | AG21: =IF(B21="","",ROUND(STDEV(L21,R21,X21),0)) | AH21: =IF(B21="","",(AG21/AF21)) | AI21: =IF(B21="","",ROUND(GEOMEAN((J21,P21,V21)),0)) | AJ21: =IF(B21="","",ROUND(GEOMEAN((L21,R21,X21)),0)) | AK21: =IF(B21="","",(AF21-AG21)) | AL21: =IF(B21="","",(AF21+AG21)) | AM21: =ROUND(AVERAGE(L21,R21,X21),0) -> #DIV/0! | AN21: =AM21*F21 -> #DIV/0! | AO21: =IF(A21="","",ROUND(AVERAGE(J21,P21,V21,AB21),0)) | AP21: =IF(B21="","",ROUND(AVERAGE(L21,R21,X21,AD21),0)) | AQ21: =IF(B21="","",ROUND(STDEV(L21,R21,X21,AD21),0)) | AR21: =IF(B21="","",(AQ21/AP21)) | AS21: =IF(L21="","",ROUND(GEOMEAN((J21,P21,V21,AB21)),0)) | AT21: =IF(L21="","",ROUND(GEOMEAN((L21,R21,X21,AD21)),0)) | AU21: =IF(B21="","",(AP21-AQ21)) | AV21: =IF(B21="","",(AP21+AQ21)) | AW21: =ROUND(AVERAGE(L21,R21,X21,AB21),0) -> 0 | AX21: =AW21*F21 -> 0 | BK21: =IF(BG21="Tabla",(BJ21*BD21*BH21*BI21)," ") | BN21: =IF(BG21="Tabla",BK21,(AVERAGE(BJ21,BL21,BM21)*BI21*BD21)) -> #DIV/0! | CN21: 11
A22: =IF(B22<>"",CN22,"") | I22: =H22*19% -> 0 | J22: =H22+I22 -> 0 | K22: =IF(B22="","",(H22*F22)) | L22: =IF(B22="","",(J22*F22)) | O22: =N22*19% -> 0 | P22: =N22+O22 -> 0 | Q22: =IF(B22="","",(N22*F22)) | R22: =IF(B22="","",(P22*F22)) | U22: =T22*19% -> 0 | V22: =T22+U22 -> 0 | W22: =IF(B22="","",(T22*F22)) | X22: =IF(B22="","",(V22*F22)) | AA22: =Z22*19% -> 0 | AB22: =Z22+AA22 -> 0 | AC22: =IF(E22="","",(Z22*F22)) | AD22: =IF(E22="","",(AB22*F22)) | AE22: =IF(A22="","",ROUND(AVERAGE(J22,P22,V22),0)) | AF22: =IF(B22="","",ROUND(AVERAGE(L22,R22,X22),0)) | AG22: =IF(B22="","",ROUND(STDEV(L22,R22,X22),0)) | AH22: =IF(B22="","",(AG22/AF22)) | AI22: =IF(B22="","",ROUND(GEOMEAN((J22,P22,V22)),0)) | AJ22: =IF(B22="","",ROUND(GEOMEAN((L22,R22,X22)),0)) | AK22: =IF(B22="","",(AF22-AG22)) | AL22: =IF(B22="","",(AF22+AG22)) | AM22: =ROUND(AVERAGE(L22,R22,X22),0) -> #DIV/0! | AN22: =AM22*F22 -> #DIV/0! | AO22: =IF(A22="","",ROUND(AVERAGE(J22,P22,V22,AB22),0)) | AP22: =IF(B22="","",ROUND(AVERAGE(L22,R22,X22,AD22),0)) | AQ22: =IF(B22="","",ROUND(STDEV(L22,R22,X22,AD22),0)) | AR22: =IF(B22="","",(AQ22/AP22)) | AS22: =IF(L22="","",ROUND(GEOMEAN((J22,P22,V22,AB22)),0)) | AT22: =IF(L22="","",ROUND(GEOMEAN((L22,R22,X22,AD22)),0)) | AU22: =IF(B22="","",(AP22-AQ22)) | AV22: =IF(B22="","",(AP22+AQ22)) | AW22: =ROUND(AVERAGE(L22,R22,X22,AB22),0) -> 0 | AX22: =AW22*F22 -> 0 | BK22: =IF(BG22="Tabla",(BJ22*BD22*BH22*BI22)," ") | BN22: =IF(BG22="Tabla",BK22,(AVERAGE(BJ22,BL22,BM22)*BI22*BD22)) -> #DIV/0! | CN22: 12
... A36: =IF(B36<>"",CN36,"") | I36: =H36*19% -> 0 | J36: =H36+I36 -> 0 | K36: =IF(B36="","",(H36*F36)) | L36: =IF(B36="","",(J36*F36)) | O36: =N36*19% -> 0 | P36: =N36+O36 -> 0 | Q36: =IF(B36="","",(N36*F36)) | R36: =IF(B36="","",(P36*F36)) | U36: =T36*19% -> 0 | V36: =T36+U36 -> 0 | W36: =IF(B36="","",(T36*F36)) | X36: =IF(B36="","",(V36*F36)) | AA36: =Z36*19% -> 0 | AB36: =Z36+AA36 -> 0 | AC36: =IF(E36="","",(Z36*F36)) | AD36: =IF(E36="","",(AB36*F36)) | AE36: =IF(A36="","",ROUND(AVERAGE(J36,P36,V36),0)) | AF36: =IF(B36="","",ROUND(AVERAGE(L36,R36,X36),0)) | AG36: =IF(B36="","",ROUND(STDEV(L36,R36,X36),0)) | AH36: =IF(B36="","",(AG36/AF36)) | AI36: =IF(B36="","",ROUND(GEOMEAN((J36,P36,V36)),0)) | AJ36: =IF(B36="","",ROUND(GEOMEAN((L36,R36,X36)),0)) | AK36: =IF(B36="","",(AF36-AG36)) | AL36: =IF(B36="","",(AF36+AG36)) | AM36: =ROUND(AVERAGE(L36,R36,X36),0) -> #DIV/0! | AN36: =AM36*F36 -> #DIV/0! | AO36: =IF(A36="","",ROUND(AVERAGE(J36,P36,V36,AB36),0)) | AP36: =IF(B36="","",ROUND(AVERAGE(L36,R36,X36,AD36),0)) | AQ36: =IF(B36="","",ROUND(STDEV(L36,R36,X36,AD36),0)) | AR36: =IF(B36="","",(AQ36/AP36)) | AS36: =IF(L36="","",ROUND(GEOMEAN((J36,P36,V36,AB36)),0)) | AT36: =IF(L36="","",ROUND(GEOMEAN((L36,R36,X36,AD36)),0)) | AU36: =IF(B36="","",(AP36-AQ36)) | AV36: =IF(B36="","",(AP36+AQ36)) | AW36: =ROUND(AVERAGE(L36,R36,X36,AB36),0) -> 0 | AX36: =AW36*F36 -> 0 | BK36: =IF(BG36="Tabla",(BJ36*BD36*BH36*BI36)," ") | BN36: =IF(BG36="Tabla",BK36,(AVERAGE(BJ36,BL36,BM36)*BI36*BD36)) -> #DIV/0! | CN36: 26
A37: =IF(B37<>"",CN37,"") | I37: =H37*19% -> 0 | J37: =H37+I37 -> 0 | K37: =IF(B37="","",(H37*F37)) | L37: =IF(B37="","",(J37*F37)) | O37: =N37*19% -> 0 | P37: =N37+O37 -> 0 | Q37: =IF(B37="","",(N37*F37)) | R37: =IF(B37="","",(P37*F37)) | U37: =T37*19% -> 0 | V37: =T37+U37 -> 0 | W37: =IF(B37="","",(T37*F37)) | X37: =IF(B37="","",(V37*F37)) | AA37: =Z37*19% -> 0 | AB37: =Z37+AA37 -> 0 | AC37: =IF(E37="","",(Z37*F37)) | AD37: =IF(E37="","",(AB37*F37)) | AE37: =IF(A37="","",ROUND(AVERAGE(J37,P37,V37),0)) | AF37: =IF(B37="","",ROUND(AVERAGE(L37,R37,X37),0)) | AG37: =IF(B37="","",ROUND(STDEV(L37,R37,X37),0)) | AH37: =IF(B37="","",(AG37/AF37)) | AI37: =IF(B37="","",ROUND(GEOMEAN((J37,P37,V37)),0)) | AJ37: =IF(B37="","",ROUND(GEOMEAN((L37,R37,X37)),0)) | AK37: =IF(B37="","",(AF37-AG37)) | AL37: =IF(B37="","",(AF37+AG37)) | AM37: =ROUND(AVERAGE(L37,R37,X37),0) -> #DIV/0! | AN37: =AM37*F37 -> #DIV/0! | AO37: =IF(A37="","",ROUND(AVERAGE(J37,P37,V37,AB37),0)) | AP37: =IF(B37="","",ROUND(AVERAGE(L37,R37,X37,AD37),0)) | AQ37: =IF(B37="","",ROUND(STDEV(L37,R37,X37,AD37),0)) | AR37: =IF(B37="","",(AQ37/AP37)) | AS37: =IF(L37="","",ROUND(GEOMEAN((J37,P37,V37,AB37)),0)) | AT37: =IF(L37="","",ROUND(GEOMEAN((L37,R37,X37,AD37)),0)) | AU37: =IF(B37="","",(AP37-AQ37)) | AV37: =IF(B37="","",(AP37+AQ37)) | AW37: =ROUND(AVERAGE(L37,R37,X37,AB37),0) -> 0 | AX37: =AW37*F37 -> 0 | BF37: Valor total Recurso Humano | BN37: =SUM(BN11:BN36) -> #DIV/0! | CN37: 27
A38: =IF(B38<>"",CN38,"") | I38: =H38*19% -> 0 | J38: =H38+I38 -> 0 | K38: =IF(B38="","",(H38*F38)) | L38: =IF(B38="","",(J38*F38)) | O38: =N38*19% -> 0 | P38: =N38+O38 -> 0 | Q38: =IF(B38="","",(N38*F38)) | R38: =IF(B38="","",(P38*F38)) | U38: =T38*19% -> 0 | V38: =T38+U38 -> 0 | W38: =IF(B38="","",(T38*F38)) | X38: =IF(B38="","",(V38*F38)) | AA38: =Z38*19% -> 0 | AB38: =Z38+AA38 -> 0 | AC38: =IF(E38="","",(Z38*F38)) | AD38: =IF(E38="","",(AB38*F38)) | AE38: =IF(A38="","",ROUND(AVERAGE(J38,P38,V38),0)) | AF38: =IF(B38="","",ROUND(AVERAGE(L38,R38,X38),0)) | AG38: =IF(B38="","",ROUND(STDEV(L38,R38,X38),0)) | AH38: =IF(B38="","",(AG38/AF38)) | AI38: =IF(B38="","",ROUND(GEOMEAN((J38,P38,V38)),0)) | AJ38: =IF(B38="","",ROUND(GEOMEAN((L38,R38,X38)),0)) | AK38: =IF(B38="","",(AF38-AG38)) | AL38: =IF(B38="","",(AF38+AG38)) | AM38: =ROUND(AVERAGE(L38,R38,X38),0) -> #DIV/0! | AN38: =AM38*F38 -> #DIV/0! | AO38: =IF(A38="","",ROUND(AVERAGE(J38,P38,V38,AB38),0)) | AP38: =IF(B38="","",ROUND(AVERAGE(L38,R38,X38,AD38),0)) | AQ38: =IF(B38="","",ROUND(STDEV(L38,R38,X38,AD38),0)) | AR38: =IF(B38="","",(AQ38/AP38)) | AS38: =IF(L38="","",ROUND(GEOMEAN((J38,P38,V38,AB38)),0)) | AT38: =IF(L38="","",ROUND(GEOMEAN((L38,R38,X38,AD38)),0)) | AU38: =IF(B38="","",(AP38-AQ38)) | AV38: =IF(B38="","",(AP38+AQ38)) | AW38: =ROUND(AVERAGE(L38,R38,X38,AB38),0) -> 0 | AX38: =AW38*F38 -> 0 | CN38: 28
A39: =IF(B39<>"",CN39,"") | I39: =H39*19% -> 0 | J39: =H39+I39 -> 0 | K39: =IF(B39="","",(H39*F39)) | L39: =IF(B39="","",(J39*F39)) | O39: =N39*19% -> 0 | P39: =N39+O39 -> 0 | Q39: =IF(B39="","",(N39*F39)) | R39: =IF(B39="","",(P39*F39)) | U39: =T39*19% -> 0 | V39: =T39+U39 -> 0 | W39: =IF(B39="","",(T39*F39)) | X39: =IF(B39="","",(V39*F39)) | AA39: =Z39*19% -> 0 | AB39: =Z39+AA39 -> 0 | AC39: =IF(E39="","",(Z39*F39)) | AD39: =IF(E39="","",(AB39*F39)) | AE39: =IF(A39="","",ROUND(AVERAGE(J39,P39,V39),0)) | AF39: =IF(B39="","",ROUND(AVERAGE(L39,R39,X39),0)) | AG39: =IF(B39="","",ROUND(STDEV(L39,R39,X39),0)) | AH39: =IF(B39="","",(AG39/AF39)) | AI39: =IF(B39="","",ROUND(GEOMEAN((J39,P39,V39)),0)) | AJ39: =IF(B39="","",ROUND(GEOMEAN((L39,R39,X39)),0)) | AK39: =IF(B39="","",(AF39-AG39)) | AL39: =IF(B39="","",(AF39+AG39)) | AM39: =ROUND(AVERAGE(L39,R39,X39),0) -> #DIV/0! | AN39: =AM39*F39 -> #DIV/0! | AO39: =IF(A39="","",ROUND(AVERAGE(J39,P39,V39,AB39),0)) | AP39: =IF(B39="","",ROUND(AVERAGE(L39,R39,X39,AD39),0)) | AQ39: =IF(B39="","",ROUND(STDEV(L39,R39,X39,AD39),0)) | AR39: =IF(B39="","",(AQ39/AP39)) | AS39: =IF(L39="","",ROUND(GEOMEAN((J39,P39,V39,AB39)),0)) | AT39: =IF(L39="","",ROUND(GEOMEAN((L39,R39,X39,AD39)),0)) | AU39: =IF(B39="","",(AP39-AQ39)) | AV39: =IF(B39="","",(AP39+AQ39)) | AW39: =ROUND(AVERAGE(L39,R39,X39,AB39),0) -> 0 | AX39: =AW39*F39 -> 0 | CN39: 29
A40: =IF(B40<>"",CN40,"") | I40: =H40*19% -> 0 | J40: =H40+I40 -> 0 | K40: =IF(B40="","",(H40*F40)) | L40: =IF(B40="","",(J40*F40)) | O40: =N40*19% -> 0 | P40: =N40+O40 -> 0 | Q40: =IF(B40="","",(N40*F40)) | R40: =IF(B40="","",(P40*F40)) | U40: =T40*19% -> 0 | V40: =T40+U40 -> 0 | W40: =IF(B40="","",(T40*F40)) | X40: =IF(B40="","",(V40*F40)) | AA40: =Z40*19% -> 0 | AB40: =Z40+AA40 -> 0 | AC40: =IF(E40="","",(Z40*F40)) | AD40: =IF(E40="","",(AB40*F40)) | AE40: =IF(A40="","",ROUND(AVERAGE(J40,P40,V40),0)) | AF40: =IF(B40="","",ROUND(AVERAGE(L40,R40,X40),0)) | AG40: =IF(B40="","",ROUND(STDEV(L40,R40,X40),0)) | AH40: =IF(B40="","",(AG40/AF40)) | AI40: =IF(B40="","",ROUND(GEOMEAN((J40,P40,V40)),0)) | AJ40: =IF(B40="","",ROUND(GEOMEAN((L40,R40,X40)),0)) | AK40: =IF(B40="","",(AF40-AG40)) | AL40: =IF(B40="","",(AF40+AG40)) | AM40: =ROUND(AVERAGE(L40,R40,X40),0) -> #DIV/0! | AN40: =AM40*F40 -> #DIV/0! | AO40: =IF(A40="","",ROUND(AVERAGE(J40,P40,V40,AB40),0)) | AP40: =IF(B40="","",ROUND(AVERAGE(L40,R40,X40,AD40),0)) | AQ40: =IF(B40="","",ROUND(STDEV(L40,R40,X40,AD40),0)) | AR40: =IF(B40="","",(AQ40/AP40)) | AS40: =IF(L40="","",ROUND(GEOMEAN((J40,P40,V40,AB40)),0)) | AT40: =IF(L40="","",ROUND(GEOMEAN((L40,R40,X40,AD40)),0)) | AU40: =IF(B40="","",(AP40-AQ40)) | AV40: =IF(B40="","",(AP40+AQ40)) | AW40: =ROUND(AVERAGE(L40,R40,X40,AB40),0) -> 0 | AX40: =AW40*F40 -> 0 | CN40: 30
A41: =IF(B41<>"",CN41,"") | I41: =H41*19% -> 0 | J41: =H41+I41 -> 0 | K41: =IF(B41="","",(H41*F41)) | L41: =IF(B41="","",(J41*F41)) | O41: =N41*19% -> 0 | P41: =N41+O41 -> 0 | Q41: =IF(B41="","",(N41*F41)) | R41: =IF(B41="","",(P41*F41)) | U41: =T41*19% -> 0 | V41: =T41+U41 -> 0 | W41: =IF(B41="","",(T41*F41)) | X41: =IF(B41="","",(V41*F41)) | AA41: =Z41*19% -> 0 | AB41: =Z41+AA41 -> 0 | AC41: =IF(E41="","",(Z41*F41)) | AD41: =IF(E41="","",(AB41*F41)) | AE41: =IF(A41="","",ROUND(AVERAGE(J41,P41,V41),0)) | AF41: =IF(B41="","",ROUND(AVERAGE(L41,R41,X41),0)) | AG41: =IF(B41="","",ROUND(STDEV(L41,R41,X41),0)) | AH41: =IF(B41="","",(AG41/AF41)) | AI41: =IF(B41="","",ROUND(GEOMEAN((J41,P41,V41)),0)) | AJ41: =IF(B41="","",ROUND(GEOMEAN((L41,R41,X41)),0)) | AK41: =IF(B41="","",(AF41-AG41)) | AL41: =IF(B41="","",(AF41+AG41)) | AM41: =ROUND(AVERAGE(L41,R41,X41),0) -> #DIV/0! | AN41: =AM41*F41 -> #DIV/0! | AO41: =IF(A41="","",ROUND(AVERAGE(J41,P41,V41,AB41),0)) | AP41: =IF(B41="","",ROUND(AVERAGE(L41,R41,X41,AD41),0)) | AQ41: =IF(B41="","",ROUND(STDEV(L41,R41,X41,AD41),0)) | AR41: =IF(B41="","",(AQ41/AP41)) | AS41: =IF(L41="","",ROUND(GEOMEAN((J41,P41,V41,AB41)),0)) | AT41: =IF(L41="","",ROUND(GEOMEAN((L41,R41,X41,AD41)),0)) | AU41: =IF(B41="","",(AP41-AQ41)) | AV41: =IF(B41="","",(AP41+AQ41)) | AW41: =ROUND(AVERAGE(L41,R41,X41,AB41),0) -> 0 | AX41: =AW41*F41 -> 0 | CN41: 31
A42: =IF(B42<>"",CN42,"") | I42: =H42*19% -> 0 | J42: =H42+I42 -> 0 | K42: =IF(B42="","",(H42*F42)) | L42: =IF(B42="","",(J42*F42)) | O42: =N42*19% -> 0 | P42: =N42+O42 -> 0 | Q42: =IF(B42="","",(N42*F42)) | R42: =IF(B42="","",(P42*F42)) | U42: =T42*19% -> 0 | V42: =T42+U42 -> 0 | W42: =IF(B42="","",(T42*F42)) | X42: =IF(B42="","",(V42*F42)) | AA42: =Z42*19% -> 0 | AB42: =Z42+AA42 -> 0 | AC42: =IF(E42="","",(Z42*F42)) | AD42: =IF(E42="","",(AB42*F42)) | AE42: =IF(A42="","",ROUND(AVERAGE(J42,P42,V42),0)) | AF42: =IF(B42="","",ROUND(AVERAGE(L42,R42,X42),0)) | AG42: =IF(B42="","",ROUND(STDEV(L42,R42,X42),0)) | AH42: =IF(B42="","",(AG42/AF42)) | AI42: =IF(B42="","",ROUND(GEOMEAN((J42,P42,V42)),0)) | AJ42: =IF(B42="","",ROUND(GEOMEAN((L42,R42,X42)),0)) | AK42: =IF(B42="","",(AF42-AG42)) | AL42: =IF(B42="","",(AF42+AG42)) | AM42: =ROUND(AVERAGE(L42,R42,X42),0) -> #DIV/0! | AN42: =AM42*F42 -> #DIV/0! | AO42: =IF(A42="","",ROUND(AVERAGE(J42,P42,V42,AB42),0)) | AP42: =IF(B42="","",ROUND(AVERAGE(L42,R42,X42,AD42),0)) | AQ42: =IF(B42="","",ROUND(STDEV(L42,R42,X42,AD42),0)) | AR42: =IF(B42="","",(AQ42/AP42)) | AS42: =IF(L42="","",ROUND(GEOMEAN((J42,P42,V42,AB42)),0)) | AT42: =IF(L42="","",ROUND(GEOMEAN((L42,R42,X42,AD42)),0)) | AU42: =IF(B42="","",(AP42-AQ42)) | AV42: =IF(B42="","",(AP42+AQ42)) | AW42: =ROUND(AVERAGE(L42,R42,X42,AB42),0) -> 0 | AX42: =AW42*F42 -> 0 | CN42: 32
A43: =IF(B43<>"",CN43,"") | I43: =H43*19% -> 0 | J43: =H43+I43 -> 0 | K43: =IF(B43="","",(H43*F43)) | L43: =IF(B43="","",(J43*F43)) | O43: =N43*19% -> 0 | P43: =N43+O43 -> 0 | Q43: =IF(B43="","",(N43*F43)) | R43: =IF(B43="","",(P43*F43)) | U43: =T43*19% -> 0 | V43: =T43+U43 -> 0 | W43: =IF(B43="","",(T43*F43)) | X43: =IF(B43="","",(V43*F43)) | AA43: =Z43*19% -> 0 | AB43: =Z43+AA43 -> 0 | AC43: =IF(E43="","",(Z43*F43)) | AD43: =IF(E43="","",(AB43*F43)) | AE43: =IF(A43="","",ROUND(AVERAGE(J43,P43,V43),0)) | AF43: =IF(B43="","",ROUND(AVERAGE(L43,R43,X43),0)) | AG43: =IF(B43="","",ROUND(STDEV(L43,R43,X43),0)) | AH43: =IF(B43="","",(AG43/AF43)) | AI43: =IF(B43="","",ROUND(GEOMEAN((J43,P43,V43)),0)) | AJ43: =IF(B43="","",ROUND(GEOMEAN((L43,R43,X43)),0)) | AK43: =IF(B43="","",(AF43-AG43)) | AL43: =IF(B43="","",(AF43+AG43)) | AM43: =ROUND(AVERAGE(L43,R43,X43),0) -> #DIV/0! | AN43: =AM43*F43 -> #DIV/0! | AO43: =IF(A43="","",ROUND(AVERAGE(J43,P43,V43,AB43),0)) | AP43: =IF(B43="","",ROUND(AVERAGE(L43,R43,X43,AD43),0)) | AQ43: =IF(B43="","",ROUND(STDEV(L43,R43,X43,AD43),0)) | AR43: =IF(B43="","",(AQ43/AP43)) | AS43: =IF(L43="","",ROUND(GEOMEAN((J43,P43,V43,AB43)),0)) | AT43: =IF(L43="","",ROUND(GEOMEAN((L43,R43,X43,AD43)),0)) | AU43: =IF(B43="","",(AP43-AQ43)) | AV43: =IF(B43="","",(AP43+AQ43)) | AW43: =ROUND(AVERAGE(L43,R43,X43,AB43),0) -> 0 | AX43: =AW43*F43 -> 0 | CN43: 33
A44: =IF(B44<>"",CN44,"") | I44: =H44*19% -> 0 | J44: =H44+I44 -> 0 | K44: =IF(B44="","",(H44*F44)) | L44: =IF(B44="","",(J44*F44)) | O44: =N44*19% -> 0 | P44: =N44+O44 -> 0 | Q44: =IF(B44="","",(N44*F44)) | R44: =IF(B44="","",(P44*F44)) | U44: =T44*19% -> 0 | V44: =T44+U44 -> 0 | W44: =IF(B44="","",(T44*F44)) | X44: =IF(B44="","",(V44*F44)) | AA44: =Z44*19% -> 0 | AB44: =Z44+AA44 -> 0 | AC44: =IF(E44="","",(Z44*F44)) | AD44: =IF(E44="","",(AB44*F44)) | AE44: =IF(A44="","",ROUND(AVERAGE(J44,P44,V44),0)) | AF44: =IF(B44="","",ROUND(AVERAGE(L44,R44,X44),0)) | AG44: =IF(B44="","",ROUND(STDEV(L44,R44,X44),0)) | AH44: =IF(B44="","",(AG44/AF44)) | AI44: =IF(B44="","",ROUND(GEOMEAN((J44,P44,V44)),0)) | AJ44: =IF(B44="","",ROUND(GEOMEAN((L44,R44,X44)),0)) | AK44: =IF(B44="","",(AF44-AG44)) | AL44: =IF(B44="","",(AF44+AG44)) | AM44: =ROUND(AVERAGE(L44,R44,X44),0) -> #DIV/0! | AN44: =AM44*F44 -> #DIV/0! | AO44: =IF(A44="","",ROUND(AVERAGE(J44,P44,V44,AB44),0)) | AP44: =IF(B44="","",ROUND(AVERAGE(L44,R44,X44,AD44),0)) | AQ44: =IF(B44="","",ROUND(STDEV(L44,R44,X44,AD44),0)) | AR44: =IF(B44="","",(AQ44/AP44)) | AS44: =IF(L44="","",ROUND(GEOMEAN((J44,P44,V44,AB44)),0)) | AT44: =IF(L44="","",ROUND(GEOMEAN((L44,R44,X44,AD44)),0)) | AU44: =IF(B44="","",(AP44-AQ44)) | AV44: =IF(B44="","",(AP44+AQ44)) | AW44: =ROUND(AVERAGE(L44,R44,X44,AB44),0) -> 0 | AX44: =AW44*F44 -> 0 | CN44: 34
A45: =IF(B45<>"",CN45,"") | I45: =H45*19% -> 0 | J45: =H45+I45 -> 0 | K45: =IF(B45="","",(H45*F45)) | L45: =IF(B45="","",(J45*F45)) | O45: =N45*19% -> 0 | P45: =N45+O45 -> 0 | Q45: =IF(B45="","",(N45*F45)) | R45: =IF(B45="","",(P45*F45)) | U45: =T45*19% -> 0 | V45: =T45+U45 -> 0 | W45: =IF(B45="","",(T45*F45)) | X45: =IF(B45="","",(V45*F45)) | AA45: =Z45*19% -> 0 | AB45: =Z45+AA45 -> 0 | AC45: =IF(E45="","",(Z45*F45)) | AD45: =IF(E45="","",(AB45*F45)) | AE45: =IF(A45="","",ROUND(AVERAGE(J45,P45,V45),0)) | AF45: =IF(B45="","",ROUND(AVERAGE(L45,R45,X45),0)) | AG45: =IF(B45="","",ROUND(STDEV(L45,R45,X45),0)) | AH45: =IF(B45="","",(AG45/AF45)) | AI45: =IF(B45="","",ROUND(GEOMEAN((J45,P45,V45)),0)) | AJ45: =IF(B45="","",ROUND(GEOMEAN((L45,R45,X45)),0)) | AK45: =IF(B45="","",(AF45-AG45)) | AL45: =IF(B45="","",(AF45+AG45)) | AM45: =ROUND(AVERAGE(L45,R45,X45),0) -> #DIV/0! | AN45: =AM45*F45 -> #DIV/0! | AO45: =IF(A45="","",ROUND(AVERAGE(J45,P45,V45,AB45),0)) | AP45: =IF(B45="","",ROUND(AVERAGE(L45,R45,X45,AD45),0)) | AQ45: =IF(B45="","",ROUND(STDEV(L45,R45,X45,AD45),0)) | AR45: =IF(B45="","",(AQ45/AP45)) | AS45: =IF(L45="","",ROUND(GEOMEAN((J45,P45,V45,AB45)),0)) | AT45: =IF(L45="","",ROUND(GEOMEAN((L45,R45,X45,AD45)),0)) | AU45: =IF(B45="","",(AP45-AQ45)) | AV45: =IF(B45="","",(AP45+AQ45)) | AW45: =ROUND(AVERAGE(L45,R45,X45,AB45),0) -> 0 | AX45: =AW45*F45 -> 0 | CN45: 35
A46: =IF(B46<>"",CN46,"") | I46: =H46*19% -> 0 | J46: =H46+I46 -> 0 | K46: =IF(B46="","",(H46*F46)) | L46: =IF(B46="","",(J46*F46)) | O46: =N46*19% -> 0 | P46: =N46+O46 -> 0 | Q46: =IF(B46="","",(N46*F46)) | R46: =IF(B46="","",(P46*F46)) | U46: =T46*19% -> 0 | V46: =T46+U46 -> 0 | W46: =IF(B46="","",(T46*F46)) | X46: =IF(B46="","",(V46*F46)) | AA46: =Z46*19% -> 0 | AB46: =Z46+AA46 -> 0 | AC46: =IF(E46="","",(Z46*F46)) | AD46: =IF(E46="","",(AB46*F46)) | AE46: =IF(A46="","",ROUND(AVERAGE(J46,P46,V46),0)) | AF46: =IF(B46="","",ROUND(AVERAGE(L46,R46,X46),0)) | AG46: =IF(B46="","",ROUND(STDEV(L46,R46,X46),0)) | AH46: =IF(B46="","",(AG46/AF46)) | AI46: =IF(B46="","",ROUND(GEOMEAN((J46,P46,V46)),0)) | AJ46: =IF(B46="","",ROUND(GEOMEAN((L46,R46,X46)),0)) | AK46: =IF(B46="","",(AF46-AG46)) | AL46: =IF(B46="","",(AF46+AG46)) | AM46: =ROUND(AVERAGE(L46,R46,X46),0) -> #DIV/0! | AN46: =AM46*F46 -> #DIV/0! | AO46: =IF(A46="","",ROUND(AVERAGE(J46,P46,V46,AB46),0)) | AP46: =IF(B46="","",ROUND(AVERAGE(L46,R46,X46,AD46),0)) | AQ46: =IF(B46="","",ROUND(STDEV(L46,R46,X46,AD46),0)) | AR46: =IF(B46="","",(AQ46/AP46)) | AS46: =IF(L46="","",ROUND(GEOMEAN((J46,P46,V46,AB46)),0)) | AT46: =IF(L46="","",ROUND(GEOMEAN((L46,R46,X46,AD46)),0)) | AU46: =IF(B46="","",(AP46-AQ46)) | AV46: =IF(B46="","",(AP46+AQ46)) | AW46: =ROUND(AVERAGE(L46,R46,X46,AB46),0) -> 0 | AX46: =AW46*F46 -> 0 | BC46: VALOR ESTUDIO DE MERCADO - 3 PROVEEDORES | BK46: VALOR ESTUDIO DE MERCADO | BL46: =SUM(AP98,BN37) -> #DIV/0! | CN46: 36
